Workbook

Sheet Instructions
A2: If you use this STATE and LOCAL COMBINED workbook - you do NOT have to use the other workbooks (STATE only or LOCAL only). This workbook IS BOTH the STATE and LOCAL workbooks combined.
A4: The Annl Cert. Bud-13617 is where the district will enter their beginning STATE/LOCAL budget amounts
A6: The workbook design is to start with an approved STATE/LOCAL budget;
B7: A district would process EITHER a STATE and/or LOCAL amendment to make changes to the budget (if needed - if NOT needed - skip the amendments);
B8: and enter your STATE and/or LOCAL receipts and expenditures into the monthly financials.
B10: AFTER a STATE and/or LOCAL monthly financial is filed, you would use the next available STATE and/or LOCAL amendment form (as needed) to make adjustments to the budget.
B11: DO NOT use an EARLIER amendment tab than the latest monthly financial - (ex - IF you have filed December State and Local Monthly financials, DO NOT use either
C12: budget amendment tabs #1, 2, or 3…. Use budget amendment tab #4 for December adjustments)
A14: The workbook has embedded comments at certain cells that provide information on some budget restrictions/constraints.
B15: Look for the red cell corner | F15: (rest your cursor in the cell to the left to see an example comment.)
A17: TO UPDATE FISCAL YEAR
B18: Modify cell E9 on Annl Cert. Bud-13617 tab (long format required - ex. OCTOBER 1, 2013 - SEPTEMBER 30, 2014)
B19: Modify cell E10 on State Bud Amnd(1)-13613 tab (this will be carried throughout all other tabs in worksheet - ex. 2013-2014)
A22: Revisions
A23: 41508 | B23: New Department seal/logo; Created ability for users to modify fiscal year
A24: 42003 | B24: Updated addresses due to reorg
A25: 42038 | B25: Updated address in Submit To box, form revision date, and program title.
A26: 43675 | B26: Updated address in Submit To box, updated Commissioner and rule reference

Sheet Annl Cert. Bud-13617
C2: Florida Department of Agriculture and Consumer Services
C3: Division of Agricultural Environmental Services
C4: ANNUAL CERTIFIED BUDGET FOR ARTHROPOD CONTROL
C6: Rule 5E-13.027, F.A.C.
C7: Telephone: (850) 617-7911; Fax (850) 617-7939
A9: County or District | D9: FISCAL YEAR: | E9: OCTOBER 1, 2018 - SEPTEMBER 30, 2019
A10: RECEIPTS
A11: Acct # | B11: Description | D11: TOTAL | E11: LOCAL | F11: STATE
A12: 311 | B12: Ad Valorem (Current/Delinquent) | D12: =SUM(E12:F12) -> 0 | E12: 0 | F12: 0
A13: 334.1 | B13: State Grant | D13: =SUM(E13:F13) -> 0 | E13: 0 | F13: 0
A14: 362 | B14: Equipment Rentals | D14: =SUM(E14:F14) -> 0 | E14: 0 | F14: 0
A15: 337 | B15: Grants and Donations | D15: =SUM(E15:F15) -> 0 | E15: 0 | F15: 0
A16: 361 | B16: Interest Earnings | D16: =SUM(E16:F16) -> 0 | E16: 0 | F16: 0
A17: 364 | B17: Equipment and/or Other Sales | D17: =SUM(E17:F17) -> 0 | E17: 0 | F17: 0
A18: 369 | B18: Misc./Refunds (prior yr expenditures) | D18: =SUM(E18:F18) -> 0 | E18: 0 | F18: 0
A19: 380 | B19: Other Sources | D19: =SUM(E19:F19) -> 0 | E19: 0 | F19: 0
A20: 389 | B20: Loans | D20: =SUM(E20:F20) -> 0 | E20: 0 | F20: 0
A21: TOTAL RECEIPTS | D21: =SUM(D12:D20) -> 0 | E21: =SUM(E12:E20) -> 0 | F21: =SUM(F12:F20) -> 0
A22: Beginning Fund Balance | D22: =SUM(E22:F22) -> 0 | E22: 0 | F22: 0
A23: Total Budgetary Receipts & Balances | D23: =SUM(D21:D22) -> 0 | E23: =SUM(E21:E22) -> 0 | F23: =SUM(F21:F22) -> 0
A24: EXPENDITURES
A25: Acct # | B25: Uniform Accounting System Transaction | D25: TOTAL | E25: LOCAL | F25: STATE
A26: 10 | B26: Personal Services | D26: =SUM(E26:F26) -> 0 | E26: 0 | F26: 0
A27: 20 | B27: Personal Services Benefits | D27: =SUM(E27:F27) -> 0 | E27: 0 | F27: 0
A28: 30 | B28: Operating Expense | D28: =SUM(E28:F28) -> 0 | E28: 0 | F28: 0
A29: 40 | B29: Travel & Per Diem | D29: =SUM(E29:F29) -> 0 | E29: 0 | F29: 0
A30: 41 | B30: Communication Serv | D30: =SUM(E30:F30) -> 0 | E30: 0 | F30: 0
A31: 42 | B31: Freight Services | D31: =SUM(E31:F31) -> 0 | E31: 0 | F31: 0
A32: 43 | B32: Utility Service | D32: =SUM(E32:F32) -> 0 | E32: 0 | F32: 0
A33: 44 | B33: Rentals & Leases | D33: =SUM(E33:F33) -> 0 | E33: 0 | F33: 0
A34: 45 | B34: Insurance | D34: =SUM(E34:F34) -> 0 | E34: 0 | F34: 0
A35: 46 | B35: Repairs & Maintenance | D35: =SUM(E35:F35) -> 0 | E35: 0 | F35: 0
A36: 47 | B36: Printing and Binding | D36: =SUM(E36:F36) -> 0 | E36: 0 | F36: 0
A37: 48 | B37: Promotional Activities | D37: =SUM(E37:F37) -> 0 | E37: 0 | F37: 0
... A53: 99 | B53: Payment of Prior Year Accounts | D53: =SUM(E53:F53) -> 0 | E53: 0 | F53: 0
A54: TOTAL BUDGET AND CHANGES | D54: =SUM(D26:D53) -> 0 | E54: =SUM(E26:E53) -> 0 | F54: =SUM(F26:F53) -> 0
A55: 0.001 | B55: Reserves - Future Capital Outlay | D55: =SUM(E55:F55) -> 0 | E55: 0 | F55: 0
A56: 0.002 | B56: Reserves - Self-Insurance | D56: =SUM(E56:F56) -> 0 | E56: 0 | F56: 0
A57: 0.003 | B57: Reserves - Cash Balance to be Carried Forward | D57: =SUM(E57:F57) -> 0 | E57: 0 | F57: 0
A58: 0.004 | B58: Reserves - Sick and Annual Leave Trans Out | D58: =SUM(E58:F58) -> 0 | E58: 0 | F58: 0
A59: TOTAL RESERVES ENDING BALANCE | D59: =SUM(D55:D58) -> 0 | E59: =SUM(E55:E58) -> 0 | F59: =SUM(F55:F58) -> 0
A60: TOTAL BUDGETARY EXPENDITURES AND RESERVES BALANCES | D60: =SUM(D59,D54) -> 0 | E60: =SUM(E59,E54) -> 0 | F60: =SUM(F59,F54) -> 0
A61: ENDING FUND BALANCE | D61: =D23-D60 -> 0 | E61: =E23-E60 -> 0 | F61: =F23-F60 -> 0
A62: I certify that the budget shown was adopted on this_________Day of___________________20____________
A63: SIGNED:___________________________________________
A64: Chairman of the Board, or Clerk of Circuit Court
A65: APPROVED: State of Florida Department of Agriculture and Consumer Services, Mosquito Control Program
A66: SIGNED:___________________________________________
A67: Mosquito Control Program
A68: FDACS-13617 Rev. 07/13

Sheet State Bud Amnd(1)-13613
C1: Florida Department of Agriculture and Consumer Services
C2: Division of Agricultural Environmental Services
C4: ARTHROPOD CONTROL BUDGET AMENDMENT
C6: Rule 5E-13.027, F.A.C.
C7: Telephone: (850) 617-7911; Fax (850) 617-7939
A8: A STATEMENT EXPLAINING AND JUSTIFYING THE PROPOSED CHANGES SHOULD ACCOMPANY EACH APPLICATION FOR BUDGET AMENDMENT. USE PAGE TWO FOR THIS PURPOSE.
A10: Amendment No. | D10: Fiscal Year: | E10: 2018-2019 | F10: Date:
A11: Amending: Local Funds State Funds X (Check appropriate fund account to be amended. Use a separate form for each fund). The
A12: Board of Commissioners for | C12: ='Annl Cert. Bud-13617'!C9 -> 0 | D12: District hereby submits to the Department of Agriculture and Consumer Services,
A13: for its consideration and approval, the following amendment for the current fiscal year as follows:
A14: ESTIMATED RECEIPTS
A15: NOTE: The budget cannot be amended to show an increase in receipts over the amount budgeted unless authorized.
A16: Total Available Cash and Receipts | C16: Reserves | D16: Present Budget | E16: Increase Request | F16: Decrease Request | G16: Revised Budget
A17: =D33 -> 0 | C17: =D70 -> 0 | D17: =D71 -> 0 | E17: =E71 -> 0 | F17: =F71 -> 0 | G17: =G71 -> 0
A18: NAME SOURCE OF INCREASE: (Explain Decrease)
A20: BUDGETED RECEIPTS
A21: ACCT NO | B21: Description | D21: Present Budget | E21: Increase Request | F21: Decrease Request | G21: Revised Budget
A22: 311 | B22: Ad Valorem (Current/Delinquent) | D22: ='Annl Cert. Bud-13617'!F12 -> 0 | E22: 0 | F22: 0 | G22: =D22+E22-F22 -> 0
A23: 334.1 | B23: State Grant | D23: ='Annl Cert. Bud-13617'!F13 -> 0 | E23: 0 | F23: 0 | G23: =D23+E23-F23 -> 0
A24: 362 | B24: Equipment Rentals | D24: ='Annl Cert. Bud-13617'!F14 -> 0 | E24: 0 | F24: 0 | G24: =D24+E24-F24 -> 0
A25: 337 | B25: Grants and Donations | D25: ='Annl Cert. Bud-13617'!F15 -> 0 | E25: 0 | F25: 0 | G25: =D25+E25-F25 -> 0
A26: 361 | B26: Interest Earnings | D26: ='Annl Cert. Bud-13617'!F16 -> 0 | E26: 0 | F26: 0 | G26: =D26+E26-F26 -> 0
A27: 364 | B27: Equipment and/or Other Sales | D27: ='Annl Cert. Bud-13617'!F17 -> 0 | E27: 0 | F27: 0 | G27: =D27+E27-F27 -> 0
A28: 369 | B28: Misc./Refunds (prior yr expenditures) | D28: ='Annl Cert. Bud-13617'!F18 -> 0 | E28: 0 | F28: 0 | G28: =D28+E28-F28 -> 0
A29: 380 | B29: Other Sources | D29: ='Annl Cert. Bud-13617'!F19 -> 0 | E29: 0 | F29: 0 | G29: =D29+E29-F29 -> 0
A30: 389 | B30: Loans | D30: ='Annl Cert. Bud-13617'!F20 -> 0 | E30: 0 | F30: 0 | G30: =D30+E30-F30 -> 0
A31: TOTAL RECEIPTS | D31: =SUM(D22:D30) -> 0 | E31: =SUM(E22:E30) -> 0 | F31: =SUM(F22:F30) -> 0 | G31: =SUM(G22:G30) -> 0
A32: Beginning Fund Balance | D32: ='Annl Cert. Bud-13617'!F22 -> 0 | E32: 0 | F32: 0 | G32: =D32+E32-F32 -> 0
A33: Total Budgetary Receipts & Balances | D33: =SUM(D31:D32) -> 0 | E33: =SUM(E31:E32) -> 0 | F33: =SUM(F31:F32) -> 0 | G33: =SUM(G31:G32) -> 0
A34: BUDGETED EXPENDITURES
A35: NOTE: Total increase must equal total decrease, unless the total "Present Budget" is revised.
A36: ACCT NO | B36: Uniform Accounting System Transaction | D36: Present Budget | E36: Increase Request | F36: Decrease Request | G36: Revised Budget
A37: 10 | B37: Personal Services | D37: ='Annl Cert. Bud-13617'!F26 -> 0 | E37: 0 | F37: 0 | G37: =D37+E37-F37 -> 0
A38: 20 | B38: Personal Services Benefits | D38: ='Annl Cert. Bud-13617'!F27 -> 0 | E38: 0 | F38: 0 | G38: =D38+E38-F38 -> 0
A39: 30 | B39: Operating Expense | D39: ='Annl Cert. Bud-13617'!F28 -> 0 | E39: 0 | F39: 0 | G39: =D39+E39-F39 -> 0
A40: 40 | B40: Travel & Per Diem | D40: ='Annl Cert. Bud-13617'!F29 -> 0 | E40: 0 | F40: 0 | G40: =D40+E40-F40 -> 0
A41: 41 | B41: Communication Services | D41: ='Annl Cert. Bud-13617'!F30 -> 0 | E41: 0 | F41: 0 | G41: =D41+E41-F41 -> 0
A42: 42 | B42: Freight Services | D42: ='Annl Cert. Bud-13617'!F31 -> 0 | E42: 0 | F42: 0 | G42: =D42+E42-F42 -> 0
A43: 43 | B43: Utility Service | D43: ='Annl Cert. Bud-13617'!F32 -> 0 | E43: 0 | F43: 0 | G43: =D43+E43-F43 -> 0
A44: 44 | B44: Rentals & Leases | D44: ='Annl Cert. Bud-13617'!F33 -> 0 | E44: 0 | F44: 0 | G44: =D44+E44-F44 -> 0
A45: 45 | B45: Insurance | D45: ='Annl Cert. Bud-13617'!F34 -> 0 | E45: 0 | F45: 0 | G45: =D45+E45-F45 -> 0
A46: 46 | B46: Repairs & Maintenance | D46: ='Annl Cert. Bud-13617'!F35 -> 0 | E46: 0 | F46: 0 | G46: =D46+E46-F46 -> 0
A47: 47 | B47: Printing and Binding | D47: ='Annl Cert. Bud-13617'!F36 -> 0 | E47: 0 | F47: 0 | G47: =D47+E47-F47 -> 0
A48: 48 | B48: Promotional Activities | D48: ='Annl Cert. Bud-13617'!F37 -> 0 | E48: 0 | F48: 0 | G48: =D48+E48-F48 -> 0
... A64: 99 | B64: Payment of Prior Year Accounts | D64: ='Annl Cert. Bud-13617'!F53 -> 0 | E64: 0 | F64: 0 | G64: =D64+E64-F64 -> 0
A65: TOTAL BUDGET AND CHARGES | D65: =SUM(D37:D64) -> 0 | E65: =SUM(E37:E64) -> 0 | F65: =SUM(F37:F64) -> 0 | G65: =SUM(G37:G64) -> 0
A66: 0.001 | B66: Reserves - Future Capital Outlay | D66: ='Annl Cert. Bud-13617'!F55 -> 0 | E66: 0 | F66: 0 | G66: =D66+E66-F66 -> 0
A67: 0.002 | B67: Reserves - Self-Insurance | D67: ='Annl Cert. Bud-13617'!F56 -> 0 | E67: 0 | F67: 0 | G67: =D67+E67-F67 -> 0
A68: 0.003 | B68: Reserves - Cash Balance to be Carried Forward | D68: ='Annl Cert. Bud-13617'!F57 -> 0 | E68: 0 | F68: 0 | G68: =D68+E68-F68 -> 0
A69: 0.004 | B69: Reserves - Sick and Annual Leave | D69: ='Annl Cert. Bud-13617'!F58 -> 0 | E69: 0 | F69: 0 | G69: =D69+E69-F69 -> 0
A70: TOTAL RESERVES | D70: =SUM(D66:D69) -> 0 | E70: =SUM(E66:E69) -> 0 | F70: =SUM(F66:F69) -> 0 | G70: =SUM(G66:G69) -> 0
A71: TOTAL BUDGETARY EXPENDITURES and BALANCES | D71: =D65+D70 -> 0 | E71: =E65+E70 -> 0 | F71: =F65+F70 -> 0 | G71: =G65+G70 -> 0
A72: ENDING FUND BALANCE | D72: =D33-D71 -> 0 | E72: =E33-E71 -> 0 | F72: =F33-F71 -> 0 | G72: =G33-G71 -> 0
A73: APPROVED:_____________________________________________________ | F73: DATE______________________
B74: Chairman of the Board, or Clerk of Circuit Court
A75: APPROVED:_____________________________________________________ | F75: DATE______________________
B76: Mosquito Control Program
A77: FDACS-13613 Rev. 07/13

Sheet (Oct) State Fin-13650
C1: Florida Department of Agriculture and Consumer Services
C2: Division of Agricultural Environmental Services
C4: MOSQUITO CONTROL MONTHLY REPORT - STATE FUNDS
C6: Rule 5E-13.027, F.A.C.
C7: Telephone: (850) 617-7911; Fax (850) 617-7939
A9: COUNTY/ DISTRICT | C9: ='Annl Cert. Bud-13617'!C9 -> 0 | D9: FISCAL YEAR: | E9: ='State Bud Amnd(1)-13613'!E10 -> 2018-2019 | F9: MONTH: | G9: October
A11: STATE FUNDS RECEIPTS AND BALANCES
A12: ACCT NO | B12: DESCRIPTION | D12: Budgeted | E12: Monthly | F12: Receipts Year | G12: Balance to Be
D13: Receipts | E13: Receipts | F13: to Date | G13: Collected
A14: 311 | B14: Ad Valorem (Current/Delinquent) | D14: ='State Bud Amnd(1)-13613'!G22 -> 0 | E14: 0 | F14: =E14 -> 0 | G14: =D14-F14 -> 0
A15: 334.1 | B15: State Grant | D15: ='State Bud Amnd(1)-13613'!G23 -> 0 | E15: 0 | F15: =E15 -> 0 | G15: =D15-F15 -> 0
A16: 362 | B16: Equipment Rentals | D16: ='State Bud Amnd(1)-13613'!G24 -> 0 | E16: 0 | F16: =E16 -> 0 | G16: =D16-F16 -> 0
A17: 337 | B17: Grants and Donations | D17: ='State Bud Amnd(1)-13613'!G25 -> 0 | E17: 0 | F17: =E17 -> 0 | G17: =D17-F17 -> 0
A18: 361 | B18: Interest Earnings | D18: ='State Bud Amnd(1)-13613'!G26 -> 0 | E18: 0 | F18: =E18 -> 0 | G18: =D18-F18 -> 0
A19: 364 | B19: Equipment and/or Other Sales | D19: ='State Bud Amnd(1)-13613'!G27 -> 0 | E19: 0 | F19: =E19 -> 0 | G19: =D19-F19 -> 0
A20: 369 | B20: Misc./Refunds (prior yr expenditures) | D20: ='State Bud Amnd(1)-13613'!G28 -> 0 | E20: 0 | F20: =E20 -> 0 | G20: =D20-F20 -> 0
A21: 380 | B21: Other Sources | D21: ='State Bud Amnd(1)-13613'!G29 -> 0 | E21: 0 | F21: =E21 -> 0 | G21: =D21-F21 -> 0
A22: 389 | B22: Loans | D22: ='State Bud Amnd(1)-13613'!G30 -> 0 | E22: 0 | F22: =E22 -> 0 | G22: =D22-F22 -> 0
A23: TOTAL RECEIPTS | D23: =SUM(D14:D22) -> 0 | E23: =SUM(E14:E22) -> 0 | F23: =SUM(F14:F22) -> 0 | G23: =SUM(G14:G22) -> 0
A24: BEGINNING FUND BALANCE | D24: ='State Bud Amnd(1)-13613'!G32 -> 0 | E24: 0 | F24: =E24 -> 0 | G24: =D24-F24 -> 0
A25: Total Receipts & Balance | D25: =SUM(D23:D24) -> 0 | E25: =SUM(E23:E24) -> 0 | F25: =SUM(F23:F24) -> 0 | G25: =SUM(G23:G24) -> 0
A27: STATE FUNDS EXPENDITURES AND BALANCES
A28: ACCT NO | B28: Uniform Accounting System Transaction Code | D28: Budgeted | E28: Monthly | F28: Expenditures Year | G28: Balance to Be
D29: Expenditures | E29: Expenditures | F29: to Date | G29: Expended
A30: 10 | B30: Personal Services | D30: ='State Bud Amnd(1)-13613'!G37 -> 0 | E30: 0 | F30: =E30 -> 0 | G30: =D30-F30 -> 0
A31: 20 | B31: Personal Services Benefits | D31: ='State Bud Amnd(1)-13613'!G38 -> 0 | E31: 0 | F31: =E31 -> 0 | G31: =D31-F31 -> 0
A32: 30 | B32: Operating Expense | D32: ='State Bud Amnd(1)-13613'!G39 -> 0 | E32: 0 | F32: =E32 -> 0 | G32: =D32-F32 -> 0
A33: 40 | B33: Travel & Per Diem | D33: ='State Bud Amnd(1)-13613'!G40 -> 0 | E33: 0 | F33: =E33 -> 0 | G33: =D33-F33 -> 0
A34: 41 | B34: Communication Services | D34: ='State Bud Amnd(1)-13613'!G41 -> 0 | E34: 0 | F34: =E34 -> 0 | G34: =D34-F34 -> 0
A35: 42 | B35: Freight Services | D35: ='State Bud Amnd(1)-13613'!G42 -> 0 | E35: 0 | F35: =E35 -> 0 | G35: =D35-F35 -> 0
A36: 43 | B36: Utility Service | D36: ='State Bud Amnd(1)-13613'!G43 -> 0 | E36: 0 | F36: =E36 -> 0 | G36: =D36-F36 -> 0
A37: 44 | B37: Rentals & Leases | D37: ='State Bud Amnd(1)-13613'!G44 -> 0 | E37: 0 | F37: =E37 -> 0 | G37: =D37-F37 -> 0
A38: 45 | B38: Insurance | D38: ='State Bud Amnd(1)-13613'!G45 -> 0 | E38: 0 | F38: =E38 -> 0 | G38: =D38-F38 -> 0
A39: 46 | B39: Repairs & Maintenance | D39: ='State Bud Amnd(1)-13613'!G46 -> 0 | E39: 0 | F39: =E39 -> 0 | G39: =D39-F39 -> 0
A40: 47 | B40: Printing and Binding | D40: ='State Bud Amnd(1)-13613'!G47 -> 0 | E40: 0 | F40: =E40 -> 0 | G40: =D40-F40 -> 0
A41: 48 | B41: Promotional Activities | D41: ='State Bud Amnd(1)-13613'!G48 -> 0 | E41: 0 | F41: =E41 -> 0 | G41: =D41-F41 -> 0
... A57: 99 | B57: Payment of Prior Year Accounts | D57: ='State Bud Amnd(1)-13613'!G64 -> 0 | E57: 0 | F57: =E57 -> 0 | G57: =D57-F57 -> 0
A58: TOTAL BUDGET AND CHARGES | D58: =SUM(D30:D57) -> 0 | E58: =SUM(E30:E57) -> 0 | F58: =SUM(F30:F57) -> 0 | G58: =SUM(G30:G57) -> 0
A59: 0.001 | B59: Reserves - Future Capital Outlay | D59: ='State Bud Amnd(1)-13613'!G66 -> 0 | E59: 0 | F59: =E59 -> 0 | G59: =D59-F59 -> 0
A60: 0.002 | B60: Reserves - Self-Insurance | D60: ='State Bud Amnd(1)-13613'!G67 -> 0 | E60: 0 | F60: =E60 -> 0 | G60: =D60-F60 -> 0
A61: 0.003 | B61: Reserves - Cash Balance to be Carried Forward | D61: ='State Bud Amnd(1)-13613'!G68 -> 0 | E61: 0 | F61: =E61 -> 0 | G61: =D61-F61 -> 0
A62: 0.004 | B62: Reserves - Sick and Annual Leave | D62: ='State Bud Amnd(1)-13613'!G69 -> 0 | E62: 0 | F62: =E62 -> 0 | G62: =D62-F62 -> 0
A63: TOTAL RESERVES ENDING BALANCE | D63: =SUM(D59:D62) -> 0 | E63: =SUM(E59:E62) -> 0 | F63: =SUM(F59:F62) -> 0 | G63: =SUM(G59:G62) -> 0
A64: TOTAL BUDGETARY EXPENDITURES and BALANCES | D64: =SUM(D63,D58) -> 0 | E64: =SUM(E63,E58) -> 0 | F64: =SUM(F58,F63) -> 0 | G64: =SUM(G58,G63) -> 0
A65: ENDING FUND BALANCE | D65: =D25-D64 -> 0 | E65: =E25-E64 -> 0 | F65: =F25-F64 -> 0 | G65: =G25-G64 -> 0
A66: By submission of this monthly report of receipts, expenditures, and balances, I attest it is true and correct.
A69: FDACS-13650 Rev. 07/13 | E69: Director Signature | G69: Date

Sheet State Bud Amnd(2)-13613
C1: Florida Department of Agriculture and Consumer Services
C2: Division of Agricultural Environmental Services
C4: ARTHROPOD CONTROL BUDGET AMENDMENT
C6: Rule 5E-13.027, F.A.C.
C7: Telephone: (850) 617-7911; Fax (850) 617-7939
A9: A STATEMENT EXPLAINING AND JUSTIFYING THE PROPOSED CHANGES SHOULD ACCOMPANY EACH APPLICATION FOR BUDGET AMENDMENT. USE PAGE TWO FOR THIS PURPOSE.
A11: Amendment No. | D11: Fiscal Year: | E11: ='State Bud Amnd(1)-13613'!E10 -> 2018-2019 | F11: Date:
A12: Amending: Local Funds State Funds X (Check appropriate fund account to be amended. Use a separate form for each fund). The
A13: Board of Commissioners for | C13: ='Annl Cert. Bud-13617'!C9 -> 0 | D13: District hereby submits to the Department of Agriculture and Consumer Services,
A14: for its consideration and approval, the following amendment for the current fiscal year as follows:
A15: ESTIMATED RECEIPTS
A16: NOTE: The budget cannot be amended to show an increase in receipts over the amount budgeted unless authorized.
A17: Total Available Cash and Receipts | C17: Reserves | D17: Present Budget | E17: Increase Request | F17: Decrease Request | G17: Revised Budget
A18: =D34 -> 0 | C18: =D71 -> 0 | D18: =D72 -> 0 | E18: =E72 -> 0 | F18: =F72 -> 0 | G18: =G72 -> 0
A19: NAME SOURCE OF INCREASE: (Explain Decrease)
A21: BUDGETED RECEIPTS
A22: ACCT NO | B22: Description | D22: Present Budget | E22: Increase Request | F22: Decrease Request | G22: Revised Budget
A23: 311 | B23: Ad Valorem (Current/Delinquent) | D23: ='State Bud Amnd(1)-13613'!G22 -> 0 | E23: 0 | F23: 0 | G23: =D23+E23-F23 -> 0
A24: 334.1 | B24: State Grant | D24: ='State Bud Amnd(1)-13613'!G23 -> 0 | E24: 0 | F24: 0 | G24: =D24+E24-F24 -> 0
A25: 362 | B25: Equipment Rentals | D25: ='State Bud Amnd(1)-13613'!G24 -> 0 | E25: 0 | F25: 0 | G25: =D25+E25-F25 -> 0
A26: 337 | B26: Grants and Donations | D26: ='State Bud Amnd(1)-13613'!G25 -> 0 | E26: 0 | F26: 0 | G26: =D26+E26-F26 -> 0
A27: 361 | B27: Interest Earnings | D27: ='State Bud Amnd(1)-13613'!G26 -> 0 | E27: 0 | F27: 0 | G27: =D27+E27-F27 -> 0
A28: 364 | B28: Equipment and/or Other Sales | D28: ='State Bud Amnd(1)-13613'!G27 -> 0 | E28: 0 | F28: 0 | G28: =D28+E28-F28 -> 0
A29: 369 | B29: Misc./Refunds (prior yr expenditures) | D29: ='State Bud Amnd(1)-13613'!G28 -> 0 | E29: 0 | F29: 0 | G29: =D29+E29-F29 -> 0
A30: 380 | B30: Other Sources | D30: ='State Bud Amnd(1)-13613'!G29 -> 0 | E30: 0 | F30: 0 | G30: =D30+E30-F30 -> 0
A31: 389 | B31: Loans | D31: ='State Bud Amnd(1)-13613'!G30 -> 0 | E31: 0 | F31: 0 | G31: =D31+E31-F31 -> 0
A32: TOTAL RECEIPTS | D32: =SUM(D23:D31) -> 0 | E32: =SUM(E23:E31) -> 0 | F32: =SUM(F23:F31) -> 0 | G32: =SUM(G23:G31) -> 0
A33: Beginning Fund Balance | D33: ='State Bud Amnd(1)-13613'!G32 -> 0 | E33: 0 | F33: 0 | G33: =D33+E33-F33 -> 0
A34: Total Budgetary Receipts & Balances | D34: =SUM(D32:D33) -> 0 | E34: =SUM(E32:E33) -> 0 | F34: =SUM(F32:F33) -> 0 | G34: =SUM(G32:G33) -> 0
A35: BUDGETED EXPENDITURES
A36: NOTE: Total increase must equal total decrease, unless the total "Present Budget" is revised.
A37: ACCT NO | B37: Uniform Accounting System Transaction | D37: Present Budget | E37: Increase Request | F37: Decrease Request | G37: Revised Budget
A38: 10 | B38: Personal Services | D38: ='State Bud Amnd(1)-13613'!G37 -> 0 | E38: 0 | F38: 0 | G38: =D38+E38-F38 -> 0
A39: 20 | B39: Personal Services Benefits | D39: ='State Bud Amnd(1)-13613'!G38 -> 0 | E39: 0 | F39: 0 | G39: =D39+E39-F39 -> 0
A40: 30 | B40: Operating Expense | D40: ='State Bud Amnd(1)-13613'!G39 -> 0 | E40: 0 | F40: 0 | G40: =D40+E40-F40 -> 0
A41: 40 | B41: Travel & Per Diem | D41: ='State Bud Amnd(1)-13613'!G40 -> 0 | E41: 0 | F41: 0 | G41: =D41+E41-F41 -> 0
A42: 41 | B42: Communication Services | D42: ='State Bud Amnd(1)-13613'!G41 -> 0 | E42: 0 | F42: 0 | G42: =D42+E42-F42 -> 0
A43: 42 | B43: Freight Services | D43: ='State Bud Amnd(1)-13613'!G42 -> 0 | E43: 0 | F43: 0 | G43: =D43+E43-F43 -> 0
A44: 43 | B44: Utility Service | D44: ='State Bud Amnd(1)-13613'!G43 -> 0 | E44: 0 | F44: 0 | G44: =D44+E44-F44 -> 0
A45: 44 | B45: Rentals & Leases | D45: ='State Bud Amnd(1)-13613'!G44 -> 0 | E45: 0 | F45: 0 | G45: =D45+E45-F45 -> 0
A46: 45 | B46: Insurance | D46: ='State Bud Amnd(1)-13613'!G45 -> 0 | E46: 0 | F46: 0 | G46: =D46+E46-F46 -> 0
A47: 46 | B47: Repairs & Maintenance | D47: ='State Bud Amnd(1)-13613'!G46 -> 0 | E47: 0 | F47: 0 | G47: =D47+E47-F47 -> 0
A48: 47 | B48: Printing and Binding | D48: ='State Bud Amnd(1)-13613'!G47 -> 0 | E48: 0 | F48: 0 | G48: =D48+E48-F48 -> 0
A49: 48 | B49: Promotional Activities | D49: ='State Bud Amnd(1)-13613'!G48 -> 0 | E49: 0 | F49: 0 | G49: =D49+E49-F49 -> 0
... A65: 99 | B65: Payment of Prior Year Accounts | D65: ='State Bud Amnd(1)-13613'!G64 -> 0 | E65: 0 | F65: 0 | G65: =D65+E65-F65 -> 0
A66: TOTAL BUDGET AND CHARGES | D66: =SUM(D38:D65) -> 0 | E66: =SUM(E38:E65) -> 0 | F66: =SUM(F38:F65) -> 0 | G66: =SUM(G38:G65) -> 0
A67: 0.001 | B67: Reserves - Future Capital Outlay | D67: ='State Bud Amnd(1)-13613'!G66 -> 0 | E67: 0 | F67: 0 | G67: =D67+E67-F67 -> 0
A68: 0.002 | B68: Reserves - Self-Insurance | D68: ='State Bud Amnd(1)-13613'!G67 -> 0 | E68: 0 | F68: 0 | G68: =D68+E68-F68 -> 0
A69: 0.003 | B69: Reserves - Cash Balance to be Carried Forward | D69: ='State Bud Amnd(1)-13613'!G68 -> 0 | E69: 0 | F69: 0 | G69: =D69+E69-F69 -> 0
A70: 0.004 | B70: Reserves - Sick and Annual Leave | D70: ='State Bud Amnd(1)-13613'!G69 -> 0 | E70: 0 | F70: 0 | G70: =D70+E70-F70 -> 0
A71: TOTAL RESERVES | D71: =SUM(D67:D70) -> 0 | E71: =SUM(E67:E70) -> 0 | F71: =SUM(F67:F70) -> 0 | G71: =SUM(G67:G70) -> 0
A72: TOTAL BUDGETARY EXPENDITURES and BALANCES | D72: =D66+D71 -> 0 | E72: =E66+E71 -> 0 | F72: =F66+F71 -> 0 | G72: =G66+G71 -> 0
A73: ENDING FUND BALANCE | D73: =D34-D72 -> 0 | E73: =E34-E72 -> 0 | F73: =F34-F72 -> 0 | G73: =G34-G72 -> 0
A74: APPROVED:_____________________________________________________ | F74: DATE______________________
B75: Chairman of the Board, or Clerk of Circuit Court
A76: APPROVED:_____________________________________________________ | F76: DATE______________________
B77: Mosquito Control Program
A78: FDACS-13613 Rev. 07/13

Sheet (Nov) State Fin-13650
C1: Florida Department of Agriculture and Consumer Services
C2: Division of Agricultural Environmental Services
C4: MOSQUITO CONTROL MONTHLY REPORT - STATE FUNDS
C6: Rule 5E-13.027, F.A.C.
C7: Telephone: (850) 617-7911; Fax (850) 617-7939
A9: COUNTY/ DISTRICT | C9: ='Annl Cert. Bud-13617'!C9 -> 0 | D9: FISCAL YEAR: | E9: ='State Bud Amnd(1)-13613'!E10 -> 2018-2019 | F9: MONTH: | G9: November
A11: STATE FUNDS RECEIPTS AND BALANCES
A12: ACCT NO | B12: DESCRIPTION | D12: Budgeted | E12: Monthly | F12: Receipts Year | G12: Balance to Be
D13: Receipts | E13: Receipts | F13: to Date | G13: Collected
A14: 311 | B14: Ad Valorem (Current/Delinquent) | D14: ='State Bud Amnd(2)-13613'!G23 -> 0 | E14: 0 | F14: =E14+'(Oct) State Fin-13650'!F14 -> 0 | G14: =D14-F14 -> 0
A15: 334.1 | B15: State Grant | D15: ='State Bud Amnd(2)-13613'!G24 -> 0 | E15: 0 | F15: =E15+'(Oct) State Fin-13650'!F15 -> 0 | G15: =D15-F15 -> 0
A16: 362 | B16: Equipment Rentals | D16: ='State Bud Amnd(2)-13613'!G25 -> 0 | E16: 0 | F16: =E16+'(Oct) State Fin-13650'!F16 -> 0 | G16: =D16-F16 -> 0
A17: 337 | B17: Grants and Donations | D17: ='State Bud Amnd(2)-13613'!G26 -> 0 | E17: 0 | F17: =E17+'(Oct) State Fin-13650'!F17 -> 0 | G17: =D17-F17 -> 0
A18: 361 | B18: Interest Earnings | D18: ='State Bud Amnd(2)-13613'!G27 -> 0 | E18: 0 | F18: =E18+'(Oct) State Fin-13650'!F18 -> 0 | G18: =D18-F18 -> 0
A19: 364 | B19: Equipment and/or Other Sales | D19: ='State Bud Amnd(2)-13613'!G28 -> 0 | E19: 0 | F19: =E19+'(Oct) State Fin-13650'!F19 -> 0 | G19: =D19-F19 -> 0
A20: 369 | B20: Misc/Refunds (prior yr expenditures) | D20: ='State Bud Amnd(2)-13613'!G29 -> 0 | E20: 0 | F20: =E20+'(Oct) State Fin-13650'!F20 -> 0 | G20: =D20-F20 -> 0
A21: 380 | B21: Other Sources | D21: ='State Bud Amnd(2)-13613'!G30 -> 0 | E21: 0 | F21: =E21+'(Oct) State Fin-13650'!F21 -> 0 | G21: =D21-F21 -> 0
A22: 389 | B22: Loans | D22: ='State Bud Amnd(2)-13613'!G31 -> 0 | E22: 0 | F22: =E22+'(Oct) State Fin-13650'!F22 -> 0 | G22: =D22-F22 -> 0
A23: TOTAL RECEIPTS | D23: =SUM(D14:D22) -> 0 | E23: =SUM(E14:E22) -> 0 | F23: =SUM(F14:F22) -> 0 | G23: =SUM(G14:G22) -> 0
A24: BEGINNING FUND BALANCE | D24: ='State Bud Amnd(2)-13613'!G33 -> 0 | E24: 0 | F24: =E24+'(Oct) State Fin-13650'!F24 -> 0 | G24: =D24-F24 -> 0
A25: Total Receipts & Balance | D25: =SUM(D23:D24) -> 0 | E25: =SUM(E23:E24) -> 0 | F25: =SUM(F23:F24) -> 0 | G25: =SUM(G23:G24) -> 0
A27: STATE FUNDS EXPENDITURES AND BALANCES
A28: ACCT NO | B28: Uniform Accounting System Transaction Code | D28: Budgeted | E28: Monthly | F28: Expenditures Year | G28: Balance to Be
D29: Expenditures | E29: Expenditures | F29: to Date | G29: Expended
A30: 10 | B30: Personal Services | D30: ='State Bud Amnd(2)-13613'!G38 -> 0 | E30: 0 | F30: =E30+'(Oct) State Fin-13650'!F30 -> 0 | G30: =D30-F30 -> 0
A31: 20 | B31: Personal Services Benefits | D31: ='State Bud Amnd(2)-13613'!G39 -> 0 | E31: 0 | F31: =E31+'(Oct) State Fin-13650'!F31 -> 0 | G31: =D31-F31 -> 0
A32: 30 | B32: Operating Expense | D32: ='State Bud Amnd(2)-13613'!G40 -> 0 | E32: 0 | F32: =E32+'(Oct) State Fin-13650'!F32 -> 0 | G32: =D32-F32 -> 0
A33: 40 | B33: Travel & Per Diem | D33: ='State Bud Amnd(2)-13613'!G41 -> 0 | E33: 0 | F33: =E33+'(Oct) State Fin-13650'!F33 -> 0 | G33: =D33-F33 -> 0
A34: 41 | B34: Communication Services | D34: ='State Bud Amnd(2)-13613'!G42 -> 0 | E34: 0 | F34: =E34+'(Oct) State Fin-13650'!F34 -> 0 | G34: =D34-F34 -> 0
A35: 42 | B35: Freight Services | D35: ='State Bud Amnd(2)-13613'!G43 -> 0 | E35: 0 | F35: =E35+'(Oct) State Fin-13650'!F35 -> 0 | G35: =D35-F35 -> 0
A36: 43 | B36: Utility Service | D36: ='State Bud Amnd(2)-13613'!G44 -> 0 | E36: 0 | F36: =E36+'(Oct) State Fin-13650'!F36 -> 0 | G36: =D36-F36 -> 0
A37: 44 | B37: Rentals & Leases | D37: ='State Bud Amnd(2)-13613'!G45 -> 0 | E37: 0 | F37: =E37+'(Oct) State Fin-13650'!F37 -> 0 | G37: =D37-F37 -> 0
A38: 45 | B38: Insurance | D38: ='State Bud Amnd(2)-13613'!G46 -> 0 | E38: 0 | F38: =E38+'(Oct) State Fin-13650'!F38 -> 0 | G38: =D38-F38 -> 0
A39: 46 | B39: Repairs & Maintenance | D39: ='State Bud Amnd(2)-13613'!G47 -> 0 | E39: 0 | F39: =E39+'(Oct) State Fin-13650'!F39 -> 0 | G39: =D39-F39 -> 0
A40: 47 | B40: Printing and Binding | D40: ='State Bud Amnd(2)-13613'!G48 -> 0 | E40: 0 | F40: =E40+'(Oct) State Fin-13650'!F40 -> 0 | G40: =D40-F40 -> 0
A41: 48 | B41: Promotional Activities | D41: ='State Bud Amnd(2)-13613'!G49 -> 0 | E41: 0 | F41: =E41+'(Oct) State Fin-13650'!F41 -> 0 | G41: =D41-F41 -> 0
... A57: 99 | B57: Payment of Prior Year Accounts | D57: ='State Bud Amnd(2)-13613'!G65 -> 0 | E57: 0 | F57: =E57+'(Oct) State Fin-13650'!F57 -> 0 | G57: =D57-F57 -> 0
A58: TOTAL BUDGET AND CHARGES | D58: =SUM(D30:D57) -> 0 | E58: =SUM(E30:E57) -> 0 | F58: =SUM(F30:F57) -> 0 | G58: =SUM(G30:G57) -> 0
A59: 0.001 | B59: Reserves - Future Capital Outlay | D59: ='State Bud Amnd(2)-13613'!G67 -> 0 | E59: 0 | F59: =E59+'(Oct) State Fin-13650'!F59 -> 0 | G59: =D59-F59 -> 0
A60: 0.002 | B60: Reserves - Self-Insurance | D60: ='State Bud Amnd(2)-13613'!G68 -> 0 | E60: 0 | F60: =E60+'(Oct) State Fin-13650'!F60 -> 0 | G60: =D60-F60 -> 0
A61: 0.003 | B61: Reserves -Cash Balance to be Carried Forward | D61: ='State Bud Amnd(2)-13613'!G69 -> 0 | E61: 0 | F61: =E61+'(Oct) State Fin-13650'!F61 -> 0 | G61: =D61-F61 -> 0
A62: 0.004 | B62: Reserves - Sick and Annual Leave | D62: ='State Bud Amnd(2)-13613'!G70 -> 0 | E62: 0 | F62: =E62+'(Oct) State Fin-13650'!F62 -> 0 | G62: =D62-F62 -> 0
A63: TOTAL RESERVES ENDING BALANCE | D63: =SUM(D59:D62) -> 0 | E63: =SUM(E59:E62) -> 0 | F63: =SUM(F59:F62) -> 0 | G63: =SUM(G59:G62) -> 0
A64: TOTAL BUDGETARY EXPENDITURES and BALANCES | D64: =SUM(D63,D58) -> 0 | E64: =SUM(E63,E58) -> 0 | F64: =SUM(F58,F63) -> 0 | G64: =SUM(G58,G63) -> 0
A65: ENDING FUND BALANCE | D65: =D25-D64 -> 0 | E65: =E25-E64 -> 0 | F65: =F25-F64 -> 0 | G65: =G25-G64 -> 0
A66: By submission of this monthly report of receipts, expenditures, and balances, I attest it is true and correct.
A69: FDACS-13650 Rev. 07/13 | E69: Director Signature | G69: Date

Sheet State Bud Amnd(3)-13613
C1: Florida Department of Agriculture and Consumer Services
C2: Division of Agricultural Environmental Services
C4: ARTHROPOD CONTROL BUDGET AMENDMENT
C6: Rule 5E-13.027, F.A.C.
C7: Telephone: (850) 617-7911; Fax (850) 617-7939
A9: A STATEMENT EXPLAINING AND JUSTIFYING THE PROPOSED CHANGES SHOULD ACCOMPANY EACH APPLICATION FOR BUDGET AMENDMENT. USE PAGE TWO FOR THIS PURPOSE.
A11: Amendment No. | D11: Fiscal Year: | E11: ='State Bud Amnd(1)-13613'!E10 -> 2018-2019 | F11: Date:
A12: Amending: Local Funds State Funds X (Check appropriate fund account to be amended. Use a separate form for each fund). The
A13: Board of Commissioners for | C13: ='Annl Cert. Bud-13617'!C9 -> 0 | D13: District hereby submits to the Department of Agriculture and Consumer Services,
A14: for its consideration and approval, the following amendment for the current fiscal year as follows:
A15: ESTIMATED RECEIPTS
A16: NOTE: The budget cannot be amended to show an increase in receipts over the amount budgeted unless authorized.
A17: Total Available Cash and Receipts | C17: Reserves | D17: Present Budget | E17: Increase Request | F17: Decrease Request | G17: Revised Budget
A18: =D34 -> 0 | C18: =D71 -> 0 | D18: =D72 -> 0 | E18: =E72 -> 0 | F18: =F72 -> 0 | G18: =G72 -> 0
A19: NAME SOURCE OF INCREASE: (Explain Decrease)
A21: BUDGETED RECEIPTS
A22: ACCT NO | B22: Description | D22: Present Budget | E22: Increase Request | F22: Decrease Request | G22: Revised Budget
A23: 311 | B23: Ad Valorem (Current/Delinquent) | D23: ='State Bud Amnd(2)-13613'!G23 -> 0 | E23: 0 | F23: 0 | G23: =D23+E23-F23 -> 0
A24: 334.1 | B24: State Grant | D24: ='State Bud Amnd(2)-13613'!G24 -> 0 | E24: 0 | F24: 0 | G24: =D24+E24-F24 -> 0
A25: 362 | B25: Equipment Rentals | D25: ='State Bud Amnd(2)-13613'!G25 -> 0 | E25: 0 | F25: 0 | G25: =D25+E25-F25 -> 0
A26: 337 | B26: Grants and Donations | D26: ='State Bud Amnd(2)-13613'!G26 -> 0 | E26: 0 | F26: 0 | G26: =D26+E26-F26 -> 0
A27: 361 | B27: Interest Earnings | D27: ='State Bud Amnd(2)-13613'!G27 -> 0 | E27: 0 | F27: 0 | G27: =D27+E27-F27 -> 0
A28: 364 | B28: Equipment and/or Other Sales | D28: ='State Bud Amnd(2)-13613'!G28 -> 0 | E28: 0 | F28: 0 | G28: =D28+E28-F28 -> 0
A29: 369 | B29: Misc./Refunds (prior yr expenditures) | D29: ='State Bud Amnd(2)-13613'!G29 -> 0 | E29: 0 | F29: 0 | G29: =D29+E29-F29 -> 0
A30: 380 | B30: Other Sources | D30: ='State Bud Amnd(2)-13613'!G30 -> 0 | E30: 0 | F30: 0 | G30: =D30+E30-F30 -> 0
A31: 389 | B31: Loans | D31: ='State Bud Amnd(2)-13613'!G31 -> 0 | E31: 0 | F31: 0 | G31: =D31+E31-F31 -> 0
A32: TOTAL RECEIPTS | D32: =SUM(D23:D31) -> 0 | E32: =SUM(E23:E31) -> 0 | F32: =SUM(F23:F31) -> 0 | G32: =SUM(G23:G31) -> 0
A33: Beginning Fund Balance | D33: ='State Bud Amnd(2)-13613'!G33 -> 0 | E33: 0 | F33: 0 | G33: =D33+E33-F33 -> 0
A34: Total Budgetary Receipts & Balances | D34: =SUM(D32:D33) -> 0 | E34: =SUM(E32:E33) -> 0 | F34: =SUM(F32:F33) -> 0 | G34: =SUM(G32:G33) -> 0
A35: BUDGETED EXPENDITURES
A36: NOTE: Total increase must equal total decrease, unless the total "Present Budget" is revised.
A37: ACCT NO | B37: Uniform Accounting System Transaction | D37: Present Budget | E37: Increase Request | F37: Decrease Request | G37: Revised Budget
A38: 10 | B38: Personal Services | D38: ='State Bud Amnd(2)-13613'!G38 -> 0 | E38: 0 | F38: 0 | G38: =D38+E38-F38 -> 0
A39: 20 | B39: Personal Services Benefits | D39: ='State Bud Amnd(2)-13613'!G39 -> 0 | E39: 0 | F39: 0 | G39: =D39+E39-F39 -> 0
A40: 30 | B40: Operating Expense | D40: ='State Bud Amnd(2)-13613'!G40 -> 0 | E40: 0 | F40: 0 | G40: =D40+E40-F40 -> 0
A41: 40 | B41: Travel & Per Diem | D41: ='State Bud Amnd(2)-13613'!G41 -> 0 | E41: 0 | F41: 0 | G41: =D41+E41-F41 -> 0
A42: 41 | B42: Communication Services | D42: ='State Bud Amnd(2)-13613'!G42 -> 0 | E42: 0 | F42: 0 | G42: =D42+E42-F42 -> 0
A43: 42 | B43: Freight Services | D43: ='State Bud Amnd(2)-13613'!G43 -> 0 | E43: 0 | F43: 0 | G43: =D43+E43-F43 -> 0
A44: 43 | B44: Utility Service | D44: ='State Bud Amnd(2)-13613'!G44 -> 0 | E44: 0 | F44: 0 | G44: =D44+E44-F44 -> 0
A45: 44 | B45: Rentals & Leases | D45: ='State Bud Amnd(2)-13613'!G45 -> 0 | E45: 0 | F45: 0 | G45: =D45+E45-F45 -> 0
A46: 45 | B46: Insurance | D46: ='State Bud Amnd(2)-13613'!G46 -> 0 | E46: 0 | F46: 0 | G46: =D46+E46-F46 -> 0
A47: 46 | B47: Repairs & Maintenance | D47: ='State Bud Amnd(2)-13613'!G47 -> 0 | E47: 0 | F47: 0 | G47: =D47+E47-F47 -> 0
A48: 47 | B48: Printing and Binding | D48: ='State Bud Amnd(2)-13613'!G48 -> 0 | E48: 0 | F48: 0 | G48: =D48+E48-F48 -> 0
A49: 48 | B49: Promotional Activities | D49: ='State Bud Amnd(2)-13613'!G49 -> 0 | E49: 0 | F49: 0 | G49: =D49+E49-F49 -> 0
... A65: 99 | B65: Payment of Prior Year Accounts | D65: ='State Bud Amnd(2)-13613'!G65 -> 0 | E65: 0 | F65: 0 | G65: =D65+E65-F65 -> 0
A66: TOTAL BUDGET AND CHARGES | D66: =SUM(D38:D65) -> 0 | E66: =SUM(E38:E65) -> 0 | F66: =SUM(F38:F65) -> 0 | G66: =SUM(G38:G65) -> 0
A67: 0.001 | B67: Reserves - Future Capital Outlay | D67: ='State Bud Amnd(2)-13613'!G67 -> 0 | E67: 0 | F67: 0 | G67: =D67+E67-F67 -> 0
A68: 0.002 | B68: Reserves - Self-Insurance | D68: ='State Bud Amnd(2)-13613'!G68 -> 0 | E68: 0 | F68: 0 | G68: =D68+E68-F68 -> 0
A69: 0.003 | B69: Reserves - Cash Balance to be Carried Forward | D69: ='State Bud Amnd(2)-13613'!G69 -> 0 | E69: 0 | F69: 0 | G69: =D69+E69-F69 -> 0
A70: 0.004 | B70: Reserves - Sick and Annual Leave | D70: ='State Bud Amnd(2)-13613'!G70 -> 0 | E70: 0 | F70: 0 | G70: =D70+E70-F70 -> 0
A71: TOTAL RESERVES | D71: =SUM(D67:D70) -> 0 | E71: =SUM(E67:E70) -> 0 | F71: =SUM(F67:F70) -> 0 | G71: =SUM(G67:G70) -> 0
A72: TOTAL BUDGETARY EXPENDITURES and BALANCES | D72: =D66+D71 -> 0 | E72: =E66+E71 -> 0 | F72: =F66+F71 -> 0 | G72: =G66+G71 -> 0
A73: ENDING FUND BALANCE | D73: =D34-D72 -> 0 | E73: =E34-E72 -> 0 | F73: =F34-F72 -> 0 | G73: =G34-G72 -> 0
A74: APPROVED:_____________________________________________________ | F74: DATE______________________
B75: Chairman of the Board, or Clerk of Circuit Court
A76: APPROVED:_____________________________________________________ | F76: DATE______________________
B77: Mosquito Control Program
A78: FDACS-13613 Rev. 07/13
A79: NICOLE "NIKKI" FRIED
A80: COMMISSIONER

Sheet (Dec) State Fin-13650
C1: Florida Department of Agriculture and Consumer Services
C2: Division of Agricultural Environmental Services
C4: MOSQUITO CONTROL MONTHLY REPORT - STATE FUNDS
C6: Rule 5E-13.027, F.A.C.
C7: Telephone: (850) 617-7911; Fax (850) 617-7939
A9: COUNTY/ DISTRICT | C9: ='Annl Cert. Bud-13617'!C9 -> 0 | D9: FISCAL YEAR: | E9: ='State Bud Amnd(1)-13613'!E10 -> 2018-2019 | F9: MONTH: | G9: December
A11: STATE FUNDS RECEIPTS AND BALANCES
A12: ACCT NO | B12: DESCRIPTION | D12: Budgeted | E12: Monthly | F12: Receipts Year | G12: Balance to Be
D13: Receipts | E13: Receipts | F13: to Date | G13: Collected
A14: 311 | B14: Ad Valorem (Current/Delinquent) | D14: ='State Bud Amnd(3)-13613'!G23 -> 0 | E14: 0 | F14: =E14+'(Nov) State Fin-13650'!F14 -> 0 | G14: =D14-F14 -> 0
A15: 334.1 | B15: State Grant | D15: ='State Bud Amnd(3)-13613'!G24 -> 0 | E15: 0 | F15: =E15+'(Nov) State Fin-13650'!F15 -> 0 | G15: =D15-F15 -> 0
A16: 362 | B16: Equipment Rentals | D16: ='State Bud Amnd(3)-13613'!G25 -> 0 | E16: 0 | F16: =E16+'(Nov) State Fin-13650'!F16 -> 0 | G16: =D16-F16 -> 0
A17: 337 | B17: Grants and Donations | D17: ='State Bud Amnd(3)-13613'!G26 -> 0 | E17: 0 | F17: =E17+'(Nov) State Fin-13650'!F17 -> 0 | G17: =D17-F17 -> 0
A18: 361 | B18: Interest Earnings | D18: ='State Bud Amnd(3)-13613'!G27 -> 0 | E18: 0 | F18: =E18+'(Nov) State Fin-13650'!F18 -> 0 | G18: =D18-F18 -> 0
A19: 364 | B19: Equipment and/or Other Sales | D19: ='State Bud Amnd(3)-13613'!G28 -> 0 | E19: 0 | F19: =E19+'(Nov) State Fin-13650'!F19 -> 0 | G19: =D19-F19 -> 0
A20: 369 | B20: Misc./Refunds (prior yr expenditures) | D20: ='State Bud Amnd(3)-13613'!G29 -> 0 | E20: 0 | F20: =E20+'(Nov) State Fin-13650'!F20 -> 0 | G20: =D20-F20 -> 0
A21: 380 | B21: Other Sources | D21: ='State Bud Amnd(3)-13613'!G30 -> 0 | E21: 0 | F21: =E21+'(Nov) State Fin-13650'!F21 -> 0 | G21: =D21-F21 -> 0
A22: 389 | B22: Loans | D22: ='State Bud Amnd(3)-13613'!G31 -> 0 | E22: 0 | F22: =E22+'(Nov) State Fin-13650'!F22 -> 0 | G22: =D22-F22 -> 0
A23: TOTAL RECEIPTS | D23: =SUM(D14:D22) -> 0 | E23: =SUM(E14:E22) -> 0 | F23: =SUM(F14:F22) -> 0 | G23: =SUM(G14:G22) -> 0
A24: BEGINNING FUND BALANCE | D24: ='State Bud Amnd(3)-13613'!G33 -> 0 | E24: 0 | F24: =E24+'(Nov) State Fin-13650'!F24 -> 0 | G24: =D24-F24 -> 0
A25: Total Receipts & Balance | D25: =SUM(D23:D24) -> 0 | E25: =SUM(E23:E24) -> 0 | F25: =SUM(F23:F24) -> 0 | G25: =SUM(G23:G24) -> 0
A27: STATE FUNDS EXPENDITURES AND BALANCES
A28: ACCT NO | B28: Uniform Accounting System Transaction Code | D28: Budgeted | E28: Monthly | F28: Expenditures Year | G28: Balance to Be
D29: Expenditures | E29: Expenditures | F29: to Date | G29: Expended
A30: 10 | B30: Personal Services | D30: ='State Bud Amnd(3)-13613'!G38 -> 0 | E30: 0 | F30: =E30+'(Nov) State Fin-13650'!F30 -> 0 | G30: =D30-F30 -> 0
A31: 20 | B31: Personal Services Benefits | D31: ='State Bud Amnd(3)-13613'!G39 -> 0 | E31: 0 | F31: =E31+'(Nov) State Fin-13650'!F31 -> 0 | G31: =D31-F31 -> 0
A32: 30 | B32: Operating Expense | D32: ='State Bud Amnd(3)-13613'!G40 -> 0 | E32: 0 | F32: =E32+'(Nov) State Fin-13650'!F32 -> 0 | G32: =D32-F32 -> 0
A33: 40 | B33: Travel & Per Diem | D33: ='State Bud Amnd(3)-13613'!G41 -> 0 | E33: 0 | F33: =E33+'(Nov) State Fin-13650'!F33 -> 0 | G33: =D33-F33 -> 0
A34: 41 | B34: Communication Services | D34: ='State Bud Amnd(3)-13613'!G42 -> 0 | E34: 0 | F34: =E34+'(Nov) State Fin-13650'!F34 -> 0 | G34: =D34-F34 -> 0
A35: 42 | B35: Freight Services | D35: ='State Bud Amnd(3)-13613'!G43 -> 0 | E35: 0 | F35: =E35+'(Nov) State Fin-13650'!F35 -> 0 | G35: =D35-F35 -> 0
A36: 43 | B36: Utility Service | D36: ='State Bud Amnd(3)-13613'!G44 -> 0 | E36: 0 | F36: =E36+'(Nov) State Fin-13650'!F36 -> 0 | G36: =D36-F36 -> 0
A37: 44 | B37: Rentals & Leases | D37: ='State Bud Amnd(3)-13613'!G45 -> 0 | E37: 0 | F37: =E37+'(Nov) State Fin-13650'!F37 -> 0 | G37: =D37-F37 -> 0
A38: 45 | B38: Insurance | D38: ='State Bud Amnd(3)-13613'!G46 -> 0 | E38: 0 | F38: =E38+'(Nov) State Fin-13650'!F38 -> 0 | G38: =D38-F38 -> 0
A39: 46 | B39: Repairs & Maintenance | D39: ='State Bud Amnd(3)-13613'!G47 -> 0 | E39: 0 | F39: =E39+'(Nov) State Fin-13650'!F39 -> 0 | G39: =D39-F39 -> 0
A40: 47 | B40: Printing and Binding | D40: ='State Bud Amnd(3)-13613'!G48 -> 0 | E40: 0 | F40: =E40+'(Nov) State Fin-13650'!F40 -> 0 | G40: =D40-F40 -> 0
A41: 48 | B41: Promotional Activities | D41: ='State Bud Amnd(3)-13613'!G49 -> 0 | E41: 0 | F41: =E41+'(Nov) State Fin-13650'!F41 -> 0 | G41: =D41-F41 -> 0
... A57: 99 | B57: Payment of Prior Year Accounts | D57: ='State Bud Amnd(3)-13613'!G65 -> 0 | E57: 0 | F57: =E57+'(Nov) State Fin-13650'!F57 -> 0 | G57: =D57-F57 -> 0
A58: TOTAL BUDGET AND CHARGES | D58: =SUM(D30:D57) -> 0 | E58: =SUM(E30:E57) -> 0 | F58: =SUM(F30:F57) -> 0 | G58: =SUM(G30:G57) -> 0
A59: 0.001 | B59: Reserves - Future Capital Outlay | D59: ='State Bud Amnd(3)-13613'!G67 -> 0 | E59: 0 | F59: =E59+'(Nov) State Fin-13650'!F59 -> 0 | G59: =D59-F59 -> 0
A60: 0.002 | B60: Reserves - Self-Insurance | D60: ='State Bud Amnd(3)-13613'!G68 -> 0 | E60: 0 | F60: =E60+'(Nov) State Fin-13650'!F60 -> 0 | G60: =D60-F60 -> 0
A61: 0.003 | B61: Reserves - Cash Balance to be Carried Forward | D61: ='State Bud Amnd(3)-13613'!G69 -> 0 | E61: 0 | F61: =E61+'(Nov) State Fin-13650'!F61 -> 0 | G61: =D61-F61 -> 0
A62: 0.004 | B62: Reserves - Sick and Annual Leave | D62: ='State Bud Amnd(3)-13613'!G70 -> 0 | E62: 0 | F62: =E62+'(Nov) State Fin-13650'!F62 -> 0 | G62: =D62-F62 -> 0
A63: TOTAL RESERVES ENDING BALANCE | D63: =SUM(D59:D62) -> 0 | E63: =SUM(E59:E62) -> 0 | F63: =SUM(F59:F62) -> 0 | G63: =SUM(G59:G62) -> 0
A64: TOTAL BUDGETARY EXPENDITURES and BALANCES | D64: =SUM(D63,D58) -> 0 | E64: =SUM(E63,E58) -> 0 | F64: =SUM(F58,F63) -> 0 | G64: =SUM(G58,G63) -> 0
A65: ENDING FUND BALANCE | D65: =D25-D64 -> 0 | E65: =E25-E64 -> 0 | F65: =F25-F64 -> 0 | G65: =G25-G64 -> 0
A66: By submission of this monthly report of receipts, expenditures, and balances, I attest it is true and correct.
A69: FDACS-13650 Rev. 07/13 | E69: Director Signature | G69: Date

Sheet State Bud Amnd(4)-13613
C1: Florida Department of Agriculture and Consumer Services
C2: Division of Agricultural Environmental Services
C4: ARTHROPOD CONTROL BUDGET AMENDMENT
C6: Rule 5E-13.027, F.A.C.
C7: Telephone: (850) 617-7911; Fax (850) 617-7939
A9: A STATEMENT EXPLAINING AND JUSTIFYING THE PROPOSED CHANGES SHOULD ACCOMPANY EACH APPLICATION FOR BUDGET AMENDMENT. USE PAGE TWO FOR THIS PURPOSE.
A11: Amendment No. | D11: Fiscal Year: | E11: ='State Bud Amnd(1)-13613'!E10 -> 2018-2019 | F11: Date:
A12: Amending: Local Funds State Funds X (Check appropriate fund account to be amended. Use a separate form for each fund). The
A13: Board of Commissioners for | C13: ='Annl Cert. Bud-13617'!C9 -> 0 | D13: District hereby submits to the Department of Agriculture and Consumer Services,
A14: for its consideration and approval, the following amendment for the current fiscal year as follows:
A15: ESTIMATED RECEIPTS
A16: NOTE: The budget cannot be amended to show an increase in receipts over the amount budgeted unless authorized.
A17: Total Available Cash and Receipts | C17: Reserves | D17: Present Budget | E17: Increase Request | F17: Decrease Request | G17: Revised Budget
A18: =D34 -> 0 | C18: =D71 -> 0 | D18: =D72 -> 0 | E18: =E72 -> 0 | F18: =F72 -> 0 | G18: =G72 -> 0
A19: NAME SOURCE OF INCREASE: (Explain Decrease)
A21: BUDGETED RECEIPTS
A22: ACCT NO | B22: Description | D22: Present Budget | E22: Increase Request | F22: Decrease Request | G22: Revised Budget
A23: 311 | B23: Ad Valorem (Current/Delinquent) | D23: ='State Bud Amnd(3)-13613'!G23 -> 0 | E23: 0 | F23: 0 | G23: =D23+E23-F23 -> 0
A24: 334.1 | B24: State Grant | D24: ='State Bud Amnd(3)-13613'!G24 -> 0 | E24: 0 | F24: 0 | G24: =D24+E24-F24 -> 0
A25: 362 | B25: Equipment Rentals | D25: ='State Bud Amnd(3)-13613'!G25 -> 0 | E25: 0 | F25: 0 | G25: =D25+E25-F25 -> 0
A26: 337 | B26: Grants and Donations | D26: ='State Bud Amnd(3)-13613'!G26 -> 0 | E26: 0 | F26: 0 | G26: =D26+E26-F26 -> 0
A27: 361 | B27: Interest Earnings | D27: ='State Bud Amnd(3)-13613'!G27 -> 0 | E27: 0 | F27: 0 | G27: =D27+E27-F27 -> 0
A28: 364 | B28: Equipment and/or Other Sales | D28: ='State Bud Amnd(3)-13613'!G28 -> 0 | E28: 0 | F28: 0 | G28: =D28+E28-F28 -> 0
A29: 369 | B29: Misc./Refunds (prior yr expenditures) | D29: ='State Bud Amnd(3)-13613'!G29 -> 0 | E29: 0 | F29: 0 | G29: =D29+E29-F29 -> 0
A30: 380 | B30: Other Sources | D30: ='State Bud Amnd(3)-13613'!G30 -> 0 | E30: 0 | F30: 0 | G30: =D30+E30-F30 -> 0
A31: 389 | B31: Loans | D31: ='State Bud Amnd(3)-13613'!G31 -> 0 | E31: 0 | F31: 0 | G31: =D31+E31-F31 -> 0
A32: TOTAL RECEIPTS | D32: ='State Bud Amnd(3)-13613'!G32 -> 0 | E32: =SUM(E23:E31) -> 0 | F32: =SUM(F23:F31) -> 0 | G32: =SUM(G23:G31) -> 0
A33: Beginning Fund Balance | D33: ='State Bud Amnd(3)-13613'!G33 -> 0 | E33: 0 | F33: 0 | G33: =D33+E33-F33 -> 0
A34: Total Budgetary Receipts & Balances | D34: ='State Bud Amnd(3)-13613'!G34 -> 0 | E34: =SUM(E32:E33) -> 0 | F34: =SUM(F32:F33) -> 0 | G34: =SUM(G32:G33) -> 0
A35: BUDGETED EXPENDITURES
A36: NOTE: Total increase must equal total decrease, unless the total "Present Budget" is revised.
A37: ACCT NO | B37: Uniform Accounting System Transaction | D37: Present Budget | E37: Increase Request | F37: Decrease Request | G37: Revised Budget
A38: 10 | B38: Personal Services | D38: ='State Bud Amnd(3)-13613'!G38 -> 0 | E38: 0 | F38: 0 | G38: =D38+E38-F38 -> 0
A39: 20 | B39: Personal Services Benefits | D39: ='State Bud Amnd(3)-13613'!G39 -> 0 | E39: 0 | F39: 0 | G39: =D39+E39-F39 -> 0
A40: 30 | B40: Operating Expense | D40: ='State Bud Amnd(3)-13613'!G40 -> 0 | E40: 0 | F40: 0 | G40: =D40+E40-F40 -> 0
A41: 40 | B41: Travel & Per Diem | D41: ='State Bud Amnd(3)-13613'!G41 -> 0 | E41: 0 | F41: 0 | G41: =D41+E41-F41 -> 0
A42: 41 | B42: Communication Services | D42: ='State Bud Amnd(3)-13613'!G42 -> 0 | E42: 0 | F42: 0 | G42: =D42+E42-F42 -> 0
A43: 42 | B43: Freight Services | D43: ='State Bud Amnd(3)-13613'!G43 -> 0 | E43: 0 | F43: 0 | G43: =D43+E43-F43 -> 0
A44: 43 | B44: Utility Service | D44: ='State Bud Amnd(3)-13613'!G44 -> 0 | E44: 0 | F44: 0 | G44: =D44+E44-F44 -> 0
A45: 44 | B45: Rentals & Leases | D45: ='State Bud Amnd(3)-13613'!G45 -> 0 | E45: 0 | F45: 0 | G45: =D45+E45-F45 -> 0
A46: 45 | B46: Insurance | D46: ='State Bud Amnd(3)-13613'!G46 -> 0 | E46: 0 | F46: 0 | G46: =D46+E46-F46 -> 0
A47: 46 | B47: Repairs & Maintenance | D47: ='State Bud Amnd(3)-13613'!G47 -> 0 | E47: 0 | F47: 0 | G47: =D47+E47-F47 -> 0
A48: 47 | B48: Printing and Binding | D48: ='State Bud Amnd(3)-13613'!G48 -> 0 | E48: 0 | F48: 0 | G48: =D48+E48-F48 -> 0
A49: 48 | B49: Promotional Activities | D49: ='State Bud Amnd(3)-13613'!G49 -> 0 | E49: 0 | F49: 0 | G49: =D49+E49-F49 -> 0
... A65: 99 | B65: Payment of Prior Year Accounts | D65: ='State Bud Amnd(3)-13613'!G65 -> 0 | E65: 0 | F65: 0 | G65: =D65+E65-F65 -> 0
A66: TOTAL BUDGET AND CHARGES | D66: =SUM(D38:D65) -> 0 | E66: =SUM(E38:E65) -> 0 | F66: =SUM(F38:F65) -> 0 | G66: =SUM(G38:G65) -> 0
A67: 0.001 | B67: Reserves - Future Capital Outlay | D67: ='State Bud Amnd(3)-13613'!G67 -> 0 | E67: 0 | F67: 0 | G67: =D67+E67-F67 -> 0
A68: 0.002 | B68: Reserves - Self-Insurance | D68: ='State Bud Amnd(3)-13613'!G68 -> 0 | E68: 0 | F68: 0 | G68: =D68+E68-F68 -> 0
A69: 0.003 | B69: Reserves - Cash Balance to be Carried Forward | D69: ='State Bud Amnd(3)-13613'!G69 -> 0 | E69: 0 | F69: 0 | G69: =D69+E69-F69 -> 0
A70: 0.004 | B70: Reserves - Sick and Annual Leave | D70: ='State Bud Amnd(3)-13613'!G70 -> 0 | E70: 0 | F70: 0 | G70: =D70+E70-F70 -> 0
A71: TOTAL RESERVES | D71: =SUM(D67:D70) -> 0 | E71: =SUM(E67:E70) -> 0 | F71: =SUM(F67:F70) -> 0 | G71: =SUM(G67:G70) -> 0
A72: TOTAL BUDGETARY EXPENDITURES and BALANCES | D72: =D66+D71 -> 0 | E72: =E66+E71 -> 0 | F72: =F66+F71 -> 0 | G72: =G66+G71 -> 0
A73: ENDING FUND BALANCE | D73: =D34-D72 -> 0 | E73: =E34-E72 -> 0 | F73: =F34-F72 -> 0 | G73: =G34-G72 -> 0
A74: APPROVED:_____________________________________________________ | F74: DATE______________________
B75: Chairman of the Board, or Clerk of Circuit Court
A76: APPROVED:_____________________________________________________ | F76: DATE______________________
B77: Mosquito Control Program
A78: FDACS-13613 Rev. 07/13

Sheet (Jan) State Fin-13650
C1: Florida Department of Agriculture and Consumer Services
C2: Division of Agricultural Environmental Services
C4: MOSQUITO CONTROL MONTHLY REPORT - STATE FUNDS
C6: Rule 5E-13.027, F.A.C.
C7: Telephone: (850) 617-7911; Fax (850) 617-7939
A9: COUNTY/ DISTRICT | C9: ='Annl Cert. Bud-13617'!C9 -> 0 | D9: FISCAL YEAR: | E9: ='State Bud Amnd(1)-13613'!E10 -> 2018-2019 | F9: MONTH: | G9: January
A11: STATE FUNDS RECEIPTS AND BALANCES
A12: ACCT NO | B12: DESCRIPTION | D12: Budgeted | E12: Monthly | F12: Receipts Year | G12: Balance to Be
D13: Receipts | E13: Receipts | F13: to Date | G13: Collected
A14: 311 | B14: Ad Valorem (Current/Delinquent) | D14: ='State Bud Amnd(4)-13613'!G23 -> 0 | E14: 0 | F14: =E14+'(Dec) State Fin-13650'!F14 -> 0 | G14: =D14-F14 -> 0
A15: 334.1 | B15: State Grant | D15: ='State Bud Amnd(4)-13613'!G24 -> 0 | E15: 0 | F15: =E15+'(Dec) State Fin-13650'!F15 -> 0 | G15: =D15-F15 -> 0
A16: 362 | B16: Equipment Rentals | D16: ='State Bud Amnd(4)-13613'!G25 -> 0 | E16: 0 | F16: =E16+'(Dec) State Fin-13650'!F16 -> 0 | G16: =D16-F16 -> 0
A17: 337 | B17: Grants and Donations | D17: ='State Bud Amnd(4)-13613'!G26 -> 0 | E17: 0 | F17: =E17+'(Dec) State Fin-13650'!F17 -> 0 | G17: =D17-F17 -> 0
A18: 361 | B18: Interest Earnings | D18: ='State Bud Amnd(4)-13613'!G27 -> 0 | E18: 0 | F18: =E18+'(Dec) State Fin-13650'!F18 -> 0 | G18: =D18-F18 -> 0
A19: 364 | B19: Equipment and/or Other Sales | D19: ='State Bud Amnd(4)-13613'!G28 -> 0 | E19: 0 | F19: =E19+'(Dec) State Fin-13650'!F19 -> 0 | G19: =D19-F19 -> 0
A20: 369 | B20: Misc./Refunds (prior yr expenditures) | D20: ='State Bud Amnd(4)-13613'!G29 -> 0 | E20: 0 | F20: =E20+'(Dec) State Fin-13650'!F20 -> 0 | G20: =D20-F20 -> 0
A21: 380 | B21: Other Sources | D21: ='State Bud Amnd(4)-13613'!G30 -> 0 | E21: 0 | F21: =E21+'(Dec) State Fin-13650'!F21 -> 0 | G21: =D21-F21 -> 0
A22: 389 | B22: Loans | D22: ='State Bud Amnd(4)-13613'!G31 -> 0 | E22: 0 | F22: =E22+'(Dec) State Fin-13650'!F22 -> 0 | G22: =D22-F22 -> 0
A23: TOTAL RECEIPTS | D23: =SUM(D14:D22) -> 0 | E23: =SUM(E14:E22) -> 0 | F23: =SUM(F14:F22) -> 0 | G23: =SUM(G14:G22) -> 0
A24: BEGINNING FUND BALANCE | D24: ='State Bud Amnd(4)-13613'!G33 -> 0 | E24: 0 | F24: =E24+'(Dec) State Fin-13650'!F24 -> 0 | G24: =D24-F24 -> 0
A25: Total Receipts & Balance | D25: =SUM(D23:D24) -> 0 | E25: =SUM(E23:E24) -> 0 | F25: =SUM(F23:F24) -> 0 | G25: =SUM(G23:G24) -> 0
A27: STATE FUNDS EXPENDITURES AND BALANCES
A28: ACCT NO | B28: Uniform Accounting System Transaction Code | D28: Budgeted | E28: Monthly | F28: Expenditures Year | G28: Balance to Be
D29: Expenditures | E29: Expenditures | F29: to Date | G29: Expended
A30: 10 | B30: Personal Services | D30: ='State Bud Amnd(4)-13613'!G38 -> 0 | E30: 0 | F30: =E30+'(Dec) State Fin-13650'!F30 -> 0 | G30: =D30-F30 -> 0
A31: 20 | B31: Personal Services Benefits | D31: ='State Bud Amnd(4)-13613'!G39 -> 0 | E31: 0 | F31: =E31+'(Dec) State Fin-13650'!F31 -> 0 | G31: =D31-F31 -> 0
A32: 30 | B32: Operating Expense | D32: ='State Bud Amnd(4)-13613'!G40 -> 0 | E32: 0 | F32: =E32+'(Dec) State Fin-13650'!F32 -> 0 | G32: =D32-F32 -> 0
A33: 40 | B33: Travel & Per Diem | D33: ='State Bud Amnd(4)-13613'!G41 -> 0 | E33: 0 | F33: =E33+'(Dec) State Fin-13650'!F33 -> 0 | G33: =D33-F33 -> 0
A34: 41 | B34: Communication Services | D34: ='State Bud Amnd(4)-13613'!G42 -> 0 | E34: 0 | F34: =E34+'(Dec) State Fin-13650'!F34 -> 0 | G34: =D34-F34 -> 0
A35: 42 | B35: Freight Services | D35: ='State Bud Amnd(4)-13613'!G43 -> 0 | E35: 0 | F35: =E35+'(Dec) State Fin-13650'!F35 -> 0 | G35: =D35-F35 -> 0
A36: 43 | B36: Utility Service | D36: ='State Bud Amnd(4)-13613'!G44 -> 0 | E36: 0 | F36: =E36+'(Dec) State Fin-13650'!F36 -> 0 | G36: =D36-F36 -> 0
A37: 44 | B37: Rentals & Leases | D37: ='State Bud Amnd(4)-13613'!G45 -> 0 | E37: 0 | F37: =E37+'(Dec) State Fin-13650'!F37 -> 0 | G37: =D37-F37 -> 0
A38: 45 | B38: Insurance | D38: ='State Bud Amnd(4)-13613'!G46 -> 0 | E38: 0 | F38: =E38+'(Dec) State Fin-13650'!F38 -> 0 | G38: =D38-F38 -> 0
A39: 46 | B39: Repairs & Maintenance | D39: ='State Bud Amnd(4)-13613'!G47 -> 0 | E39: 0 | F39: =E39+'(Dec) State Fin-13650'!F39 -> 0 | G39: =D39-F39 -> 0
A40: 47 | B40: Printing and Binding | D40: ='State Bud Amnd(4)-13613'!G48 -> 0 | E40: 0 | F40: =E40+'(Dec) State Fin-13650'!F40 -> 0 | G40: =D40-F40 -> 0
A41: 48 | B41: Promotional Activities | D41: ='State Bud Amnd(4)-13613'!G49 -> 0 | E41: 0 | F41: =E41+'(Dec) State Fin-13650'!F41 -> 0 | G41: =D41-F41 -> 0
... A57: 99 | B57: Payment of Prior Year Accounts | D57: ='State Bud Amnd(4)-13613'!G65 -> 0 | E57: 0 | F57: =E57+'(Dec) State Fin-13650'!F57 -> 0 | G57: =D57-F57 -> 0
A58: TOTAL BUDGET AND CHARGES | D58: =SUM(D30:D57) -> 0 | E58: =SUM(E30:E57) -> 0 | F58: =SUM(F30:F57) -> 0 | G58: =SUM(G30:G57) -> 0
A59: 0.001 | B59: Reserves - Future Capital Outlay | D59: ='State Bud Amnd(4)-13613'!G67 -> 0 | E59: 0 | F59: =E59+'(Dec) State Fin-13650'!F59 -> 0 | G59: =D59-F59 -> 0
A60: 0.002 | B60: Reserves - Self-Insurance | D60: ='State Bud Amnd(4)-13613'!G68 -> 0 | E60: 0 | F60: =E60+'(Dec) State Fin-13650'!F60 -> 0 | G60: =D60-F60 -> 0
A61: 0.003 | B61: Reserves - Cash Balance to be Carried Forward | D61: ='State Bud Amnd(4)-13613'!G69 -> 0 | E61: 0 | F61: =E61+'(Dec) State Fin-13650'!F61 -> 0 | G61: =D61-F61 -> 0
A62: 0.004 | B62: Reserves - Sick and Annual Leave | D62: ='State Bud Amnd(4)-13613'!G70 -> 0 | E62: 0 | F62: =E62+'(Dec) State Fin-13650'!F62 -> 0 | G62: =D62-F62 -> 0
A63: TOTAL RESERVES ENDING BALANCE | D63: =SUM(D59:D62) -> 0 | E63: =SUM(E59:E62) -> 0 | F63: =SUM(F59:F62) -> 0 | G63: =SUM(G59:G62) -> 0
A64: TOTAL BUDGETARY EXPENDITURES and BALANCES | D64: =SUM(D63,D58) -> 0 | E64: =SUM(E63,E58) -> 0 | F64: =SUM(F58,F63) -> 0 | G64: =SUM(G58,G63) -> 0
A65: ENDING FUND BALANCE | D65: =D25-D64 -> 0 | E65: =E25-E64 -> 0 | F65: =F25-F64 -> 0 | G65: =G25-G64 -> 0
A66: By submission of this monthly report of receipts, expenditures, and balances, I attest it is true and correct.
A69: FDACS-13650 Rev. 07/13 | E69: Director Signature | G69: Date

Sheet State Bud Amnd(5)-13613
C1: Florida Department of Agriculture and Consumer Services
C2: Division of Agricultural Environmental Services
C4: ARTHROPOD CONTROL BUDGET AMENDMENT
C6: Rule 5E-13.027, F.A.C.
C7: Telephone: (850) 617-7911; Fax (850) 617-7939
A9: A STATEMENT EXPLAINING AND JUSTIFYING THE PROPOSED CHANGES SHOULD ACCOMPANY EACH APPLICATION FOR BUDGET AMENDMENT. USE PAGE TWO FOR THIS PURPOSE.
A11: Amendment No. | D11: Fiscal Year: | E11: ='State Bud Amnd(1)-13613'!E10 -> 2018-2019 | F11: Date:
A12: Amending: Local Funds State Funds X (Check appropriate fund account to be amended. Use a separate form for each fund). The
A13: Board of Commissioners for | C13: ='Annl Cert. Bud-13617'!C9 -> 0 | D13: District hereby submits to the Department of Agriculture and Consumer Services,
A14: for its consideration and approval, the following amendment for the current fiscal year as follows:
A15: ESTIMATED RECEIPTS
A16: NOTE: The budget cannot be amended to show an increase in receipts over the amount budgeted unless authorized.
A17: Total Available Cash and Receipts | C17: Reserves | D17: Present Budget | E17: Increase Request | F17: Decrease Request | G17: Revised Budget
A18: =D34 -> 0 | C18: =D71 -> 0 | D18: =D72 -> 0 | E18: =E72 -> 0 | F18: =F72 -> 0 | G18: =G72 -> 0
A19: NAME SOURCE OF INCREASE: (Explain Decrease)
A21: BUDGETED RECEIPTS
A22: ACCT NO | B22: Description | D22: Present Budget | E22: Increase Request | F22: Decrease Request | G22: Revised Budget
A23: 311 | B23: Ad Valorem (Current/Delinquent) | D23: ='State Bud Amnd(4)-13613'!G23 -> 0 | E23: 0 | F23: 0 | G23: =D23+E23-F23 -> 0
A24: 334.1 | B24: State Grant | D24: ='State Bud Amnd(4)-13613'!G24 -> 0 | E24: 0 | F24: 0 | G24: =D24+E24-F24 -> 0
A25: 362 | B25: Equipment Rentals | D25: ='State Bud Amnd(4)-13613'!G25 -> 0 | E25: 0 | F25: 0 | G25: =D25+E25-F25 -> 0
A26: 337 | B26: Grants and Donations | D26: ='State Bud Amnd(4)-13613'!G26 -> 0 | E26: 0 | F26: 0 | G26: =D26+E26-F26 -> 0
A27: 361 | B27: Interest Earnings | D27: ='State Bud Amnd(4)-13613'!G27 -> 0 | E27: 0 | F27: 0 | G27: =D27+E27-F27 -> 0
A28: 364 | B28: Equipment and/or Other Sales | D28: ='State Bud Amnd(4)-13613'!G28 -> 0 | E28: 0 | F28: 0 | G28: =D28+E28-F28 -> 0
A29: 369 | B29: Misc./Refunds (prior yr expenditures) | D29: ='State Bud Amnd(4)-13613'!G29 -> 0 | E29: 0 | F29: 0 | G29: =D29+E29-F29 -> 0
A30: 380 | B30: Other Sources | D30: ='State Bud Amnd(4)-13613'!G30 -> 0 | E30: 0 | F30: 0 | G30: =D30+E30-F30 -> 0
A31: 389 | B31: Loans | D31: ='State Bud Amnd(4)-13613'!G31 -> 0 | E31: 0 | F31: 0 | G31: =D31+E31-F31 -> 0
A32: TOTAL RECEIPTS | D32: =SUM(D23:D31) -> 0 | E32: =SUM(E23:E31) -> 0 | F32: =SUM(F23:F31) -> 0 | G32: =SUM(G23:G31) -> 0
A33: Beginning Fund Balance | D33: ='State Bud Amnd(4)-13613'!G33 -> 0 | E33: 0 | F33: 0 | G33: =D33+E33-F33 -> 0
A34: Total Budgetary Receipts & Balances | D34: =SUM(D32:D33) -> 0 | E34: =SUM(E32:E33) -> 0 | F34: =SUM(F32:F33) -> 0 | G34: =SUM(G32:G33) -> 0
A35: BUDGETED EXPENDITURES
A36: NOTE: Total increase must equal total decrease, unless the total "Present Budget" is revised.
A37: ACCT NO | B37: Uniform Accounting System Transaction | D37: Present Budget | E37: Increase Request | F37: Decrease Request | G37: Revised Budget
A38: 10 | B38: Personal Services | D38: ='State Bud Amnd(4)-13613'!G38 -> 0 | E38: 0 | F38: 0 | G38: =D38+E38-F38 -> 0
A39: 20 | B39: Personal Services Benefits | D39: ='State Bud Amnd(4)-13613'!G39 -> 0 | E39: 0 | F39: 0 | G39: =D39+E39-F39 -> 0
A40: 30 | B40: Operating Expense | D40: ='State Bud Amnd(4)-13613'!G40 -> 0 | E40: 0 | F40: 0 | G40: =D40+E40-F40 -> 0
A41: 40 | B41: Travel & Per Diem | D41: ='State Bud Amnd(4)-13613'!G41 -> 0 | E41: 0 | F41: 0 | G41: =D41+E41-F41 -> 0
A42: 41 | B42: Communication Services | D42: ='State Bud Amnd(4)-13613'!G42 -> 0 | E42: 0 | F42: 0 | G42: =D42+E42-F42 -> 0
A43: 42 | B43: Freight Services | D43: ='State Bud Amnd(4)-13613'!G43 -> 0 | E43: 0 | F43: 0 | G43: =D43+E43-F43 -> 0
A44: 43 | B44: Utility Service | D44: ='State Bud Amnd(4)-13613'!G44 -> 0 | E44: 0 | F44: 0 | G44: =D44+E44-F44 -> 0
A45: 44 | B45: Rentals & Leases | D45: ='State Bud Amnd(4)-13613'!G45 -> 0 | E45: 0 | F45: 0 | G45: =D45+E45-F45 -> 0
A46: 45 | B46: Insurance | D46: ='State Bud Amnd(4)-13613'!G46 -> 0 | E46: 0 | F46: 0 | G46: =D46+E46-F46 -> 0
A47: 46 | B47: Repairs & Maintenance | D47: ='State Bud Amnd(4)-13613'!G47 -> 0 | E47: 0 | F47: 0 | G47: =D47+E47-F47 -> 0
A48: 47 | B48: Printing and Binding | D48: ='State Bud Amnd(4)-13613'!G48 -> 0 | E48: 0 | F48: 0 | G48: =D48+E48-F48 -> 0
A49: 48 | B49: Promotional Activities | D49: ='State Bud Amnd(4)-13613'!G49 -> 0 | E49: 0 | F49: 0 | G49: =D49+E49-F49 -> 0
... A65: 99 | B65: Payment of Prior Year Accounts | D65: ='State Bud Amnd(4)-13613'!G65 -> 0 | E65: 0 | F65: 0 | G65: =D65+E65-F65 -> 0
A66: TOTAL BUDGET AND CHARGES | D66: =SUM(D38:D65) -> 0 | E66: =SUM(E38:E65) -> 0 | F66: =SUM(F38:F65) -> 0 | G66: =SUM(G38:G65) -> 0
A67: 0.001 | B67: Reserves - Future Capital Outlay | D67: ='State Bud Amnd(4)-13613'!G67 -> 0 | E67: 0 | F67: 0 | G67: =D67+E67-F67 -> 0
A68: 0.002 | B68: Reserves - Self-Insurance | D68: ='State Bud Amnd(4)-13613'!G68 -> 0 | E68: 0 | F68: 0 | G68: =D68+E68-F68 -> 0
A69: 0.003 | B69: Reserves - Cash Balance to be Carried Forward | D69: ='State Bud Amnd(4)-13613'!G69 -> 0 | E69: 0 | F69: 0 | G69: =D69+E69-F69 -> 0
A70: 0.004 | B70: Reserves - Sick and Annual Leave | D70: ='State Bud Amnd(4)-13613'!G70 -> 0 | E70: 0 | F70: 0 | G70: =D70+E70-F70 -> 0
A71: TOTAL RESERVES | D71: =SUM(D67:D70) -> 0 | E71: =SUM(E67:E70) -> 0 | F71: =SUM(F67:F70) -> 0 | G71: =SUM(G67:G70) -> 0
A72: TOTAL BUDGETARY EXPENDITURES and BALANCES | D72: =D66+D71 -> 0 | E72: =E66+E71 -> 0 | F72: =F66+F71 -> 0 | G72: =G66+G71 -> 0
A73: ENDING FUND BALANCE | D73: =D34-D72 -> 0 | E73: =E34-E72 -> 0 | F73: =F34-F72 -> 0 | G73: =G34-G72 -> 0
A74: APPROVED:_____________________________________________________ | F74: DATE______________________
B75: Chairman of the Board, or Clerk of Circuit Court
A76: APPROVED:_____________________________________________________ | F76: DATE______________________
B77: Mosquito Control Program
A78: FDACS-13613 Rev. 07/13

Sheet (Feb) State Fin-13650
C1: Florida Department of Agriculture and Consumer Services
C2: Division of Agricultural Environmental Services
C4: MOSQUITO CONTROL MONTHLY REPORT - STATE FUNDS
C6: Rule 5E-13.027, F.A.C.
C7: Telephone: (850) 617-7911; Fax (850) 617-7939
A9: COUNTY/ DISTRICT | C9: ='Annl Cert. Bud-13617'!C9 -> 0 | D9: FISCAL YEAR: | E9: ='State Bud Amnd(1)-13613'!E10 -> 2018-2019 | F9: MONTH: | G9: February
A11: STATE FUNDS RECEIPTS AND BALANCES
A12: ACCT NO | B12: DESCRIPTION | D12: Budgeted | E12: Monthly | F12: Receipts Year | G12: Balance to Be
D13: Receipts | E13: Receipts | F13: to Date | G13: Collected
A14: 311 | B14: Ad Valorem (Current/Delinquent) | D14: ='State Bud Amnd(5)-13613'!G23 -> 0 | E14: 0 | F14: =E14+'(Jan) State Fin-13650'!F14 -> 0 | G14: =D14-F14 -> 0
A15: 334.1 | B15: State Grant | D15: ='State Bud Amnd(5)-13613'!G24 -> 0 | E15: 0 | F15: =E15+'(Jan) State Fin-13650'!F15 -> 0 | G15: =D15-F15 -> 0
A16: 362 | B16: Equipment Rentals | D16: ='State Bud Amnd(5)-13613'!G25 -> 0 | E16: 0 | F16: =E16+'(Jan) State Fin-13650'!F16 -> 0 | G16: =D16-F16 -> 0
A17: 337 | B17: Grants and Donations | D17: ='State Bud Amnd(5)-13613'!G26 -> 0 | E17: 0 | F17: =E17+'(Jan) State Fin-13650'!F17 -> 0 | G17: =D17-F17 -> 0
A18: 361 | B18: Interest Earnings | D18: ='State Bud Amnd(5)-13613'!G27 -> 0 | E18: 0 | F18: =E18+'(Jan) State Fin-13650'!F18 -> 0 | G18: =D18-F18 -> 0
A19: 364 | B19: Equipment and/or Other Sales | D19: ='State Bud Amnd(5)-13613'!G28 -> 0 | E19: 0 | F19: =E19+'(Jan) State Fin-13650'!F19 -> 0 | G19: =D19-F19 -> 0
A20: 369 | B20: Misc./Refunds (prior yr expenditures) | D20: ='State Bud Amnd(5)-13613'!G29 -> 0 | E20: 0 | F20: =E20+'(Jan) State Fin-13650'!F20 -> 0 | G20: =D20-F20 -> 0
A21: 380 | B21: Other Sources | D21: ='State Bud Amnd(5)-13613'!G30 -> 0 | E21: 0 | F21: =E21+'(Jan) State Fin-13650'!F21 -> 0 | G21: =D21-F21 -> 0
A22: 389 | B22: Loans | D22: ='State Bud Amnd(5)-13613'!G31 -> 0 | E22: 0 | F22: =E22+'(Jan) State Fin-13650'!F22 -> 0 | G22: =D22-F22 -> 0
A23: TOTAL RECEIPTS | D23: =SUM(D14:D22) -> 0 | E23: =SUM(E14:E22) -> 0 | F23: =SUM(F14:F22) -> 0 | G23: =SUM(G14:G22) -> 0
A24: BEGINNING FUND BALANCE | D24: ='State Bud Amnd(5)-13613'!G33 -> 0 | E24: 0 | F24: =E24+'(Jan) State Fin-13650'!F24 -> 0 | G24: =D24-F24 -> 0
A25: Total Receipts & Balance | D25: =SUM(D23:D24) -> 0 | E25: =SUM(E23:E24) -> 0 | F25: =SUM(F23:F24) -> 0 | G25: =SUM(G23:G24) -> 0
A27: STATE FUNDS EXPENDITURES AND BALANCES
A28: ACCT NO | B28: Uniform Accounting System Transaction Code | D28: Budgeted | E28: Monthly | F28: Expenditures Year | G28: Balance to Be
D29: Expenditures | E29: Expenditures | F29: to Date | G29: Expended
A30: 10 | B30: Personal Services | D30: ='State Bud Amnd(5)-13613'!G38 -> 0 | E30: 0 | F30: =E30+'(Jan) State Fin-13650'!F30 -> 0 | G30: =D30-F30 -> 0
A31: 20 | B31: Personal Services Benefits | D31: ='State Bud Amnd(5)-13613'!G39 -> 0 | E31: 0 | F31: =E31+'(Jan) State Fin-13650'!F31 -> 0 | G31: =D31-F31 -> 0
A32: 30 | B32: Operating Expense | D32: ='State Bud Amnd(5)-13613'!G40 -> 0 | E32: 0 | F32: =E32+'(Jan) State Fin-13650'!F32 -> 0 | G32: =D32-F32 -> 0
A33: 40 | B33: Travel & Per Diem | D33: ='State Bud Amnd(5)-13613'!G41 -> 0 | E33: 0 | F33: =E33+'(Jan) State Fin-13650'!F33 -> 0 | G33: =D33-F33 -> 0
A34: 41 | B34: Communication Services | D34: ='State Bud Amnd(5)-13613'!G42 -> 0 | E34: 0 | F34: =E34+'(Jan) State Fin-13650'!F34 -> 0 | G34: =D34-F34 -> 0
A35: 42 | B35: Freight Services | D35: ='State Bud Amnd(5)-13613'!G43 -> 0 | E35: 0 | F35: =E35+'(Jan) State Fin-13650'!F35 -> 0 | G35: =D35-F35 -> 0
A36: 43 | B36: Utility Service | D36: ='State Bud Amnd(5)-13613'!G44 -> 0 | E36: 0 | F36: =E36+'(Jan) State Fin-13650'!F36 -> 0 | G36: =D36-F36 -> 0
A37: 44 | B37: Rentals & Leases | D37: ='State Bud Amnd(5)-13613'!G45 -> 0 | E37: 0 | F37: =E37+'(Jan) State Fin-13650'!F37 -> 0 | G37: =D37-F37 -> 0
A38: 45 | B38: Insurance | D38: ='State Bud Amnd(5)-13613'!G46 -> 0 | E38: 0 | F38: =E38+'(Jan) State Fin-13650'!F38 -> 0 | G38: =D38-F38 -> 0
A39: 46 | B39: Repairs & Maintenance | D39: ='State Bud Amnd(5)-13613'!G47 -> 0 | E39: 0 | F39: =E39+'(Jan) State Fin-13650'!F39 -> 0 | G39: =D39-F39 -> 0
A40: 47 | B40: Printing and Binding | D40: ='State Bud Amnd(5)-13613'!G48 -> 0 | E40: 0 | F40: =E40+'(Jan) State Fin-13650'!F40 -> 0 | G40: =D40-F40 -> 0
A41: 48 | B41: Promotional Activities | D41: ='State Bud Amnd(5)-13613'!G49 -> 0 | E41: 0 | F41: =E41+'(Jan) State Fin-13650'!F41 -> 0 | G41: =D41-F41 -> 0
... A57: 99 | B57: Payment of Prior Year Accounts | D57: ='State Bud Amnd(5)-13613'!G65 -> 0 | E57: 0 | F57: =E57+'(Jan) State Fin-13650'!F57 -> 0 | G57: =D57-F57 -> 0
A58: TOTAL BUDGET AND CHARGES | D58: =SUM(D30:D57) -> 0 | E58: =SUM(E30:E57) -> 0 | F58: =SUM(F30:F57) -> 0 | G58: =SUM(G30:G57) -> 0
A59: 0.001 | B59: Reserves - Future Capital Outlay | D59: ='State Bud Amnd(5)-13613'!G67 -> 0 | E59: 0 | F59: =E59+'(Jan) State Fin-13650'!F59 -> 0 | G59: =D59-F59 -> 0
A60: 0.002 | B60: Reserves - Self-Insurance | D60: ='State Bud Amnd(5)-13613'!G68 -> 0 | E60: 0 | F60: =E60+'(Jan) State Fin-13650'!F60 -> 0 | G60: =D60-F60 -> 0
A61: 0.003 | B61: Reserves - Cash Balance to be Carried Forward | D61: ='State Bud Amnd(5)-13613'!G69 -> 0 | E61: 0 | F61: =E61+'(Jan) State Fin-13650'!F61 -> 0 | G61: =D61-F61 -> 0
A62: 0.004 | B62: Reserves - Sick and Annual Leave | D62: ='State Bud Amnd(5)-13613'!G70 -> 0 | E62: 0 | F62: =E62+'(Jan) State Fin-13650'!F62 -> 0 | G62: =D62-F62 -> 0
A63: TOTAL RESERVES ENDING BALANCE | D63: =SUM(D59:D62) -> 0 | E63: =SUM(E59:E62) -> 0 | F63: =SUM(F59:F62) -> 0 | G63: =SUM(G59:G62) -> 0
A64: TOTAL BUDGETARY EXPENDITURES and BALANCES | D64: =SUM(D63,D58) -> 0 | E64: =SUM(E63,E58) -> 0 | F64: =SUM(F58,F63) -> 0 | G64: =SUM(G58,G63) -> 0
A65: ENDING FUND BALANCE | D65: =D25-D64 -> 0 | E65: =E25-E64 -> 0 | F65: =F25-F64 -> 0 | G65: =G25-G64 -> 0
A66: By submission of this monthly report of receipts, expenditures, and balances, I attest it is true and correct.
A69: FDACS-13650 Rev. 07/13 | E69: Director Signature | G69: Date

Sheet State Bud Amnd(6)-13613
C1: Florida Department of Agriculture and Consumer Services
C2: Division of Agricultural Environmental Services
C4: ARTHROPOD CONTROL BUDGET AMENDMENT
C6: Rule 5E-13.027, F.A.C.
C7: Telephone: (850) 617-7911; Fax (850) 617-7939
A9: A STATEMENT EXPLAINING AND JUSTIFYING THE PROPOSED CHANGES SHOULD ACCOMPANY EACH APPLICATION FOR BUDGET AMENDMENT. USE PAGE TWO FOR THIS PURPOSE.
A11: Amendment No. | D11: Fiscal Year: | E11: ='State Bud Amnd(1)-13613'!E10 -> 2018-2019 | F11: Date:
A12: Amending: Local Funds State Funds X (Check appropriate fund account to be amended. Use a separate form for each fund). The
A13: Board of Commissioners for | C13: ='Annl Cert. Bud-13617'!C9 -> 0 | D13: District hereby submits to the Department of Agriculture and Consumer Services,
A14: for its consideration and approval, the following amendment for the current fiscal year as follows:
A15: ESTIMATED RECEIPTS
A16: NOTE: The budget cannot be amended to show an increase in receipts over the amount budgeted unless authorized.
A17: Total Available Cash and Receipts | C17: Reserves | D17: Present Budget | E17: Increase Request | F17: Decrease Request | G17: Revised Budget
A18: =D34 -> 0 | C18: =D71 -> 0 | D18: =D72 -> 0 | E18: =E72 -> 0 | F18: =F72 -> 0 | G18: =G72 -> 0
A19: NAME SOURCE OF INCREASE: (Explain Decrease)
A21: BUDGETED RECEIPTS
A22: ACCT NO | B22: Description | D22: Present Budget | E22: Increase Request | F22: Decrease Request | G22: Revised Budget
A23: 311 | B23: Ad Valorem (Current/Delinquent) | D23: ='State Bud Amnd(5)-13613'!G23 -> 0 | E23: 0 | F23: 0 | G23: =D23+E23-F23 -> 0
A24: 334.1 | B24: State Grant | D24: ='State Bud Amnd(5)-13613'!G24 -> 0 | E24: 0 | F24: 0 | G24: =D24+E24-F24 -> 0
A25: 362 | B25: Equipment Rentals | D25: ='State Bud Amnd(5)-13613'!G25 -> 0 | E25: 0 | F25: 0 | G25: =D25+E25-F25 -> 0
A26: 337 | B26: Grants and Donations | D26: ='State Bud Amnd(5)-13613'!G26 -> 0 | E26: 0 | F26: 0 | G26: =D26+E26-F26 -> 0
A27: 361 | B27: Interest Earnings | D27: ='State Bud Amnd(5)-13613'!G27 -> 0 | E27: 0 | F27: 0 | G27: =D27+E27-F27 -> 0
A28: 364 | B28: Equipment and/or Other Sales | D28: ='State Bud Amnd(5)-13613'!G28 -> 0 | E28: 0 | F28: 0 | G28: =D28+E28-F28 -> 0
A29: 369 | B29: Misc./Refunds (prior yr expenditures) | D29: ='State Bud Amnd(5)-13613'!G29 -> 0 | E29: 0 | F29: 0 | G29: =D29+E29-F29 -> 0
A30: 380 | B30: Other Sources | D30: ='State Bud Amnd(5)-13613'!G30 -> 0 | E30: 0 | F30: 0 | G30: =D30+E30-F30 -> 0
A31: 389 | B31: Loans | D31: ='State Bud Amnd(5)-13613'!G31 -> 0 | E31: 0 | F31: 0 | G31: =D31+E31-F31 -> 0
A32: TOTAL RECEIPTS | D32: =SUM(D23:D31) -> 0 | E32: =SUM(E23:E31) -> 0 | F32: =SUM(F23:F31) -> 0 | G32: =SUM(G23:G31) -> 0
A33: Beginning Fund Balance | D33: ='State Bud Amnd(5)-13613'!G33 -> 0 | E33: 0 | F33: 0 | G33: =D33+E33-F33 -> 0
A34: Total Budgetary Receipts & Balances | D34: =SUM(D32:D33) -> 0 | E34: =SUM(E32:E33) -> 0 | F34: =SUM(F32:F33) -> 0 | G34: =SUM(G32:G33) -> 0
A35: BUDGETED EXPENDITURES
A36: NOTE: Total increase must equal total decrease, unless the total "Present Budget" is revised.
A37: ACCT NO | B37: Uniform Accounting System Transaction | D37: Present Budget | E37: Increase Request | F37: Decrease Request | G37: Revised Budget
A38: 10 | B38: Personal Services | D38: ='State Bud Amnd(5)-13613'!G38 -> 0 | E38: 0 | F38: 0 | G38: =D38+E38-F38 -> 0
A39: 20 | B39: Personal Services Benefits | D39: ='State Bud Amnd(5)-13613'!G39 -> 0 | E39: 0 | F39: 0 | G39: =D39+E39-F39 -> 0
A40: 30 | B40: Operating Expense | D40: ='State Bud Amnd(5)-13613'!G40 -> 0 | E40: 0 | F40: 0 | G40: =D40+E40-F40 -> 0
A41: 40 | B41: Travel & Per Diem | D41: ='State Bud Amnd(5)-13613'!G41 -> 0 | E41: 0 | F41: 0 | G41: =D41+E41-F41 -> 0
A42: 41 | B42: Communication Services | D42: ='State Bud Amnd(5)-13613'!G42 -> 0 | E42: 0 | F42: 0 | G42: =D42+E42-F42 -> 0
A43: 42 | B43: Freight Services | D43: ='State Bud Amnd(5)-13613'!G43 -> 0 | E43: 0 | F43: 0 | G43: =D43+E43-F43 -> 0
A44: 43 | B44: Utility Service | D44: ='State Bud Amnd(5)-13613'!G44 -> 0 | E44: 0 | F44: 0 | G44: =D44+E44-F44 -> 0
A45: 44 | B45: Rentals & Leases | D45: ='State Bud Amnd(5)-13613'!G45 -> 0 | E45: 0 | F45: 0 | G45: =D45+E45-F45 -> 0
A46: 45 | B46: Insurance | D46: ='State Bud Amnd(5)-13613'!G46 -> 0 | E46: 0 | F46: 0 | G46: =D46+E46-F46 -> 0
A47: 46 | B47: Repairs & Maintenance | D47: ='State Bud Amnd(5)-13613'!G47 -> 0 | E47: 0 | F47: 0 | G47: =D47+E47-F47 -> 0
A48: 47 | B48: Printing and Binding | D48: ='State Bud Amnd(5)-13613'!G48 -> 0 | E48: 0 | F48: 0 | G48: =D48+E48-F48 -> 0
A49: 48 | B49: Promotional Activities | D49: ='State Bud Amnd(5)-13613'!G49 -> 0 | E49: 0 | F49: 0 | G49: =D49+E49-F49 -> 0
... A65: 99 | B65: Payment of Prior Year Accounts | D65: ='State Bud Amnd(5)-13613'!G65 -> 0 | E65: 0 | F65: 0 | G65: =D65+E65-F65 -> 0
A66: TOTAL BUDGET AND CHARGES | D66: =SUM(D38:D65) -> 0 | E66: =SUM(E38:E65) -> 0 | F66: =SUM(F38:F65) -> 0 | G66: =SUM(G38:G65) -> 0
A67: 0.001 | B67: Reserves - Future Capital Outlay | D67: ='State Bud Amnd(5)-13613'!G67 -> 0 | E67: 0 | F67: 0 | G67: =D67+E67-F67 -> 0
A68: 0.002 | B68: Reserves - Self-Insurance | D68: ='State Bud Amnd(5)-13613'!G68 -> 0 | E68: 0 | F68: 0 | G68: =D68+E68-F68 -> 0
A69: 0.003 | B69: Reserves - Cash Balance to be Carried Forward | D69: ='State Bud Amnd(5)-13613'!G69 -> 0 | E69: 0 | F69: 0 | G69: =D69+E69-F69 -> 0
A70: 0.004 | B70: Reserves - Sick and Annual Leave | D70: ='State Bud Amnd(5)-13613'!G70 -> 0 | E70: 0 | F70: 0 | G70: =D70+E70-F70 -> 0
A71: TOTAL RESERVES | D71: =SUM(D67:D70) -> 0 | E71: =SUM(E67:E70) -> 0 | F71: =SUM(F67:F70) -> 0 | G71: =SUM(G67:G70) -> 0
A72: TOTAL BUDGETARY EXPENDITURES and BALANCES | D72: =D66+D71 -> 0 | E72: =E66+E71 -> 0 | F72: =F66+F71 -> 0 | G72: =G66+G71 -> 0
A73: ENDING FUND BALANCE | D73: =D34-D72 -> 0 | E73: =E34-E72 -> 0 | F73: =F34-F72 -> 0 | G73: =G34-G72 -> 0
A74: APPROVED:_____________________________________________________ | F74: DATE______________________
B75: Chairman of the Board, or Clerk of Circuit Court
A76: APPROVED:_____________________________________________________ | F76: DATE______________________
B77: Mosquito Control Program
A78: FDACS-13613 Rev. 07/13

Sheet (Mar) State Fin-13650
C1: Florida Department of Agriculture and Consumer Services
C2: Division of Agricultural Environmental Services
C4: MOSQUITO CONTROL MONTHLY REPORT - STATE FUNDS
C6: Rule 5E-13.027, F.A.C.
C7: Telephone: (850) 617-7911; Fax (850) 617-7939
A9: COUNTY/ DISTRICT | C9: ='Annl Cert. Bud-13617'!C9 -> 0 | D9: FISCAL YEAR: | E9: ='State Bud Amnd(1)-13613'!E10 -> 2018-2019 | F9: MONTH: | G9: March
A11: STATE FUNDS RECEIPTS AND BALANCES
A12: ACCT NO | B12: DESCRIPTION | D12: Budgeted | E12: Monthly | F12: Receipts Year | G12: Balance to Be
D13: Receipts | E13: Receipts | F13: to Date | G13: Collected
A14: 311 | B14: Ad Valorem (Current/Delinquent) | D14: ='State Bud Amnd(6)-13613'!G23 -> 0 | E14: 0 | F14: =E14+'(Feb) State Fin-13650'!F14 -> 0 | G14: =D14-F14 -> 0
A15: 334.1 | B15: State Grant | D15: ='State Bud Amnd(6)-13613'!G24 -> 0 | E15: 0 | F15: =E15+'(Feb) State Fin-13650'!F15 -> 0 | G15: =D15-F15 -> 0
A16: 362 | B16: Equipment Rentals | D16: ='State Bud Amnd(6)-13613'!G25 -> 0 | E16: 0 | F16: =E16+'(Feb) State Fin-13650'!F16 -> 0 | G16: =D16-F16 -> 0
A17: 337 | B17: Grants and Donations | D17: ='State Bud Amnd(6)-13613'!G26 -> 0 | E17: 0 | F17: =E17+'(Feb) State Fin-13650'!F17 -> 0 | G17: =D17-F17 -> 0
A18: 361 | B18: Interest Earnings | D18: ='State Bud Amnd(6)-13613'!G27 -> 0 | E18: 0 | F18: =E18+'(Feb) State Fin-13650'!F18 -> 0 | G18: =D18-F18 -> 0
A19: 364 | B19: Equipment and/or Other Sales | D19: ='State Bud Amnd(6)-13613'!G28 -> 0 | E19: 0 | F19: =E19+'(Feb) State Fin-13650'!F19 -> 0 | G19: =D19-F19 -> 0
A20: 369 | B20: Misc./Refunds (prior yr expenditures) | D20: ='State Bud Amnd(6)-13613'!G29 -> 0 | E20: 0 | F20: =E20+'(Feb) State Fin-13650'!F20 -> 0 | G20: =D20-F20 -> 0
A21: 380 | B21: Other Sources | D21: ='State Bud Amnd(6)-13613'!G30 -> 0 | E21: 0 | F21: =E21+'(Feb) State Fin-13650'!F21 -> 0 | G21: =D21-F21 -> 0
A22: 389 | B22: Loans | D22: ='State Bud Amnd(6)-13613'!G31 -> 0 | E22: 0 | F22: =E22+'(Feb) State Fin-13650'!F22 -> 0 | G22: =D22-F22 -> 0
A23: TOTAL RECEIPTS | D23: =SUM(D14:D22) -> 0 | E23: =SUM(E14:E22) -> 0 | F23: =SUM(F14:F22) -> 0 | G23: =SUM(G14:G22) -> 0
A24: BEGINNING FUND BALANCE | D24: ='State Bud Amnd(6)-13613'!G33 -> 0 | E24: 0 | F24: =E24+'(Feb) State Fin-13650'!F24 -> 0 | G24: =D24-F24 -> 0
A25: Total Receipts & Balance | D25: =SUM(D23:D24) -> 0 | E25: =SUM(E23:E24) -> 0 | F25: =SUM(F23:F24) -> 0 | G25: =SUM(G23:G24) -> 0
A27: STATE FUNDS EXPENDITURES AND BALANCES
A28: ACCT NO | B28: Uniform Accounting System Transaction Code | D28: Budgeted | E28: Monthly | F28: Expenditures Year | G28: Balance to Be
D29: Expenditures | E29: Expenditures | F29: to Date | G29: Expended
A30: 10 | B30: Personal Services | D30: ='State Bud Amnd(6)-13613'!G38 -> 0 | E30: 0 | F30: =E30+'(Feb) State Fin-13650'!F30 -> 0 | G30: =D30-F30 -> 0
A31: 20 | B31: Personal Services Benefits | D31: ='State Bud Amnd(6)-13613'!G39 -> 0 | E31: 0 | F31: =E31+'(Feb) State Fin-13650'!F31 -> 0 | G31: =D31-F31 -> 0
A32: 30 | B32: Operating Expense | D32: ='State Bud Amnd(6)-13613'!G40 -> 0 | E32: 0 | F32: =E32+'(Feb) State Fin-13650'!F32 -> 0 | G32: =D32-F32 -> 0
A33: 40 | B33: Travel & Per Diem | D33: ='State Bud Amnd(6)-13613'!G41 -> 0 | E33: 0 | F33: =E33+'(Feb) State Fin-13650'!F33 -> 0 | G33: =D33-F33 -> 0
A34: 41 | B34: Communication Services | D34: ='State Bud Amnd(6)-13613'!G42 -> 0 | E34: 0 | F34: =E34+'(Feb) State Fin-13650'!F34 -> 0 | G34: =D34-F34 -> 0
A35: 42 | B35: Freight Services | D35: ='State Bud Amnd(6)-13613'!G43 -> 0 | E35: 0 | F35: =E35+'(Feb) State Fin-13650'!F35 -> 0 | G35: =D35-F35 -> 0
A36: 43 | B36: Utility Service | D36: ='State Bud Amnd(6)-13613'!G44 -> 0 | E36: 0 | F36: =E36+'(Feb) State Fin-13650'!F36 -> 0 | G36: =D36-F36 -> 0
A37: 44 | B37: Rentals & Leases | D37: ='State Bud Amnd(6)-13613'!G45 -> 0 | E37: 0 | F37: =E37+'(Feb) State Fin-13650'!F37 -> 0 | G37: =D37-F37 -> 0
A38: 45 | B38: Insurance | D38: ='State Bud Amnd(6)-13613'!G46 -> 0 | E38: 0 | F38: =E38+'(Feb) State Fin-13650'!F38 -> 0 | G38: =D38-F38 -> 0
A39: 46 | B39: Repairs & Maintenance | D39: ='State Bud Amnd(6)-13613'!G47 -> 0 | E39: 0 | F39: =E39+'(Feb) State Fin-13650'!F39 -> 0 | G39: =D39-F39 -> 0
A40: 47 | B40: Printing and Binding | D40: ='State Bud Amnd(6)-13613'!G48 -> 0 | E40: 0 | F40: =E40+'(Feb) State Fin-13650'!F40 -> 0 | G40: =D40-F40 -> 0
A41: 48 | B41: Promotional Activities | D41: ='State Bud Amnd(6)-13613'!G49 -> 0 | E41: 0 | F41: =E41+'(Feb) State Fin-13650'!F41 -> 0 | G41: =D41-F41 -> 0
... A57: 99 | B57: Payment of Prior Year Accounts | D57: ='State Bud Amnd(6)-13613'!G65 -> 0 | E57: 0 | F57: =E57+'(Feb) State Fin-13650'!F57 -> 0 | G57: =D57-F57 -> 0
A58: TOTAL BUDGET AND CHARGES | D58: =SUM(D30:D57) -> 0 | E58: =SUM(E30:E57) -> 0 | F58: =SUM(F30:F57) -> 0 | G58: =SUM(G30:G57) -> 0
A59: 0.001 | B59: Reserves - Future Capital Outlay | D59: ='State Bud Amnd(6)-13613'!G67 -> 0 | E59: 0 | F59: =E59+'(Feb) State Fin-13650'!F59 -> 0 | G59: =D59-F59 -> 0
A60: 0.002 | B60: Reserves - Self-Insurance | D60: ='State Bud Amnd(6)-13613'!G68 -> 0 | E60: 0 | F60: =E60+'(Feb) State Fin-13650'!F60 -> 0 | G60: =D60-F60 -> 0
A61: 0.003 | B61: Reserves - Cash Balance to be Carried Forward | D61: ='State Bud Amnd(6)-13613'!G69 -> 0 | E61: 0 | F61: =E61+'(Feb) State Fin-13650'!F61 -> 0 | G61: =D61-F61 -> 0
A62: 0.004 | B62: Reserves - Sick and Annual Leave | D62: ='State Bud Amnd(6)-13613'!G70 -> 0 | E62: 0 | F62: =E62+'(Feb) State Fin-13650'!F62 -> 0 | G62: =D62-F62 -> 0
A63: TOTAL RESERVES ENDING BALANCE | D63: =SUM(D59:D62) -> 0 | E63: =SUM(E59:E62) -> 0 | F63: =SUM(F59:F62) -> 0 | G63: =SUM(G59:G62) -> 0
A64: TOTAL BUDGETARY EXPENDITURES and BALANCES | D64: =SUM(D63,D58) -> 0 | E64: =SUM(E63,E58) -> 0 | F64: =SUM(F58,F63) -> 0 | G64: =SUM(G58,G63) -> 0
A65: ENDING FUND BALANCE | D65: =D25-D64 -> 0 | E65: =E25-E64 -> 0 | F65: =F25-F64 -> 0 | G65: =G25-G64 -> 0
A66: By submission of this monthly report of receipts, expenditures, and balances, I attest it is true and correct.
A69: FDACS-13650 Rev. 07/13 | E69: Director Signature | G69: Date

Sheet State Bud Amnd(7)-13613
C1: Florida Department of Agriculture and Consumer Services
C2: Division of Agricultural Environmental Services
C4: ARTHROPOD CONTROL BUDGET AMENDMENT
C6: Rule 5E-13.027, F.A.C.
C7: Telephone: (850) 617-7911; Fax (850) 617-7939
A9: A STATEMENT EXPLAINING AND JUSTIFYING THE PROPOSED CHANGES SHOULD ACCOMPANY EACH APPLICATION FOR BUDGET AMENDMENT. USE PAGE TWO FOR THIS PURPOSE.
A11: Amendment No. | D11: Fiscal Year: | E11: ='State Bud Amnd(1)-13613'!E10 -> 2018-2019 | F11: Date:
A12: Amending: Local Funds State Funds X (Check appropriate fund account to be amended. Use a separate form for each fund). The
A13: Board of Commissioners for | C13: ='Annl Cert. Bud-13617'!C9 -> 0 | D13: District hereby submits to the Department of Agriculture and Consumer Services,
A14: for its consideration and approval, the following amendment for the current fiscal year as follows:
A15: ESTIMATED RECEIPTS
A16: NOTE: The budget cannot be amended to show an increase in receipts over the amount budgeted unless authorized.
A17: Total Available Cash and Receipts | C17: Reserves | D17: Present Budget | E17: Increase Request | F17: Decrease Request | G17: Revised Budget
A18: =D34 -> 0 | C18: =D71 -> 0 | D18: =D72 -> 0 | E18: =E72 -> 0 | F18: =F72 -> 0 | G18: =G72 -> 0
A19: NAME SOURCE OF INCREASE: (Explain Decrease)
A21: BUDGETED RECEIPTS
A22: ACCT NO | B22: Description | D22: Present Budget | E22: Increase Request | F22: Decrease Request | G22: Revised Budget
A23: 311 | B23: Ad Valorem (Current/Delinquent) | D23: ='State Bud Amnd(6)-13613'!G23 -> 0 | E23: 0 | F23: 0 | G23: =D23+E23-F23 -> 0
A24: 334.1 | B24: State Grant | D24: ='State Bud Amnd(6)-13613'!G24 -> 0 | E24: 0 | F24: 0 | G24: =D24+E24-F24 -> 0
A25: 362 | B25: Equipment Rentals | D25: ='State Bud Amnd(6)-13613'!G25 -> 0 | E25: 0 | F25: 0 | G25: =D25+E25-F25 -> 0
A26: 337 | B26: Grants and Donations | D26: ='State Bud Amnd(6)-13613'!G26 -> 0 | E26: 0 | F26: 0 | G26: =D26+E26-F26 -> 0
A27: 361 | B27: Interest Earnings | D27: ='State Bud Amnd(6)-13613'!G27 -> 0 | E27: 0 | F27: 0 | G27: =D27+E27-F27 -> 0
A28: 364 | B28: Equipment and/or Other Sales | D28: ='State Bud Amnd(6)-13613'!G28 -> 0 | E28: 0 | F28: 0 | G28: =D28+E28-F28 -> 0
A29: 369 | B29: Misc./Refunds (prior yr expenditures) | D29: ='State Bud Amnd(6)-13613'!G29 -> 0 | E29: 0 | F29: 0 | G29: =D29+E29-F29 -> 0
A30: 380 | B30: Other Sources | D30: ='State Bud Amnd(6)-13613'!G30 -> 0 | E30: 0 | F30: 0 | G30: =D30+E30-F30 -> 0
A31: 389 | B31: Loans | D31: ='State Bud Amnd(6)-13613'!G31 -> 0 | E31: 0 | F31: 0 | G31: =D31+E31-F31 -> 0
A32: TOTAL RECEIPTS | D32: =SUM(D23:D31) -> 0 | E32: =SUM(E23:E31) -> 0 | F32: =SUM(F23:F31) -> 0 | G32: =SUM(G23:G31) -> 0
A33: Beginning Fund Balance | D33: ='State Bud Amnd(6)-13613'!G33 -> 0 | E33: 0 | F33: 0 | G33: =D33+E33-F33 -> 0
A34: Total Budgetary Receipts & Balances | D34: =SUM(D32:D33) -> 0 | E34: =SUM(E32:E33) -> 0 | F34: =SUM(F32:F33) -> 0 | G34: =SUM(G32:G33) -> 0
A35: BUDGETED EXPENDITURES
A36: NOTE: Total increase must equal total decrease, unless the total "Present Budget" is revised.
A37: ACCT NO | B37: Uniform Accounting System Transaction | D37: Present Budget | E37: Increase Request | F37: Decrease Request | G37: Revised Budget
A38: 10 | B38: Personal Services | D38: ='State Bud Amnd(6)-13613'!G38 -> 0 | E38: 0 | F38: 0 | G38: =D38+E38-F38 -> 0
A39: 20 | B39: Personal Services Benefits | D39: ='State Bud Amnd(6)-13613'!G39 -> 0 | E39: 0 | F39: 0 | G39: =D39+E39-F39 -> 0
A40: 30 | B40: Operating Expense | D40: ='State Bud Amnd(6)-13613'!G40 -> 0 | E40: 0 | F40: 0 | G40: =D40+E40-F40 -> 0
A41: 40 | B41: Travel & Per Diem | D41: ='State Bud Amnd(6)-13613'!G41 -> 0 | E41: 0 | F41: 0 | G41: =D41+E41-F41 -> 0
A42: 41 | B42: Communication Services | D42: ='State Bud Amnd(6)-13613'!G42 -> 0 | E42: 0 | F42: 0 | G42: =D42+E42-F42 -> 0
A43: 42 | B43: Freight Services | D43: ='State Bud Amnd(6)-13613'!G43 -> 0 | E43: 0 | F43: 0 | G43: =D43+E43-F43 -> 0
A44: 43 | B44: Utility Service | D44: ='State Bud Amnd(6)-13613'!G44 -> 0 | E44: 0 | F44: 0 | G44: =D44+E44-F44 -> 0
A45: 44 | B45: Rentals & Leases | D45: ='State Bud Amnd(6)-13613'!G45 -> 0 | E45: 0 | F45: 0 | G45: =D45+E45-F45 -> 0
A46: 45 | B46: Insurance | D46: ='State Bud Amnd(6)-13613'!G46 -> 0 | E46: 0 | F46: 0 | G46: =D46+E46-F46 -> 0
A47: 46 | B47: Repairs & Maint | D47: ='State Bud Amnd(6)-13613'!G47 -> 0 | E47: 0 | F47: 0 | G47: =D47+E47-F47 -> 0
A48: 47 | B48: Printing and Binding | D48: ='State Bud Amnd(6)-13613'!G48 -> 0 | E48: 0 | F48: 0 | G48: =D48+E48-F48 -> 0
A49: 48 | B49: Promotional Activities | D49: ='State Bud Amnd(6)-13613'!G49 -> 0 | E49: 0 | F49: 0 | G49: =D49+E49-F49 -> 0
... A65: 99 | B65: Payment of Prior Year Accounts | D65: ='State Bud Amnd(6)-13613'!G65 -> 0 | E65: 0 | F65: 0 | G65: =D65+E65-F65 -> 0
A66: TOTAL BUDGET AND CHANGES | D66: =SUM(D38:D65) -> 0 | E66: =SUM(E38:E65) -> 0 | F66: =SUM(F38:F65) -> 0 | G66: =SUM(G38:G65) -> 0
A67: 0.001 | B67: Reserves - Future Capital Outlay | D67: ='State Bud Amnd(6)-13613'!G67 -> 0 | E67: 0 | F67: 0 | G67: =D67+E67-F67 -> 0
A68: 0.002 | B68: Reserves - Self-Insurance | D68: ='State Bud Amnd(6)-13613'!G68 -> 0 | E68: 0 | F68: 0 | G68: =D68+E68-F68 -> 0
A69: 0.003 | B69: Reserves - Cash Balance to be Carried Forward | D69: ='State Bud Amnd(6)-13613'!G69 -> 0 | E69: 0 | F69: 0 | G69: =D69+E69-F69 -> 0
A70: 0.004 | B70: Reserves - Sick and Annual Leave | D70: ='State Bud Amnd(6)-13613'!G70 -> 0 | E70: 0 | F70: 0 | G70: =D70+E70-F70 -> 0
A71: TOTAL RESERVES | D71: =SUM(D67:D70) -> 0 | E71: =SUM(E67:E70) -> 0 | F71: =SUM(F67:F70) -> 0 | G71: =SUM(G67:G70) -> 0
A72: TOTAL BUDGETARY EXPENDITURES and BALANCES | D72: =D66+D71 -> 0 | E72: =E66+E71 -> 0 | F72: =F66+F71 -> 0 | G72: =G66+G71 -> 0
A73: ENDING FUND BALANCE | D73: =D34-D72 -> 0 | E73: =E34-E72 -> 0 | F73: =F34-F72 -> 0 | G73: =G34-G72 -> 0
A74: APPROVED:_____________________________________________________ | F74: DATE______________________
B75: Chairman of the Board, or Clerk of Circuit Court
A76: APPROVED:_____________________________________________________ | F76: DATE______________________
B77: Mosquito Control Program
A78: FDACS-13613 Rev. 07/13

Sheet (Apr) State Fin-13650
C1: Florida Department of Agriculture and Consumer Services
C2: Division of Agricultural Environmental Services
C4: MOSQUITO CONTROL MONTHLY REPORT - STATE FUNDS
C6: Rule 5E-13.027, F.A.C.
C7: Telephone: (850) 617-7911; Fax (850) 617-7939
A9: COUNTY/ DISTRICT | C9: ='Annl Cert. Bud-13617'!C9 -> 0 | D9: FISCAL YEAR: | E9: ='State Bud Amnd(1)-13613'!E10 -> 2018-2019 | F9: MONTH: | G9: April
A11: STATE FUNDS RECEIPTS AND BALANCES
A12: ACCT NO | B12: DESCRIPTION | D12: Budgeted | E12: Monthly | F12: Receipts Year | G12: Balance to Be
D13: Receipts | E13: Receipts | F13: to Date | G13: Collected
A14: 311 | B14: Ad Valorem (Current/Delinquent) | D14: ='State Bud Amnd(7)-13613'!G23 -> 0 | E14: 0 | F14: =E14+'(Mar) State Fin-13650'!F14 -> 0 | G14: =D14-F14 -> 0
A15: 334.1 | B15: State Grant | D15: ='State Bud Amnd(7)-13613'!G24 -> 0 | E15: 0 | F15: =E15+'(Mar) State Fin-13650'!F15 -> 0 | G15: =D15-F15 -> 0
A16: 362 | B16: Equipment Rentals | D16: ='State Bud Amnd(7)-13613'!G25 -> 0 | E16: 0 | F16: =E16+'(Mar) State Fin-13650'!F16 -> 0 | G16: =D16-F16 -> 0
A17: 337 | B17: Grants and Donations | D17: ='State Bud Amnd(7)-13613'!G26 -> 0 | E17: 0 | F17: =E17+'(Mar) State Fin-13650'!F17 -> 0 | G17: =D17-F17 -> 0
A18: 361 | B18: Interest Earnings | D18: ='State Bud Amnd(7)-13613'!G27 -> 0 | E18: 0 | F18: =E18+'(Mar) State Fin-13650'!F18 -> 0 | G18: =D18-F18 -> 0
A19: 364 | B19: Equipment and/or Other Sales | D19: ='State Bud Amnd(7)-13613'!G28 -> 0 | E19: 0 | F19: =E19+'(Mar) State Fin-13650'!F19 -> 0 | G19: =D19-F19 -> 0
A20: 369 | B20: Misc./Refunds (prior yr expenditures) | D20: ='State Bud Amnd(7)-13613'!G29 -> 0 | E20: 0 | F20: =E20+'(Mar) State Fin-13650'!F20 -> 0 | G20: =D20-F20 -> 0
A21: 380 | B21: Other Sources | D21: ='State Bud Amnd(7)-13613'!G30 -> 0 | E21: 0 | F21: =E21+'(Mar) State Fin-13650'!F21 -> 0 | G21: =D21-F21 -> 0
A22: 389 | B22: Loans | D22: ='State Bud Amnd(7)-13613'!G31 -> 0 | E22: 0 | F22: =E22+'(Mar) State Fin-13650'!F22 -> 0 | G22: =D22-F22 -> 0
A23: TOTAL RECEIPTS | D23: =SUM(D14:D22) -> 0 | E23: =SUM(E14:E22) -> 0 | F23: =SUM(F14:F22) -> 0 | G23: =SUM(G14:G22) -> 0
A24: BEGINNING FUND BALANCE | D24: ='State Bud Amnd(7)-13613'!G33 -> 0 | E24: 0 | F24: =E24+'(Mar) State Fin-13650'!F24 -> 0 | G24: =D24-F24 -> 0
A25: Total Receipts & Balance | D25: =SUM(D23:D24) -> 0 | E25: =SUM(E23:E24) -> 0 | F25: =SUM(F23:F24) -> 0 | G25: =SUM(G23:G24) -> 0
A27: STATE FUNDS EXPENDITURES AND BALANCES
A28: ACCT NO | B28: Uniform Accounting System Transaction Code | D28: Budgeted | E28: Monthly | F28: Expenditures Year | G28: Balance to Be
D29: Expenditures | E29: Expenditures | F29: to Date | G29: Expended
A30: 10 | B30: Personal Services | D30: ='State Bud Amnd(7)-13613'!G38 -> 0 | E30: 0 | F30: =E30+'(Mar) State Fin-13650'!F30 -> 0 | G30: =D30-F30 -> 0
A31: 20 | B31: Personal Services Benefits | D31: ='State Bud Amnd(7)-13613'!G39 -> 0 | E31: 0 | F31: =E31+'(Mar) State Fin-13650'!F31 -> 0 | G31: =D31-F31 -> 0
A32: 30 | B32: Operating Expense | D32: ='State Bud Amnd(7)-13613'!G40 -> 0 | E32: 0 | F32: =E32+'(Mar) State Fin-13650'!F32 -> 0 | G32: =D32-F32 -> 0
A33: 40 | B33: Travel & Per Diem | D33: ='State Bud Amnd(7)-13613'!G41 -> 0 | E33: 0 | F33: =E33+'(Mar) State Fin-13650'!F33 -> 0 | G33: =D33-F33 -> 0
A34: 41 | B34: Communication Services | D34: ='State Bud Amnd(7)-13613'!G42 -> 0 | E34: 0 | F34: =E34+'(Mar) State Fin-13650'!F34 -> 0 | G34: =D34-F34 -> 0
A35: 42 | B35: Freight Services | D35: ='State Bud Amnd(7)-13613'!G43 -> 0 | E35: 0 | F35: =E35+'(Mar) State Fin-13650'!F35 -> 0 | G35: =D35-F35 -> 0
A36: 43 | B36: Utility Service | D36: ='State Bud Amnd(7)-13613'!G44 -> 0 | E36: 0 | F36: =E36+'(Mar) State Fin-13650'!F36 -> 0 | G36: =D36-F36 -> 0
A37: 44 | B37: Rentals & Leases | D37: ='State Bud Amnd(7)-13613'!G45 -> 0 | E37: 0 | F37: =E37+'(Mar) State Fin-13650'!F37 -> 0 | G37: =D37-F37 -> 0
A38: 45 | B38: Insurance | D38: ='State Bud Amnd(7)-13613'!G46 -> 0 | E38: 0 | F38: =E38+'(Mar) State Fin-13650'!F38 -> 0 | G38: =D38-F38 -> 0
A39: 46 | B39: Repairs & Maintenance | D39: ='State Bud Amnd(7)-13613'!G47 -> 0 | E39: 0 | F39: =E39+'(Mar) State Fin-13650'!F39 -> 0 | G39: =D39-F39 -> 0
A40: 47 | B40: Printing and Binding | D40: ='State Bud Amnd(7)-13613'!G48 -> 0 | E40: 0 | F40: =E40+'(Mar) State Fin-13650'!F40 -> 0 | G40: =D40-F40 -> 0
A41: 48 | B41: Promotional Activities | D41: ='State Bud Amnd(7)-13613'!G49 -> 0 | E41: 0 | F41: =E41+'(Mar) State Fin-13650'!F41 -> 0 | G41: =D41-F41 -> 0
... A57: 99 | B57: Payment of Prior Year Accounts | D57: ='State Bud Amnd(7)-13613'!G65 -> 0 | E57: 0 | F57: =E57+'(Mar) State Fin-13650'!F57 -> 0 | G57: =D57-F57 -> 0
A58: TOTAL BUDGET AND CHARGES | D58: =SUM(D30:D57) -> 0 | E58: =SUM(E30:E57) -> 0 | F58: =SUM(F30:F57) -> 0 | G58: =SUM(G30:G57) -> 0
A59: 0.001 | B59: Reserves - Future Capital Outlay | D59: ='State Bud Amnd(7)-13613'!G67 -> 0 | E59: 0 | F59: =E59+'(Mar) State Fin-13650'!F59 -> 0 | G59: =D59-F59 -> 0
A60: 0.002 | B60: Reserves - Self-Insurance | D60: ='State Bud Amnd(7)-13613'!G68 -> 0 | E60: 0 | F60: =E60+'(Mar) State Fin-13650'!F60 -> 0 | G60: =D60-F60 -> 0
A61: 0.003 | B61: Reserves - Cash Balance to be Carried Forward | D61: ='State Bud Amnd(7)-13613'!G69 -> 0 | E61: 0 | F61: =E61+'(Mar) State Fin-13650'!F61 -> 0 | G61: =D61-F61 -> 0
A62: 0.004 | B62: Reserves - Sick and Annual Leave | D62: ='State Bud Amnd(7)-13613'!G70 -> 0 | E62: 0 | F62: =E62+'(Mar) State Fin-13650'!F62 -> 0 | G62: =D62-F62 -> 0
A63: TOTAL RESERVES ENDING BALANCE | D63: =SUM(D59:D62) -> 0 | E63: =SUM(E59:E62) -> 0 | F63: =SUM(F59:F62) -> 0 | G63: =SUM(G59:G62) -> 0
A64: TOTAL BUDGETARY EXPENDITURES and BALANCES | D64: =SUM(D63,D58) -> 0 | E64: =SUM(E63,E58) -> 0 | F64: =SUM(F58,F63) -> 0 | G64: =SUM(G58,G63) -> 0
A65: ENDING FUND BALANCE | D65: =D25-D64 -> 0 | E65: =E25-E64 -> 0 | F65: =F25-F64 -> 0 | G65: =G25-G64 -> 0
A66: By submission of this monthly report of receipts, expenditures, and balances, I attest it is true and correct.
A69: FDACS-13650 Rev. 07/13 | E69: Director Signature | G69: Date

Sheet State Bud Amnd(8)-13613
C1: Florida Department of Agriculture and Consumer Services
C2: Division of Agricultural Environmental Services
C4: ARTHROPOD CONTROL BUDGET AMENDMENT
C6: Rule 5E-13.027, F.A.C.
C7: Telephone: (850) 617-7911; Fax (850) 617-7939
A9: A STATEMENT EXPLAINING AND JUSTIFYING THE PROPOSED CHANGES SHOULD ACCOMPANY EACH APPLICATION FOR BUDGET AMENDMENT. USE PAGE TWO FOR THIS PURPOSE.
A11: Amendment No. | D11: Fiscal Year: | E11: ='State Bud Amnd(1)-13613'!E10 -> 2018-2019 | F11: Date:
A12: Amending: Local Funds State Funds X (Check appropriate fund account to be amended. Use a separate form for each fund). The
A13: Board of Commissioners for | C13: ='Annl Cert. Bud-13617'!C9 -> 0 | D13: District hereby submits to the Department of Agriculture and Consumer Services,
A14: for its consideration and approval, the following amendment for the current fiscal year as follows:
A15: \
A16: NOTE: The budget cannot be amended to show an increase in receipts over the amount budgeted unless authorized.
A17: Total Available Cash and Receipts | C17: Reserves | D17: Present Budget | E17: Increase Request | F17: Decrease Request | G17: Revised Budget
A18: =D34 -> 0 | C18: =D71 -> 0 | D18: =D72 -> 0 | E18: =E72 -> 0 | F18: =F72 -> 0 | G18: =G72 -> 0
A19: NAME SOURCE OF INCREASE: (Explain Decrease)
A21: BUDGETED RECEIPTS
A22: ACCT NO | B22: Description | D22: Present Budget | E22: Increase Request | F22: Decrease Request | G22: Revised Budget
A23: 311 | B23: Ad Valorem (Current/Delinquent) | D23: ='State Bud Amnd(7)-13613'!G23 -> 0 | E23: 0 | F23: 0 | G23: =D23+E23-F23 -> 0
A24: 334.1 | B24: State Grant | D24: ='State Bud Amnd(7)-13613'!G24 -> 0 | E24: 0 | F24: 0 | G24: =D24+E24-F24 -> 0
A25: 362 | B25: Equipment Rentals | D25: ='State Bud Amnd(7)-13613'!G25 -> 0 | E25: 0 | F25: 0 | G25: =D25+E25-F25 -> 0
A26: 337 | B26: Grants and Donations | D26: ='State Bud Amnd(7)-13613'!G26 -> 0 | E26: 0 | F26: 0 | G26: =D26+E26-F26 -> 0
A27: 361 | B27: Interest Earnings | D27: ='State Bud Amnd(7)-13613'!G27 -> 0 | E27: 0 | F27: 0 | G27: =D27+E27-F27 -> 0
A28: 364 | B28: Equipment and/or Other Sales | D28: ='State Bud Amnd(7)-13613'!G28 -> 0 | E28: 0 | F28: 0 | G28: =D28+E28-F28 -> 0
A29: 369 | B29: Misc./Refunds (prior yr expenditures) | D29: ='State Bud Amnd(7)-13613'!G29 -> 0 | E29: 0 | F29: 0 | G29: =D29+E29-F29 -> 0
A30: 380 | B30: Other Sources | D30: ='State Bud Amnd(7)-13613'!G30 -> 0 | E30: 0 | F30: 0 | G30: =D30+E30-F30 -> 0
A31: 389 | B31: Loans | D31: ='State Bud Amnd(7)-13613'!G31 -> 0 | E31: 0 | F31: 0 | G31: =D31+E31-F31 -> 0
A32: TOTAL RECEIPTS | D32: =SUM(D23:D31) -> 0 | E32: =SUM(E23:E31) -> 0 | F32: =SUM(F23:F31) -> 0 | G32: =SUM(G23:G31) -> 0
A33: Beginning Fund Balance | D33: ='State Bud Amnd(7)-13613'!G33 -> 0 | E33: 0 | F33: 0 | G33: =D33+E33-F33 -> 0
A34: Total Budgetary Receipts & Balances | D34: =SUM(D32:D33) -> 0 | E34: =SUM(E32:E33) -> 0 | F34: =SUM(F32:F33) -> 0 | G34: =SUM(G32:G33) -> 0
A35: BUDGETED EXPENDITURES
A36: NOTE: Total increase must equal total decrease, unless the total "Present Budget" is revised.
A37: ACCT NO | B37: Uniform Accounting System Transaction | D37: Present Budget | E37: Increase Request | F37: Decrease Request | G37: Revised Budget
A38: 10 | B38: Personal Services | D38: ='State Bud Amnd(7)-13613'!G38 -> 0 | E38: 0 | F38: 0 | G38: =D38+E38-F38 -> 0
A39: 20 | B39: Personal Service Benefits | D39: ='State Bud Amnd(7)-13613'!G39 -> 0 | E39: 0 | F39: 0 | G39: =D39+E39-F39 -> 0
A40: 30 | B40: Operating Expense | D40: ='State Bud Amnd(7)-13613'!G40 -> 0 | E40: 0 | F40: 0 | G40: =D40+E40-F40 -> 0
A41: 40 | B41: Travel & Per Diem | D41: ='State Bud Amnd(7)-13613'!G41 -> 0 | E41: 0 | F41: 0 | G41: =D41+E41-F41 -> 0
A42: 41 | B42: Communication Services | D42: ='State Bud Amnd(7)-13613'!G42 -> 0 | E42: 0 | F42: 0 | G42: =D42+E42-F42 -> 0
A43: 42 | B43: Freight Services | D43: ='State Bud Amnd(7)-13613'!G43 -> 0 | E43: 0 | F43: 0 | G43: =D43+E43-F43 -> 0
A44: 43 | B44: Utility Service | D44: ='State Bud Amnd(7)-13613'!G44 -> 0 | E44: 0 | F44: 0 | G44: =D44+E44-F44 -> 0
A45: 44 | B45: Rentals & Leases | D45: ='State Bud Amnd(7)-13613'!G45 -> 0 | E45: 0 | F45: 0 | G45: =D45+E45-F45 -> 0
A46: 45 | B46: Insurance | D46: ='State Bud Amnd(7)-13613'!G46 -> 0 | E46: 0 | F46: 0 | G46: =D46+E46-F46 -> 0
A47: 46 | B47: Repairs & Maintenance | D47: ='State Bud Amnd(7)-13613'!G47 -> 0 | E47: 0 | F47: 0 | G47: =D47+E47-F47 -> 0
A48: 47 | B48: Printing and Binding | D48: ='State Bud Amnd(7)-13613'!G48 -> 0 | E48: 0 | F48: 0 | G48: =D48+E48-F48 -> 0
A49: 48 | B49: Promotional Activities | D49: ='State Bud Amnd(7)-13613'!G49 -> 0 | E49: 0 | F49: 0 | G49: =D49+E49-F49 -> 0
... A65: 99 | B65: Payment of Prior Year Accounts | D65: ='State Bud Amnd(7)-13613'!G65 -> 0 | E65: 0 | F65: 0 | G65: =D65+E65-F65 -> 0
A66: TOTAL BUDGET AND CHARGES | D66: =SUM(D38:D65) -> 0 | E66: =SUM(E38:E65) -> 0 | F66: =SUM(F38:F65) -> 0 | G66: =SUM(G38:G65) -> 0
A67: 0.001 | B67: Reserves - Future Capital Outlay | D67: ='State Bud Amnd(7)-13613'!G67 -> 0 | E67: 0 | F67: 0 | G67: =D67+E67-F67 -> 0
A68: 0.002 | B68: Reserves - Self-Insurance | D68: ='State Bud Amnd(7)-13613'!G68 -> 0 | E68: 0 | F68: 0 | G68: =D68+E68-F68 -> 0
A69: 0.003 | B69: Reserves - Cash Balance to be Carried Forward | D69: ='State Bud Amnd(7)-13613'!G69 -> 0 | E69: 0 | F69: 0 | G69: =D69+E69-F69 -> 0
A70: 0.004 | B70: Reserves - Sick and Annual Leave | D70: ='State Bud Amnd(7)-13613'!G70 -> 0 | E70: 0 | F70: 0 | G70: =D70+E70-F70 -> 0
A71: TOTAL RESERVES | D71: =SUM(D67:D70) -> 0 | E71: =SUM(E67:E70) -> 0 | F71: =SUM(F67:F70) -> 0 | G71: =SUM(G67:G70) -> 0
A72: TOTAL BUDGETARY EXPENDITURES and BALANCES | D72: =D66+D71 -> 0 | E72: =E66+E71 -> 0 | F72: =F66+F71 -> 0 | G72: =G66+G71 -> 0
A73: ENDING FUND BALANCE | D73: =D34-D72 -> 0 | E73: =E34-E72 -> 0 | F73: =F34-F72 -> 0 | G73: =G34-G72 -> 0
A74: APPROVED:_____________________________________________________ | F74: DATE______________________
B75: Chairman of the Board, or Clerk of Circuit Court
A76: APPROVED:_____________________________________________________ | F76: DATE______________________
B77: Mosquito Control Program
A78: FDACS-13613 Rev. 07/13

Sheet (May) State Fin-13650
C1: Florida Department of Agriculture and Consumer Services
C2: Division of Agricultural Environmental Services
C4: MOSQUITO CONTROL MONTHLY REPORT - STATE FUNDS
C6: Rule 5E-13.027, F.A.C.
C7: Telephone: (850) 617-7911; Fax (850) 617-7939
A9: COUNTY/ DISTRICT | C9: ='Annl Cert. Bud-13617'!C9 -> 0 | D9: FISCAL YEAR: | E9: ='State Bud Amnd(1)-13613'!E10 -> 2018-2019 | F9: MONTH: | G9: May
A11: STATE FUNDS RECEIPTS AND BALANCES
A12: ACCT NO | B12: DESCRIPTION | D12: Budgeted | E12: Monthly | F12: Receipts Year | G12: Balance to Be
D13: Receipts | E13: Receipts | F13: to Date | G13: Collected
A14: 311 | B14: Ad Valorem (Current/Delinquent) | D14: ='State Bud Amnd(8)-13613'!G23 -> 0 | E14: 0 | F14: =E14+'(Apr) State Fin-13650'!F14 -> 0 | G14: =D14-F14 -> 0
A15: 334.1 | B15: State Grant | D15: ='State Bud Amnd(8)-13613'!G24 -> 0 | E15: 0 | F15: =E15+'(Apr) State Fin-13650'!F15 -> 0 | G15: =D15-F15 -> 0
A16: 362 | B16: Equipment Rentals | D16: ='State Bud Amnd(8)-13613'!G25 -> 0 | E16: 0 | F16: =E16+'(Apr) State Fin-13650'!F16 -> 0 | G16: =D16-F16 -> 0
A17: 337 | B17: Grants and Donations | D17: ='State Bud Amnd(8)-13613'!G26 -> 0 | E17: 0 | F17: =E17+'(Apr) State Fin-13650'!F17 -> 0 | G17: =D17-F17 -> 0
A18: 361 | B18: Interest Earnings | D18: ='State Bud Amnd(8)-13613'!G27 -> 0 | E18: 0 | F18: =E18+'(Apr) State Fin-13650'!F18 -> 0 | G18: =D18-F18 -> 0
A19: 364 | B19: Equipment and/or Other Sales | D19: ='State Bud Amnd(8)-13613'!G28 -> 0 | E19: 0 | F19: =E19+'(Apr) State Fin-13650'!F19 -> 0 | G19: =D19-F19 -> 0
A20: 369 | B20: Misc./Refunds (prior yr expenditures) | D20: ='State Bud Amnd(8)-13613'!G29 -> 0 | E20: 0 | F20: =E20+'(Apr) State Fin-13650'!F20 -> 0 | G20: =D20-F20 -> 0
A21: 380 | B21: Other Sources | D21: ='State Bud Amnd(8)-13613'!G30 -> 0 | E21: 0 | F21: =E21+'(Apr) State Fin-13650'!F21 -> 0 | G21: =D21-F21 -> 0
A22: 389 | B22: Loans | D22: ='State Bud Amnd(8)-13613'!G31 -> 0 | E22: 0 | F22: =E22+'(Apr) State Fin-13650'!F22 -> 0 | G22: =D22-F22 -> 0
A23: TOTAL RECEIPTS | D23: =SUM(D14:D22) -> 0 | E23: =SUM(E14:E22) -> 0 | F23: =SUM(F14:F22) -> 0 | G23: =SUM(G14:G22) -> 0
A24: BEGINNING FUND BALANCE | D24: ='State Bud Amnd(8)-13613'!G33 -> 0 | E24: 0 | F24: =E24+'(Apr) State Fin-13650'!F24 -> 0 | G24: =D24-F24 -> 0
A25: Total Receipts & Balance | D25: =SUM(D23:D24) -> 0 | E25: =SUM(E23:E24) -> 0 | F25: =SUM(F23:F24) -> 0 | G25: =SUM(G23:G24) -> 0
A27: STATE FUNDS EXPENDITURES AND BALANCES
A28: ACCT NO | B28: Uniform Accounting System Transaction Code | D28: Budgeted | E28: Monthly | F28: Expenditures Year | G28: Balance to Be
D29: Expenditures | E29: Expenditures | F29: to Date | G29: Expended
A30: 10 | B30: Personal Services | D30: ='State Bud Amnd(8)-13613'!G38 -> 0 | E30: 0 | F30: =E30+'(Apr) State Fin-13650'!F30 -> 0 | G30: =D30-F30 -> 0
A31: 20 | B31: Personal Service Benefits | D31: ='State Bud Amnd(8)-13613'!G39 -> 0 | E31: 0 | F31: =E31+'(Apr) State Fin-13650'!F31 -> 0 | G31: =D31-F31 -> 0
A32: 30 | B32: Operating Expense | D32: ='State Bud Amnd(8)-13613'!G40 -> 0 | E32: 0 | F32: =E32+'(Apr) State Fin-13650'!F32 -> 0 | G32: =D32-F32 -> 0
A33: 40 | B33: Travel & Per Diem | D33: ='State Bud Amnd(8)-13613'!G41 -> 0 | E33: 0 | F33: =E33+'(Apr) State Fin-13650'!F33 -> 0 | G33: =D33-F33 -> 0
A34: 41 | B34: Communication Services | D34: ='State Bud Amnd(8)-13613'!G42 -> 0 | E34: 0 | F34: =E34+'(Apr) State Fin-13650'!F34 -> 0 | G34: =D34-F34 -> 0
A35: 42 | B35: Freight Services | D35: ='State Bud Amnd(8)-13613'!G43 -> 0 | E35: 0 | F35: =E35+'(Apr) State Fin-13650'!F35 -> 0 | G35: =D35-F35 -> 0
A36: 43 | B36: Utility Service | D36: ='State Bud Amnd(8)-13613'!G44 -> 0 | E36: 0 | F36: =E36+'(Apr) State Fin-13650'!F36 -> 0 | G36: =D36-F36 -> 0
A37: 44 | B37: Rentals & Leases | D37: ='State Bud Amnd(8)-13613'!G45 -> 0 | E37: 0 | F37: =E37+'(Apr) State Fin-13650'!F37 -> 0 | G37: =D37-F37 -> 0
A38: 45 | B38: Insurance | D38: ='State Bud Amnd(8)-13613'!G46 -> 0 | E38: 0 | F38: =E38+'(Apr) State Fin-13650'!F38 -> 0 | G38: =D38-F38 -> 0
A39: 46 | B39: Repairs & Maintenance | D39: ='State Bud Amnd(8)-13613'!G47 -> 0 | E39: 0 | F39: =E39+'(Apr) State Fin-13650'!F39 -> 0 | G39: =D39-F39 -> 0
A40: 47 | B40: Printing and Binding | D40: ='State Bud Amnd(8)-13613'!G48 -> 0 | E40: 0 | F40: =E40+'(Apr) State Fin-13650'!F40 -> 0 | G40: =D40-F40 -> 0
A41: 48 | B41: Promotional Activities | D41: ='State Bud Amnd(8)-13613'!G49 -> 0 | E41: 0 | F41: =E41+'(Apr) State Fin-13650'!F41 -> 0 | G41: =D41-F41 -> 0
... A57: 99 | B57: Payment of Prior Year Accounts | D57: ='State Bud Amnd(8)-13613'!G65 -> 0 | E57: 0 | F57: =E57+'(Apr) State Fin-13650'!F57 -> 0 | G57: =D57-F57 -> 0
A58: TOTAL BUDGET AND CHARGES | D58: =SUM(D30:D57) -> 0 | E58: =SUM(E30:E57) -> 0 | F58: =SUM(F30:F57) -> 0 | G58: =SUM(G30:G57) -> 0
A59: 0.001 | B59: Reserves - Future Capital Outlay | D59: ='State Bud Amnd(8)-13613'!G67 -> 0 | E59: 0 | F59: =E59+'(Apr) State Fin-13650'!F59 -> 0 | G59: =D59-F59 -> 0
A60: 0.002 | B60: Reserves - Self-Insurance | D60: ='State Bud Amnd(8)-13613'!G68 -> 0 | E60: 0 | F60: =E60+'(Apr) State Fin-13650'!F60 -> 0 | G60: =D60-F60 -> 0
A61: 0.003 | B61: Reserves -Cash Balance to be Carried Forward | D61: ='State Bud Amnd(8)-13613'!G69 -> 0 | E61: 0 | F61: =E61+'(Apr) State Fin-13650'!F61 -> 0 | G61: =D61-F61 -> 0
A62: 0.004 | B62: Reserves - Sick and Annual Leave | D62: ='State Bud Amnd(8)-13613'!G70 -> 0 | E62: 0 | F62: =E62+'(Apr) State Fin-13650'!F62 -> 0 | G62: =D62-F62 -> 0
A63: TOTAL RESERVES ENDING BALANCE | D63: =SUM(D59:D62) -> 0 | E63: =SUM(E59:E62) -> 0 | F63: =SUM(F59:F62) -> 0 | G63: =SUM(G59:G62) -> 0
A64: TOTAL BUDGETARY EXPENDITURES and BALANCES | D64: =SUM(D63,D58) -> 0 | E64: =SUM(E63,E58) -> 0 | F64: =SUM(F58,F63) -> 0 | G64: =SUM(G58,G63) -> 0
A65: ENDING FUND BALANCE | D65: =D25-D64 -> 0 | E65: =E25-E64 -> 0 | F65: =F25-F64 -> 0 | G65: =G25-G64 -> 0
A66: By submission of this monthly report of receipts, expenditures, and balances, I attest it is true and correct.
A69: FDACS-13650 Rev. 07/13 | E69: Director Signature | G69: Date

Sheet State Bud Amnd(9)-13613
C1: Florida Department of Agriculture and Consumer Services
C2: Division of Agricultural Environmental Services
C4: ARTHROPOD CONTROL BUDGET AMENDMENT
C6: Rule 5E-13.027, F.A.C.
C7: Telephone: (850) 617-7911; Fax (850) 617-7939
A9: A STATEMENT EXPLAINING AND JUSTIFYING THE PROPOSED CHANGES SHOULD ACCOMPANY EACH APPLICATION FOR BUDGET AMENDMENT. USE PAGE TWO FOR THIS PURPOSE.
A11: Amendment No. | D11: Fiscal Year: | E11: ='State Bud Amnd(1)-13613'!E10 -> 2018-2019 | F11: Date:
A12: Amending: Local Funds State Funds X (Check appropriate fund account to be amended. Use a separate form for each fund). The
A13: Board of Commissioners for | C13: ='Annl Cert. Bud-13617'!C9 -> 0 | D13: District hereby submits to the Department of Agriculture and Consumer Services,
A14: for its consideration and approval, the following amendment for the current fiscal year as follows:
A15: ESTIMATED RECEIPTS
A16: NOTE: The budget cannot be amended to show an increase in receipts over the amount budgeted unless authorized.
A17: Total Available Cash and Receipts | C17: Reserves | D17: Present Budget | E17: Increase Request | F17: Decrease Request | G17: Revised Budget
A18: =D34 -> 0 | C18: =D71 -> 0 | D18: =D72 -> 0 | E18: =E72 -> 0 | F18: =F72 -> 0 | G18: =G72 -> 0
A19: NAME SOURCE OF INCREASE: (Explain Decrease)
A21: BUDGETED RECEIPTS
A22: ACCT NO | B22: Description | D22: Present Budget | E22: Increase Request | F22: Decrease Request | G22: Revised Budget
A23: 311 | B23: Ad Valorem (Current/Delinquent) | D23: ='State Bud Amnd(8)-13613'!G23 -> 0 | E23: 0 | F23: 0 | G23: =D23+E23-F23 -> 0
A24: 334.1 | B24: State Grant | D24: ='State Bud Amnd(8)-13613'!G24 -> 0 | E24: 0 | F24: 0 | G24: =D24+E24-F24 -> 0
A25: 362 | B25: Equipment Rentals | D25: ='State Bud Amnd(8)-13613'!G25 -> 0 | E25: 0 | F25: 0 | G25: =D25+E25-F25 -> 0
A26: 337 | B26: Grants and Donations | D26: ='State Bud Amnd(8)-13613'!G26 -> 0 | E26: 0 | F26: 0 | G26: =D26+E26-F26 -> 0
A27: 361 | B27: Interest Earnings | D27: ='State Bud Amnd(8)-13613'!G27 -> 0 | E27: 0 | F27: 0 | G27: =D27+E27-F27 -> 0
A28: 364 | B28: Equipment and/or Other Sales | D28: ='State Bud Amnd(8)-13613'!G28 -> 0 | E28: 0 | F28: 0 | G28: =D28+E28-F28 -> 0
A29: 369 | B29: Misc./Refunds (prior yr expenditures) | D29: ='State Bud Amnd(8)-13613'!G29 -> 0 | E29: 0 | F29: 0 | G29: =D29+E29-F29 -> 0
A30: 380 | B30: Other Sources | D30: ='State Bud Amnd(8)-13613'!G30 -> 0 | E30: 0 | F30: 0 | G30: =D30+E30-F30 -> 0
A31: 389 | B31: Loans | D31: ='State Bud Amnd(8)-13613'!G31 -> 0 | E31: 0 | F31: 0 | G31: =D31+E31-F31 -> 0
A32: TOTAL RECEIPTS | D32: =SUM(D23:D31) -> 0 | E32: =SUM(E23:E31) -> 0 | F32: =SUM(F23:F31) -> 0 | G32: =SUM(G23:G31) -> 0
A33: Beginning Fund Balance | D33: ='State Bud Amnd(8)-13613'!G33 -> 0 | E33: 0 | F33: 0 | G33: =D33+E33-F33 -> 0
A34: Total Budgetary Receipts & Balances | D34: =SUM(D32:D33) -> 0 | E34: =SUM(E32:E33) -> 0 | F34: =SUM(F32:F33) -> 0 | G34: =SUM(G32:G33) -> 0
A35: BUDGETED EXPENDITURES
A36: NOTE: Total increase must equal total decrease, unless the total "Present Budget" is revised.
A37: ACCT NO | B37: Uniform Accounting System Transaction | D37: Present Budget | E37: Increase Request | F37: Decrease Request | G37: Revised Budget
A38: 10 | B38: Personal Services | D38: ='State Bud Amnd(8)-13613'!G38 -> 0 | E38: 0 | F38: 0 | G38: =D38+E38-F38 -> 0
A39: 20 | B39: Personal Service Benefits | D39: ='State Bud Amnd(8)-13613'!G39 -> 0 | E39: 0 | F39: 0 | G39: =D39+E39-F39 -> 0
A40: 30 | B40: Operating Expense | D40: ='State Bud Amnd(8)-13613'!G40 -> 0 | E40: 0 | F40: 0 | G40: =D40+E40-F40 -> 0
A41: 40 | B41: Travel & Per Diem | D41: ='State Bud Amnd(8)-13613'!G41 -> 0 | E41: 0 | F41: 0 | G41: =D41+E41-F41 -> 0
A42: 41 | B42: Communication Services | D42: ='State Bud Amnd(8)-13613'!G42 -> 0 | E42: 0 | F42: 0 | G42: =D42+E42-F42 -> 0
A43: 42 | B43: Freight Services | D43: ='State Bud Amnd(8)-13613'!G43 -> 0 | E43: 0 | F43: 0 | G43: =D43+E43-F43 -> 0
A44: 43 | B44: Utility Service | D44: ='State Bud Amnd(8)-13613'!G44 -> 0 | E44: 0 | F44: 0 | G44: =D44+E44-F44 -> 0
A45: 44 | B45: Rentals & Leases | D45: ='State Bud Amnd(8)-13613'!G45 -> 0 | E45: 0 | F45: 0 | G45: =D45+E45-F45 -> 0
A46: 45 | B46: Insurance | D46: ='State Bud Amnd(8)-13613'!G46 -> 0 | E46: 0 | F46: 0 | G46: =D46+E46-F46 -> 0
A47: 46 | B47: Repairs & Maintenance | D47: ='State Bud Amnd(8)-13613'!G47 -> 0 | E47: 0 | F47: 0 | G47: =D47+E47-F47 -> 0
A48: 47 | B48: Printing and Binding | D48: ='State Bud Amnd(8)-13613'!G48 -> 0 | E48: 0 | F48: 0 | G48: =D48+E48-F48 -> 0
A49: 48 | B49: Promotional Activities | D49: ='State Bud Amnd(8)-13613'!G49 -> 0 | E49: 0 | F49: 0 | G49: =D49+E49-F49 -> 0
... A65: 99 | B65: Payment of Prior Year Accounts | D65: ='State Bud Amnd(8)-13613'!G65 -> 0 | E65: 0 | F65: 0 | G65: =D65+E65-F65 -> 0
A66: TOTAL BUDGET AND CHARGES | D66: =SUM(D38:D65) -> 0 | E66: =SUM(E38:E65) -> 0 | F66: =SUM(F38:F65) -> 0 | G66: =SUM(G38:G65) -> 0
A67: 0.001 | B67: Reserves - Future Capital Outlay | D67: ='State Bud Amnd(8)-13613'!G67 -> 0 | E67: 0 | F67: 0 | G67: =D67+E67-F67 -> 0
A68: 0.002 | B68: Reserves - Self-Insurance | D68: ='State Bud Amnd(8)-13613'!G68 -> 0 | E68: 0 | F68: 0 | G68: =D68+E68-F68 -> 0
A69: 0.003 | B69: Reserves - Cash Balance to be Carried Forward | D69: ='State Bud Amnd(8)-13613'!G69 -> 0 | E69: 0 | F69: 0 | G69: =D69+E69-F69 -> 0
A70: 0.004 | B70: Reserves - Sick and Annual Leave | D70: ='State Bud Amnd(8)-13613'!G70 -> 0 | E70: 0 | F70: 0 | G70: =D70+E70-F70 -> 0
A71: TOTAL RESERVES | D71: =SUM(D67:D70) -> 0 | E71: =SUM(E67:E70) -> 0 | F71: =SUM(F67:F70) -> 0 | G71: =SUM(G67:G70) -> 0
A72: TOTAL BUDGETARY EXPENDITURES and BALANCES | D72: =D66+D71 -> 0 | E72: =E66+E71 -> 0 | F72: =F66+F71 -> 0 | G72: =G66+G71 -> 0
A73: ENDING FUND BALANCE | D73: =D34-D72 -> 0 | E73: =E34-E72 -> 0 | F73: =F34-F72 -> 0 | G73: =G34-G72 -> 0
A74: APPROVED:_____________________________________________________ | F74: DATE______________________
B75: Chairman of the Board, or Clerk of Circuit Court
A76: APPROVED:_____________________________________________________ | F76: DATE______________________
B77: Mosquito Control Program
A78: FDACS-13613 Rev. 07/13

Sheet (Jun) State Fin-13650
C1: Florida Department of Agriculture and Consumer Services
C2: Division of Agricultural Environmental Services
C4: MOSQUITO CONTROL MONTHLY REPORT - STATE FUNDS
C6: Rule 5E-13.027, F.A.C.
C7: Telephone: (850) 617-7911; Fax (850) 617-7939
A9: COUNTY/ DISTRICT | C9: ='Annl Cert. Bud-13617'!C9 -> 0 | D9: FISCAL YEAR: | E9: ='State Bud Amnd(1)-13613'!E10 -> 2018-2019 | F9: MONTH: | G9: June
A11: STATE FUNDS RECEIPTS AND BALANCES
A12: ACCT NO | B12: DESCRIPTION | D12: Budgeted | E12: Monthly | F12: Receipts Year | G12: Balance to Be
D13: Receipts | E13: Receipts | F13: to Date | G13: Collected
A14: 311 | B14: Ad Valorem (Current/Delinquent) | D14: ='State Bud Amnd(9)-13613'!G23 -> 0 | E14: 0 | F14: =E14+'(May) State Fin-13650'!F14 -> 0 | G14: =D14-F14 -> 0
A15: 334.1 | B15: State Grant | D15: ='State Bud Amnd(9)-13613'!G24 -> 0 | E15: 0 | F15: =E15+'(May) State Fin-13650'!F15 -> 0 | G15: =D15-F15 -> 0
A16: 362 | B16: Equipment Rentals | D16: ='State Bud Amnd(9)-13613'!G25 -> 0 | E16: 0 | F16: =E16+'(May) State Fin-13650'!F16 -> 0 | G16: =D16-F16 -> 0
A17: 337 | B17: Grants and Donations | D17: ='State Bud Amnd(9)-13613'!G26 -> 0 | E17: 0 | F17: =E17+'(May) State Fin-13650'!F17 -> 0 | G17: =D17-F17 -> 0
A18: 361 | B18: Interest Earnings | D18: ='State Bud Amnd(9)-13613'!G27 -> 0 | E18: 0 | F18: =E18+'(May) State Fin-13650'!F18 -> 0 | G18: =D18-F18 -> 0
A19: 364 | B19: Equipment and/or Other Sales | D19: ='State Bud Amnd(9)-13613'!G28 -> 0 | E19: 0 | F19: =E19+'(May) State Fin-13650'!F19 -> 0 | G19: =D19-F19 -> 0
A20: 369 | B20: Misc./Refunds (prior yr expenditures) | D20: ='State Bud Amnd(9)-13613'!G29 -> 0 | E20: 0 | F20: =E20+'(May) State Fin-13650'!F20 -> 0 | G20: =D20-F20 -> 0
A21: 380 | B21: Other Sources | D21: ='State Bud Amnd(9)-13613'!G30 -> 0 | E21: 0 | F21: =E21+'(May) State Fin-13650'!F21 -> 0 | G21: =D21-F21 -> 0
A22: 389 | B22: Loans | D22: ='State Bud Amnd(9)-13613'!G31 -> 0 | E22: 0 | F22: =E22+'(May) State Fin-13650'!F22 -> 0 | G22: =D22-F22 -> 0
A23: TOTAL RECEIPTS | D23: =SUM(D14:D22) -> 0 | E23: =SUM(E14:E22) -> 0 | F23: =SUM(F14:F22) -> 0 | G23: =SUM(G14:G22) -> 0
A24: BEGINNING FUND BALANCE | D24: ='State Bud Amnd(9)-13613'!G33 -> 0 | E24: 0 | F24: =E24+'(May) State Fin-13650'!F24 -> 0 | G24: =D24-F24 -> 0
A25: Total Receipts & Balance | D25: =SUM(D23:D24) -> 0 | E25: =SUM(E23:E24) -> 0 | F25: =SUM(F23:F24) -> 0 | G25: =SUM(G23:G24) -> 0
A27: STATE FUNDS EXPENDITURES AND BALANCES
A28: ACCT NO | B28: Uniform Accounting System Transaction Code | D28: Budgeted | E28: Monthly | F28: Expenditures Year | G28: Balance to Be
D29: Expenditures | E29: Expenditures | F29: to Date | G29: Expended
A30: 10 | B30: Personal Services | D30: ='State Bud Amnd(9)-13613'!G38 -> 0 | E30: 0 | F30: =E30+'(May) State Fin-13650'!F30 -> 0 | G30: =D30-F30 -> 0
A31: 20 | B31: Personal Service Benefits | D31: ='State Bud Amnd(9)-13613'!G39 -> 0 | E31: 0 | F31: =E31+'(May) State Fin-13650'!F31 -> 0 | G31: =D31-F31 -> 0
A32: 30 | B32: Operating Expense | D32: ='State Bud Amnd(9)-13613'!G40 -> 0 | E32: 0 | F32: =E32+'(May) State Fin-13650'!F32 -> 0 | G32: =D32-F32 -> 0
A33: 40 | B33: Travel & Per Diem | D33: ='State Bud Amnd(9)-13613'!G41 -> 0 | E33: 0 | F33: =E33+'(May) State Fin-13650'!F33 -> 0 | G33: =D33-F33 -> 0
A34: 41 | B34: Communication Services | D34: ='State Bud Amnd(9)-13613'!G42 -> 0 | E34: 0 | F34: =E34+'(May) State Fin-13650'!F34 -> 0 | G34: =D34-F34 -> 0
A35: 42 | B35: Freight Services | D35: ='State Bud Amnd(9)-13613'!G43 -> 0 | E35: 0 | F35: =E35+'(May) State Fin-13650'!F35 -> 0 | G35: =D35-F35 -> 0
A36: 43 | B36: Utility Service | D36: ='State Bud Amnd(9)-13613'!G44 -> 0 | E36: 0 | F36: =E36+'(May) State Fin-13650'!F36 -> 0 | G36: =D36-F36 -> 0
A37: 44 | B37: Rentals & Leases | D37: ='State Bud Amnd(9)-13613'!G45 -> 0 | E37: 0 | F37: =E37+'(May) State Fin-13650'!F37 -> 0 | G37: =D37-F37 -> 0
A38: 45 | B38: Insurance | D38: ='State Bud Amnd(9)-13613'!G46 -> 0 | E38: 0 | F38: =E38+'(May) State Fin-13650'!F38 -> 0 | G38: =D38-F38 -> 0
A39: 46 | B39: Repairs & Maintenance | D39: ='State Bud Amnd(9)-13613'!G47 -> 0 | E39: 0 | F39: =E39+'(May) State Fin-13650'!F39 -> 0 | G39: =D39-F39 -> 0
A40: 47 | B40: Printing and Binding | D40: ='State Bud Amnd(9)-13613'!G48 -> 0 | E40: 0 | F40: =E40+'(May) State Fin-13650'!F40 -> 0 | G40: =D40-F40 -> 0
A41: 48 | B41: Promotional Activities | D41: ='State Bud Amnd(9)-13613'!G49 -> 0 | E41: 0 | F41: =E41+'(May) State Fin-13650'!F41 -> 0 | G41: =D41-F41 -> 0
... A57: 99 | B57: Payment of Prior Year Accounts | D57: ='State Bud Amnd(9)-13613'!G65 -> 0 | E57: 0 | F57: =E57+'(May) State Fin-13650'!F57 -> 0 | G57: =D57-F57 -> 0
A58: TOTAL BUDGET AND CHARGES | D58: =SUM(D30:D57) -> 0 | E58: =SUM(E30:E57) -> 0 | F58: =SUM(F30:F57) -> 0 | G58: =SUM(G30:G57) -> 0
A59: 0.001 | B59: Reserves - Future Capital Outlay | D59: ='State Bud Amnd(9)-13613'!G67 -> 0 | E59: 0 | F59: =E59+'(May) State Fin-13650'!F59 -> 0 | G59: =D59-F59 -> 0
A60: 0.002 | B60: Reserves - Self-Insurance | D60: ='State Bud Amnd(9)-13613'!G68 -> 0 | E60: 0 | F60: =E60+'(May) State Fin-13650'!F60 -> 0 | G60: =D60-F60 -> 0
A61: 0.003 | B61: Reserves -Cash Balance to be Carried Forward | D61: ='State Bud Amnd(9)-13613'!G69 -> 0 | E61: 0 | F61: =E61+'(May) State Fin-13650'!F61 -> 0 | G61: =D61-F61 -> 0
A62: 0.004 | B62: Reserves - Sick and Annual Leave | D62: ='State Bud Amnd(9)-13613'!G70 -> 0 | E62: 0 | F62: =E62+'(May) State Fin-13650'!F62 -> 0 | G62: =D62-F62 -> 0
A63: TOTAL RESERVES ENDING BALANCE | D63: =SUM(D59:D62) -> 0 | E63: =SUM(E59:E62) -> 0 | F63: =SUM(F59:F62) -> 0 | G63: =SUM(G59:G62) -> 0
A64: TOTAL BUDGETARY EXPENDITURES and BALANCES | D64: =SUM(D63,D58) -> 0 | E64: =SUM(E63,E58) -> 0 | F64: =SUM(F58,F63) -> 0 | G64: =SUM(G58,G63) -> 0
A65: ENDING FUND BALANCE | D65: =D25-D64 -> 0 | E65: =E25-E64 -> 0 | F65: =F25-F64 -> 0 | G65: =G25-G64 -> 0
A66: By submission of this monthly report of receipts, expenditures, and balances, I attest it is true and correct.
A69: FDACS-13650 Rev. 07/13 | E69: Director Signature | G69: Date

Sheet State Bud Amnd(10)-13613
C1: Florida Department of Agriculture and Consumer Services
C2: Division of Agricultural Environmental Services
C4: ARTHROPOD CONTROL BUDGET AMENDMENT
C6: Rule 5E-13.027, F.A.C.
C7: Telephone: (850) 617-7911; Fax (850) 617-7939
A9: A STATEMENT EXPLAINING AND JUSTIFYING THE PROPOSED CHANGES SHOULD ACCOMPANY EACH APPLICATION FOR BUDGET AMENDMENT. USE PAGE TWO FOR THIS PURPOSE.
A11: Amendment No. | D11: Fiscal Year: | E11: ='State Bud Amnd(1)-13613'!E10 -> 2018-2019 | F11: Date:
A12: Amending: Local Funds State Funds X (Check appropriate fund account to be amended. Use a separate form for each fund). The
A13: Board of Commissioners for | C13: ='Annl Cert. Bud-13617'!C9 -> 0 | D13: District hereby submits to the Department of Agriculture and Consumer Services,
A14: for its consideration and approval, the following amendment for the current fiscal year as follows:
A15: ESTIMATED RECEIPTS
A16: NOTE: The budget cannot be amended to show an increase in receipts over the amount budgeted unless authorized.
A17: Total Available Cash and Receipts | C17: Reserves | D17: Present Budget | E17: Increase Request | F17: Decrease Request | G17: Revised Budget
A18: =D34 -> 0 | C18: =D71 -> 0 | D18: =D72 -> 0 | E18: =E72 -> 0 | F18: =F72 -> 0 | G18: =G72 -> 0
A19: NAME SOURCE OF INCREASE: (Explain Decrease)
A21: BUDGETED RECEIPTS
A22: ACCT NO | B22: Description | D22: Present Budget | E22: Increase Request | F22: Decrease Request | G22: Revised Budget
A23: 311 | B23: Ad Valorem (Current/Delinquent) | D23: ='State Bud Amnd(9)-13613'!G23 -> 0 | E23: 0 | F23: 0 | G23: =D23+E23-F23 -> 0
A24: 334.1 | B24: State Grant | D24: ='State Bud Amnd(9)-13613'!G24 -> 0 | E24: 0 | F24: 0 | G24: =D24+E24-F24 -> 0
A25: 362 | B25: Equipment Rentals | D25: ='State Bud Amnd(9)-13613'!G25 -> 0 | E25: 0 | F25: 0 | G25: =D25+E25-F25 -> 0
A26: 337 | B26: Grants and Donations | D26: ='State Bud Amnd(9)-13613'!G26 -> 0 | E26: 0 | F26: 0 | G26: =D26+E26-F26 -> 0
A27: 361 | B27: Interest Earnings | D27: ='State Bud Amnd(9)-13613'!G27 -> 0 | E27: 0 | F27: 0 | G27: =D27+E27-F27 -> 0
A28: 364 | B28: Equipment and/or Other Sales | D28: ='State Bud Amnd(9)-13613'!G28 -> 0 | E28: 0 | F28: 0 | G28: =D28+E28-F28 -> 0
A29: 369 | B29: Misc./Refunds (prior yr expenditures) | D29: ='State Bud Amnd(9)-13613'!G29 -> 0 | E29: 0 | F29: 0 | G29: =D29+E29-F29 -> 0
A30: 380 | B30: Other Sources | D30: ='State Bud Amnd(9)-13613'!G30 -> 0 | E30: 0 | F30: 0 | G30: =D30+E30-F30 -> 0
A31: 389 | B31: Loans | D31: ='State Bud Amnd(9)-13613'!G31 -> 0 | E31: 0 | F31: 0 | G31: =D31+E31-F31 -> 0
A32: TOTAL RECEIPTS | D32: =SUM(D23:D31) -> 0 | E32: =SUM(E23:E31) -> 0 | F32: =SUM(F23:F31) -> 0 | G32: =SUM(G23:G31) -> 0
A33: Beginning Fund Balance | D33: ='State Bud Amnd(9)-13613'!G33 -> 0 | E33: 0 | F33: 0 | G33: =D33+E33-F33 -> 0
A34: Total Budgetary Receipts & Balances | D34: =SUM(D32:D33) -> 0 | E34: =SUM(E32:E33) -> 0 | F34: =SUM(F32:F33) -> 0 | G34: =SUM(G32:G33) -> 0
A35: BUDGETED EXPENDITURES
A36: NOTE: Total increase must equal total decrease, unless the total "Present Budget" is revised.
A37: ACCT NO | B37: Uniform Accounting System Transaction | D37: Present Budget | E37: Increase Request | F37: Decrease Request | G37: Revised Budget
A38: 10 | B38: Personal Services | D38: ='State Bud Amnd(9)-13613'!G38 -> 0 | E38: 0 | F38: 0 | G38: =D38+E38-F38 -> 0
A39: 20 | B39: Personal Service Benefits | D39: ='State Bud Amnd(9)-13613'!G39 -> 0 | E39: 0 | F39: 0 | G39: =D39+E39-F39 -> 0
A40: 30 | B40: Operating Expense | D40: ='State Bud Amnd(9)-13613'!G40 -> 0 | E40: 0 | F40: 0 | G40: =D40+E40-F40 -> 0
A41: 40 | B41: Travel & Per Diem | D41: ='State Bud Amnd(9)-13613'!G41 -> 0 | E41: 0 | F41: 0 | G41: =D41+E41-F41 -> 0
A42: 41 | B42: Communication Services | D42: ='State Bud Amnd(9)-13613'!G42 -> 0 | E42: 0 | F42: 0 | G42: =D42+E42-F42 -> 0
A43: 42 | B43: Freight Services | D43: ='State Bud Amnd(9)-13613'!G43 -> 0 | E43: 0 | F43: 0 | G43: =D43+E43-F43 -> 0
A44: 43 | B44: Utility Service | D44: ='State Bud Amnd(9)-13613'!G44 -> 0 | E44: 0 | F44: 0 | G44: =D44+E44-F44 -> 0
A45: 44 | B45: Rentals & Leases | D45: ='State Bud Amnd(9)-13613'!G45 -> 0 | E45: 0 | F45: 0 | G45: =D45+E45-F45 -> 0
A46: 45 | B46: Insurance | D46: ='State Bud Amnd(9)-13613'!G46 -> 0 | E46: 0 | F46: 0 | G46: =D46+E46-F46 -> 0
A47: 46 | B47: Repairs & Maintenance | D47: ='State Bud Amnd(9)-13613'!G47 -> 0 | E47: 0 | F47: 0 | G47: =D47+E47-F47 -> 0
A48: 47 | B48: Printing and Binding | D48: ='State Bud Amnd(9)-13613'!G48 -> 0 | E48: 0 | F48: 0 | G48: =D48+E48-F48 -> 0
A49: 48 | B49: Promotional Activities | D49: ='State Bud Amnd(9)-13613'!G49 -> 0 | E49: 0 | F49: 0 | G49: =D49+E49-F49 -> 0
... A65: 99 | B65: Payment of Prior Year Accounts | D65: ='State Bud Amnd(9)-13613'!G65 -> 0 | E65: 0 | F65: 0 | G65: =D65+E65-F65 -> 0
A66: TOTAL BUDGET AND CHARGES | D66: =SUM(D38:D65) -> 0 | E66: =SUM(E38:E65) -> 0 | F66: =SUM(F38:F65) -> 0 | G66: =SUM(G38:G65) -> 0
A67: 0.001 | B67: Reserves - Future Capital Outlay | D67: ='State Bud Amnd(9)-13613'!G67 -> 0 | E67: 0 | F67: 0 | G67: =D67+E67-F67 -> 0
A68: 0.002 | B68: Reserves - Self-Insurance | D68: ='State Bud Amnd(9)-13613'!G68 -> 0 | E68: 0 | F68: 0 | G68: =D68+E68-F68 -> 0
A69: 0.003 | B69: Reserves - Cash Balance to be Carried Forward | D69: ='State Bud Amnd(9)-13613'!G69 -> 0 | E69: 0 | F69: 0 | G69: =D69+E69-F69 -> 0
A70: 0.004 | B70: Reserves - Sick and Annual Leave | D70: ='State Bud Amnd(9)-13613'!G70 -> 0 | E70: 0 | F70: 0 | G70: =D70+E70-F70 -> 0
A71: TOTAL RESERVES | D71: =SUM(D67:D70) -> 0 | E71: =SUM(E67:E70) -> 0 | F71: =SUM(F67:F70) -> 0 | G71: =SUM(G67:G70) -> 0
A72: TOTAL BUDGETARY EXPENDITURES and BALANCES | D72: =D66+D71 -> 0 | E72: =E66+E71 -> 0 | F72: =F66+F71 -> 0 | G72: =G66+G71 -> 0
A73: ENDING FUND BALANCE | D73: =D34-D72 -> 0 | E73: =E34-E72 -> 0 | F73: =F34-F72 -> 0 | G73: =G34-G72 -> 0
A74: APPROVED:_____________________________________________________ | F74: DATE______________________
B75: Chairman of the Board, or Clerk of Circuit Court
A76: APPROVED:_____________________________________________________ | F76: DATE______________________
B77: Mosquito Control Program
A78: FDACS-13613 Rev. 07/13

Sheet (Jul) State Fin-13650
C1: Florida Department of Agriculture and Consumer Services
C2: Division of Agricultural Environmental Services
C4: MOSQUITO CONTROL MONTHLY REPORT - STATE FUNDS
C6: Rule 5E-13.027, F.A.C.
C7: Telephone: (850) 617-7911; Fax (850) 617-7939
A9: COUNTY/ DISTRICT | C9: ='Annl Cert. Bud-13617'!C9 -> 0 | D9: FISCAL YEAR: | E9: ='State Bud Amnd(1)-13613'!E10 -> 2018-2019 | F9: MONTH: | G9: July
A11: STATE FUNDS RECEIPTS AND BALANCES
A12: ACCT NO | B12: DESCRIPTION | D12: Budgeted | E12: Monthly | F12: Receipts Year | G12: Balance to Be
D13: Receipts | E13: Receipts | F13: to Date | G13: Collected
A14: 311 | B14: Ad Valorem (Current/Delinquent) | D14: ='State Bud Amnd(10)-13613'!G23 -> 0 | E14: 0 | F14: =E14+'(Jun) State Fin-13650'!F14 -> 0 | G14: =D14-F14 -> 0
A15: 334.1 | B15: State Grant | D15: ='State Bud Amnd(10)-13613'!G24 -> 0 | E15: 0 | F15: =E15+'(Jun) State Fin-13650'!F15 -> 0 | G15: =D15-F15 -> 0
A16: 362 | B16: Equipment Rentals | D16: ='State Bud Amnd(10)-13613'!G25 -> 0 | E16: 0 | F16: =E16+'(Jun) State Fin-13650'!F16 -> 0 | G16: =D16-F16 -> 0
A17: 337 | B17: Grants and Donations | D17: ='State Bud Amnd(10)-13613'!G26 -> 0 | E17: 0 | F17: =E17+'(Jun) State Fin-13650'!F17 -> 0 | G17: =D17-F17 -> 0
A18: 361 | B18: Interest Earnings | D18: ='State Bud Amnd(10)-13613'!G27 -> 0 | E18: 0 | F18: =E18+'(Jun) State Fin-13650'!F18 -> 0 | G18: =D18-F18 -> 0
A19: 364 | B19: Equipment and/or Other Sales | D19: ='State Bud Amnd(10)-13613'!G28 -> 0 | E19: 0 | F19: =E19+'(Jun) State Fin-13650'!F19 -> 0 | G19: =D19-F19 -> 0
A20: 369 | B20: Misc./Refunds (prior yr expenditures) | D20: ='State Bud Amnd(10)-13613'!G29 -> 0 | E20: 0 | F20: =E20+'(Jun) State Fin-13650'!F20 -> 0 | G20: =D20-F20 -> 0
A21: 380 | B21: Other Sources | D21: ='State Bud Amnd(10)-13613'!G30 -> 0 | E21: 0 | F21: =E21+'(Jun) State Fin-13650'!F21 -> 0 | G21: =D21-F21 -> 0
A22: 389 | B22: Loans | D22: ='State Bud Amnd(10)-13613'!G31 -> 0 | E22: 0 | F22: =E22+'(Jun) State Fin-13650'!F22 -> 0 | G22: =D22-F22 -> 0
A23: TOTAL RECEIPTS | D23: =SUM(D14:D22) -> 0 | E23: =SUM(E14:E22) -> 0 | F23: =SUM(F14:F22) -> 0 | G23: =SUM(G14:G22) -> 0
A24: BEGINNING FUND BALANCE | D24: ='State Bud Amnd(10)-13613'!G33 -> 0 | E24: 0 | F24: =E24+'(Jun) State Fin-13650'!F24 -> 0 | G24: =D24-F24 -> 0
A25: Total Receipts & Balance | D25: =SUM(D23:D24) -> 0 | E25: =SUM(E23:E24) -> 0 | F25: =SUM(F23:F24) -> 0 | G25: =SUM(G23:G24) -> 0
A27: STATE FUNDS EXPENDITURES AND BALANCES
A28: ACCT NO | B28: Uniform Accounting System Transaction Code | D28: Budgeted | E28: Monthly | F28: Expenditures Year | G28: Balance to Be
D29: Expenditures | E29: Expenditures | F29: to Date | G29: Expended
A30: 10 | B30: Personal Services | D30: ='State Bud Amnd(10)-13613'!G38 -> 0 | E30: 0 | F30: =E30+'(Jun) State Fin-13650'!F30 -> 0 | G30: =D30-F30 -> 0
A31: 20 | B31: Personal Service Benefits | D31: ='State Bud Amnd(10)-13613'!G39 -> 0 | E31: 0 | F31: =E31+'(Jun) State Fin-13650'!F31 -> 0 | G31: =D31-F31 -> 0
A32: 30 | B32: Operating Expense | D32: ='State Bud Amnd(10)-13613'!G40 -> 0 | E32: 0 | F32: =E32+'(Jun) State Fin-13650'!F32 -> 0 | G32: =D32-F32 -> 0
A33: 40 | B33: Travel & Per Diem | D33: ='State Bud Amnd(10)-13613'!G41 -> 0 | E33: 0 | F33: =E33+'(Jun) State Fin-13650'!F33 -> 0 | G33: =D33-F33 -> 0
A34: 41 | B34: Communication Services | D34: ='State Bud Amnd(10)-13613'!G42 -> 0 | E34: 0 | F34: =E34+'(Jun) State Fin-13650'!F34 -> 0 | G34: =D34-F34 -> 0
A35: 42 | B35: Freight Services | D35: ='State Bud Amnd(10)-13613'!G43 -> 0 | E35: 0 | F35: =E35+'(Jun) State Fin-13650'!F35 -> 0 | G35: =D35-F35 -> 0
A36: 43 | B36: Utility Service | D36: ='State Bud Amnd(10)-13613'!G44 -> 0 | E36: 0 | F36: =E36+'(Jun) State Fin-13650'!F36 -> 0 | G36: =D36-F36 -> 0
A37: 44 | B37: Rentals & Leases | D37: ='State Bud Amnd(10)-13613'!G45 -> 0 | E37: 0 | F37: =E37+'(Jun) State Fin-13650'!F37 -> 0 | G37: =D37-F37 -> 0
A38: 45 | B38: Insurance | D38: ='State Bud Amnd(10)-13613'!G46 -> 0 | E38: 0 | F38: =E38+'(Jun) State Fin-13650'!F38 -> 0 | G38: =D38-F38 -> 0
A39: 46 | B39: Repairs & Maintenance | D39: ='State Bud Amnd(10)-13613'!G47 -> 0 | E39: 0 | F39: =E39+'(Jun) State Fin-13650'!F39 -> 0 | G39: =D39-F39 -> 0
A40: 47 | B40: Printing and Binding | D40: ='State Bud Amnd(10)-13613'!G48 -> 0 | E40: 0 | F40: =E40+'(Jun) State Fin-13650'!F40 -> 0 | G40: =D40-F40 -> 0
A41: 48 | B41: Promotional Activities | D41: ='State Bud Amnd(10)-13613'!G49 -> 0 | E41: 0 | F41: =E41+'(Jun) State Fin-13650'!F41 -> 0 | G41: =D41-F41 -> 0
... A57: 99 | B57: Payment of Prior Year Accounts | D57: ='State Bud Amnd(10)-13613'!G65 -> 0 | E57: 0 | F57: =E57+'(Jun) State Fin-13650'!F57 -> 0 | G57: =D57-F57 -> 0
A58: TOTAL BUDGET AND CHARGES | D58: =SUM(D30:D57) -> 0 | E58: =SUM(E30:E57) -> 0 | F58: =SUM(F30:F57) -> 0 | G58: =SUM(G30:G57) -> 0
A59: 0.001 | B59: Reserves - Future Capital Outlay | D59: ='State Bud Amnd(10)-13613'!G67 -> 0 | E59: 0 | F59: =E59+'(Jun) State Fin-13650'!F59 -> 0 | G59: =D59-F59 -> 0
A60: 0.002 | B60: Reserves - Self-Insurance | D60: ='State Bud Amnd(10)-13613'!G68 -> 0 | E60: 0 | F60: =E60+'(Jun) State Fin-13650'!F60 -> 0 | G60: =D60-F60 -> 0
A61: 0.003 | B61: Reserves - Cash Balance to be Carried Forward | D61: ='State Bud Amnd(10)-13613'!G69 -> 0 | E61: 0 | F61: =E61+'(Jun) State Fin-13650'!F61 -> 0 | G61: =D61-F61 -> 0
A62: 0.004 | B62: Reserves - Sick and Annual Leave | D62: ='State Bud Amnd(10)-13613'!G70 -> 0 | E62: 0 | F62: =E62+'(Jun) State Fin-13650'!F62 -> 0 | G62: =D62-F62 -> 0
A63: TOTAL RESERVES ENDING BALANCE | D63: =SUM(D59:D62) -> 0 | E63: =SUM(E59:E62) -> 0 | F63: =SUM(F59:F62) -> 0 | G63: =SUM(G59:G62) -> 0
A64: TOTAL BUDGETARY EXPENDITURES and BALANCES | D64: =SUM(D63,D58) -> 0 | E64: =SUM(E63,E58) -> 0 | F64: =SUM(F58,F63) -> 0 | G64: =SUM(G58,G63) -> 0
A65: ENDING FUND BALANCE | D65: =D25-D64 -> 0 | E65: =E25-E64 -> 0 | F65: =F25-F64 -> 0 | G65: =G25-G64 -> 0
A66: By submission of this monthly report of receipts, expenditures, and balances, I attest it is true and correct.
A69: FDACS-13650 Rev. 07/13 | E69: Director Signature | G69: Date

Sheet State Bud Amnd(11)-13613
C1: Florida Department of Agriculture and Consumer Services
C2: Division of Agricultural Environmental Services
C4: ARTHROPOD CONTROL BUDGET AMENDMENT
C6: Rule 5E-13.027, F.A.C.
C7: Telephone: (850) 617-7911; Fax (850) 617-7939
A9: A STATEMENT EXPLAINING AND JUSTIFYING THE PROPOSED CHANGES SHOULD ACCOMPANY EACH APPLICATION FOR BUDGET AMENDMENT. USE PAGE TWO FOR THIS PURPOSE.
A11: Amendment No. | D11: Fiscal Year: | E11: ='State Bud Amnd(1)-13613'!E10 -> 2018-2019 | F11: Date:
A12: Amending: Local Funds State Funds X (Check appropriate fund account to be amended. Use a separate form for each fund). The
A13: Board of Commissioners for | C13: ='Annl Cert. Bud-13617'!C9 -> 0 | D13: District hereby submits to the Department of Agriculture and Consumer Services,
A14: for its consideration and approval, the following amendment for the current fiscal year as follows:
A15: ESTIMATED RECEIPTS
A16: NOTE: The budget cannot be amended to show an increase in receipts over the amount budgeted unless authorized.
A17: Total Available Cash and Receipts | C17: Reserves | D17: Present Budget | E17: Increase Request | F17: Decrease Request | G17: Revised Budget
A18: =D34 -> 0 | C18: =D71 -> 0 | D18: =D72 -> 0 | E18: =E72 -> 0 | F18: =F72 -> 0 | G18: =G72 -> 0
A19: NAME SOURCE OF INCREASE: (Explain Decrease)
A21: BUDGETED RECEIPTS
A22: ACCT NO | B22: Description | D22: Present Budget | E22: Increase Request | F22: Decrease Request | G22: Revised Budget
A23: 311 | B23: Ad Valorem (Current/Delinquent) | D23: ='State Bud Amnd(10)-13613'!G23 -> 0 | E23: 0 | F23: 0 | G23: =D23+E23-F23 -> 0
A24: 334.1 | B24: State Grant | D24: ='State Bud Amnd(10)-13613'!G24 -> 0 | E24: 0 | F24: 0 | G24: =D24+E24-F24 -> 0
A25: 362 | B25: Equipment Rentals | D25: ='State Bud Amnd(10)-13613'!G25 -> 0 | E25: 0 | F25: 0 | G25: =D25+E25-F25 -> 0
A26: 337 | B26: Grants and Donations | D26: ='State Bud Amnd(10)-13613'!G26 -> 0 | E26: 0 | F26: 0 | G26: =D26+E26-F26 -> 0
A27: 361 | B27: Interest Earnings | D27: ='State Bud Amnd(10)-13613'!G27 -> 0 | E27: 0 | F27: 0 | G27: =D27+E27-F27 -> 0
A28: 364 | B28: Equipment and/or Other Sales | D28: ='State Bud Amnd(10)-13613'!G28 -> 0 | E28: 0 | F28: 0 | G28: =D28+E28-F28 -> 0
A29: 369 | B29: Misc./Refunds (prior yr expenditures) | D29: ='State Bud Amnd(10)-13613'!G29 -> 0 | E29: 0 | F29: 0 | G29: =D29+E29-F29 -> 0
A30: 380 | B30: Other Sources | D30: ='State Bud Amnd(10)-13613'!G30 -> 0 | E30: 0 | F30: 0 | G30: =D30+E30-F30 -> 0
A31: 389 | B31: Loans | D31: ='State Bud Amnd(10)-13613'!G31 -> 0 | E31: 0 | F31: 0 | G31: =D31+E31-F31 -> 0
A32: TOTAL RECEIPTS | D32: =SUM(D23:D31) -> 0 | E32: =SUM(E23:E31) -> 0 | F32: =SUM(F23:F31) -> 0 | G32: =SUM(G23:G31) -> 0
A33: Beginning Fund Balance | D33: ='State Bud Amnd(10)-13613'!G33 -> 0 | E33: 0 | F33: 0 | G33: =D33+E33-F33 -> 0
A34: Total Budgetary Receipts & Balances | D34: =SUM(D32:D33) -> 0 | E34: =SUM(E32:E33) -> 0 | F34: =SUM(F32:F33) -> 0 | G34: =SUM(G32:G33) -> 0
A35: BUDGETED EXPENDITURES
A36: NOTE: Total increase must equal total decrease, unless the total "Present Budget" is revised.
A37: ACCT NO | B37: Uniform Accounting System Transaction | D37: Present Budget | E37: Increase Request | F37: Decrease Request | G37: Revised Budget
A38: 10 | B38: Personal Services | D38: ='State Bud Amnd(10)-13613'!G38 -> 0 | E38: 0 | F38: 0 | G38: =D38+E38-F38 -> 0
A39: 20 | B39: Personal Service Benefits | D39: ='State Bud Amnd(10)-13613'!G39 -> 0 | E39: 0 | F39: 0 | G39: =D39+E39-F39 -> 0
A40: 30 | B40: Operating Expense | D40: ='State Bud Amnd(10)-13613'!G40 -> 0 | E40: 0 | F40: 0 | G40: =D40+E40-F40 -> 0
A41: 40 | B41: Travel & Per Diem | D41: ='State Bud Amnd(10)-13613'!G41 -> 0 | E41: 0 | F41: 0 | G41: =D41+E41-F41 -> 0
A42: 41 | B42: Communication Services | D42: ='State Bud Amnd(10)-13613'!G42 -> 0 | E42: 0 | F42: 0 | G42: =D42+E42-F42 -> 0
A43: 42 | B43: Freight Services | D43: ='State Bud Amnd(10)-13613'!G43 -> 0 | E43: 0 | F43: 0 | G43: =D43+E43-F43 -> 0
A44: 43 | B44: Utility Service | D44: ='State Bud Amnd(10)-13613'!G44 -> 0 | E44: 0 | F44: 0 | G44: =D44+E44-F44 -> 0
A45: 44 | B45: Rentals & Leases | D45: ='State Bud Amnd(10)-13613'!G45 -> 0 | E45: 0 | F45: 0 | G45: =D45+E45-F45 -> 0
A46: 45 | B46: Insurance | D46: ='State Bud Amnd(10)-13613'!G46 -> 0 | E46: 0 | F46: 0 | G46: =D46+E46-F46 -> 0
A47: 46 | B47: Repairs & Maintenance | D47: ='State Bud Amnd(10)-13613'!G47 -> 0 | E47: 0 | F47: 0 | G47: =D47+E47-F47 -> 0
A48: 47 | B48: Printing and Binding | D48: ='State Bud Amnd(10)-13613'!G48 -> 0 | E48: 0 | F48: 0 | G48: =D48+E48-F48 -> 0
A49: 48 | B49: Promotional Activities | D49: ='State Bud Amnd(10)-13613'!G49 -> 0 | E49: 0 | F49: 0 | G49: =D49+E49-F49 -> 0
... A65: 99 | B65: Payment of Prior Year Accounts | D65: ='State Bud Amnd(10)-13613'!G65 -> 0 | E65: 0 | F65: 0 | G65: =D65+E65-F65 -> 0
A66: TOTAL BUDGET AND CHARGES | D66: =SUM(D38:D65) -> 0 | E66: =SUM(E38:E65) -> 0 | F66: =SUM(F38:F65) -> 0 | G66: =SUM(G38:G65) -> 0
A67: 0.001 | B67: Reserves - Future Capital Outlay | D67: ='State Bud Amnd(10)-13613'!G67 -> 0 | E67: 0 | F67: 0 | G67: =D67+E67-F67 -> 0
A68: 0.002 | B68: Reserves - Self-Insurance | D68: ='State Bud Amnd(10)-13613'!G68 -> 0 | E68: 0 | F68: 0 | G68: =D68+E68-F68 -> 0
A69: 0.003 | B69: Reserves - Cash Balance to be Carried Forward | D69: ='State Bud Amnd(10)-13613'!G69 -> 0 | E69: 0 | F69: 0 | G69: =D69+E69-F69 -> 0
A70: 0.004 | B70: Reserves - Sick and Annual Leave | D70: ='State Bud Amnd(10)-13613'!G70 -> 0 | E70: 0 | F70: 0 | G70: =D70+E70-F70 -> 0
A71: TOTAL RESERVES | D71: =SUM(D67:D70) -> 0 | E71: =SUM(E67:E70) -> 0 | F71: =SUM(F67:F70) -> 0 | G71: =SUM(G67:G70) -> 0
A72: TOTAL BUDGETARY EXPENDITURES and BALANCES | D72: =D66+D71 -> 0 | E72: =E66+E71 -> 0 | F72: =F66+F71 -> 0 | G72: =G66+G71 -> 0
A73: ENDING FUND BALANCE | D73: =D34-D72 -> 0 | E73: =E34-E72 -> 0 | F73: =F34-F72 -> 0 | G73: =G34-G72 -> 0
A74: APPROVED:_____________________________________________________ | F74: DATE______________________
B75: Chairman of the Board, or Clerk of Circuit Court
A76: APPROVED:_____________________________________________________ | F76: DATE______________________
B77: Mosquito Control Program
A78: FDACS-13613 Rev. 07/13

Sheet (Aug) State Fin-13650
C1: Florida Department of Agriculture and Consumer Services
C2: Division of Agricultural Environmental Services
C4: MOSQUITO CONTROL MONTHLY REPORT - STATE FUNDS
C6: Rule 5E-13.027, F.A.C.
C7: Telephone: (850) 617-7911; Fax (850) 617-7939
A9: COUNTY/ DISTRICT | C9: ='Annl Cert. Bud-13617'!C9 -> 0 | D9: FISCAL YEAR: | E9: ='State Bud Amnd(1)-13613'!E10 -> 2018-2019 | F9: MONTH: | G9: August
A11: STATE FUNDS RECEIPTS AND BALANCES
A12: ACCT NO | B12: DESCRIPTION | D12: Budgeted | E12: Monthly | F12: Receipts Year | G12: Balance to Be
D13: Receipts | E13: Receipts | F13: to Date | G13: Collected
A14: 311 | B14: Ad Valorem (Current/Delinquent) | D14: ='State Bud Amnd(11)-13613'!G23 -> 0 | E14: 0 | F14: =E14+'(Jul) State Fin-13650'!F14 -> 0 | G14: =D14-F14 -> 0
A15: 334.1 | B15: State Grant | D15: ='State Bud Amnd(11)-13613'!G24 -> 0 | E15: 0 | F15: =E15+'(Jul) State Fin-13650'!F15 -> 0 | G15: =D15-F15 -> 0
A16: 362 | B16: Equipment Rentals | D16: ='State Bud Amnd(11)-13613'!G25 -> 0 | E16: 0 | F16: =E16+'(Jul) State Fin-13650'!F16 -> 0 | G16: =D16-F16 -> 0
A17: 337 | B17: Grants and Donations | D17: ='State Bud Amnd(11)-13613'!G26 -> 0 | E17: 0 | F17: =E17+'(Jul) State Fin-13650'!F17 -> 0 | G17: =D17-F17 -> 0
A18: 361 | B18: Interest Earnings | D18: ='State Bud Amnd(11)-13613'!G27 -> 0 | E18: 0 | F18: =E18+'(Jul) State Fin-13650'!F18 -> 0 | G18: =D18-F18 -> 0
A19: 364 | B19: Equipment and/or Other Sales | D19: ='State Bud Amnd(11)-13613'!G28 -> 0 | E19: 0 | F19: =E19+'(Jul) State Fin-13650'!F19 -> 0 | G19: =D19-F19 -> 0
A20: 369 | B20: Misc./Refunds (prior yr expenditures) | D20: ='State Bud Amnd(11)-13613'!G29 -> 0 | E20: 0 | F20: =E20+'(Jul) State Fin-13650'!F20 -> 0 | G20: =D20-F20 -> 0
A21: 380 | B21: Other Sources | D21: ='State Bud Amnd(11)-13613'!G30 -> 0 | E21: 0 | F21: =E21+'(Jul) State Fin-13650'!F21 -> 0 | G21: =D21-F21 -> 0
A22: 389 | B22: Loans | D22: ='State Bud Amnd(11)-13613'!G31 -> 0 | E22: 0 | F22: =E22+'(Jul) State Fin-13650'!F22 -> 0 | G22: =D22-F22 -> 0
A23: TOTAL RECEIPTS | D23: =SUM(D14:D22) -> 0 | E23: =SUM(E14:E22) -> 0 | F23: =SUM(F14:F22) -> 0 | G23: =SUM(G14:G22) -> 0
A24: BEGINNING FUND BALANCE | D24: ='State Bud Amnd(11)-13613'!G33 -> 0 | E24: 0 | F24: =E24+'(Jul) State Fin-13650'!F24 -> 0 | G24: =D24-F24 -> 0
A25: Total Receipts & Balance | D25: =SUM(D23:D24) -> 0 | E25: =SUM(E23:E24) -> 0 | F25: =SUM(F23:F24) -> 0 | G25: =SUM(G23:G24) -> 0
A27: STATE FUNDS EXPENDITURES AND BALANCES
A28: ACCT NO | B28: Uniform Accounting System Transaction Code | D28: Budgeted | E28: Monthly | F28: Expenditures Year | G28: Balance to Be
D29: Expenditures | E29: Expenditures | F29: to Date | G29: Expended
A30: 10 | B30: Personal Services | D30: ='State Bud Amnd(11)-13613'!G38 -> 0 | E30: 0 | F30: =E30+'(Jul) State Fin-13650'!F30 -> 0 | G30: =D30-F30 -> 0
A31: 20 | B31: Personal Service Benefits | D31: ='State Bud Amnd(11)-13613'!G39 -> 0 | E31: 0 | F31: =E31+'(Jul) State Fin-13650'!F31 -> 0 | G31: =D31-F31 -> 0
A32: 30 | B32: Operating Expense | D32: ='State Bud Amnd(11)-13613'!G40 -> 0 | E32: 0 | F32: =E32+'(Jul) State Fin-13650'!F32 -> 0 | G32: =D32-F32 -> 0
A33: 40 | B33: Travel & Per Diem | D33: ='State Bud Amnd(11)-13613'!G41 -> 0 | E33: 0 | F33: =E33+'(Jul) State Fin-13650'!F33 -> 0 | G33: =D33-F33 -> 0
A34: 41 | B34: Communication Services | D34: ='State Bud Amnd(11)-13613'!G42 -> 0 | E34: 0 | F34: =E34+'(Jul) State Fin-13650'!F34 -> 0 | G34: =D34-F34 -> 0
A35: 42 | B35: Freight Services | D35: ='State Bud Amnd(11)-13613'!G43 -> 0 | E35: 0 | F35: =E35+'(Jul) State Fin-13650'!F35 -> 0 | G35: =D35-F35 -> 0
A36: 43 | B36: Utility Service | D36: ='State Bud Amnd(11)-13613'!G44 -> 0 | E36: 0 | F36: =E36+'(Jul) State Fin-13650'!F36 -> 0 | G36: =D36-F36 -> 0
A37: 44 | B37: Rentals & Leases | D37: ='State Bud Amnd(11)-13613'!G45 -> 0 | E37: 0 | F37: =E37+'(Jul) State Fin-13650'!F37 -> 0 | G37: =D37-F37 -> 0
A38: 45 | B38: Insurance | D38: ='State Bud Amnd(11)-13613'!G46 -> 0 | E38: 0 | F38: =E38+'(Jul) State Fin-13650'!F38 -> 0 | G38: =D38-F38 -> 0
A39: 46 | B39: Repairs & Maintenance | D39: ='State Bud Amnd(11)-13613'!G47 -> 0 | E39: 0 | F39: =E39+'(Jul) State Fin-13650'!F39 -> 0 | G39: =D39-F39 -> 0
A40: 47 | B40: Printing and Binding | D40: ='State Bud Amnd(11)-13613'!G48 -> 0 | E40: 0 | F40: =E40+'(Jul) State Fin-13650'!F40 -> 0 | G40: =D40-F40 -> 0
A41: 48 | B41: Promotional Activities | D41: ='State Bud Amnd(11)-13613'!G49 -> 0 | E41: 0 | F41: =E41+'(Jul) State Fin-13650'!F41 -> 0 | G41: =D41-F41 -> 0
... A57: 99 | B57: Payment of Prior Year Accounts | D57: ='State Bud Amnd(11)-13613'!G65 -> 0 | E57: 0 | F57: =E57+'(Jul) State Fin-13650'!F57 -> 0 | G57: =D57-F57 -> 0
A58: TOTAL BUDGET AND CHARGES | D58: =SUM(D30:D57) -> 0 | E58: =SUM(E30:E57) -> 0 | F58: =SUM(F30:F57) -> 0 | G58: =SUM(G30:G57) -> 0
A59: 0.001 | B59: Reserves - Future Capital Outlay | D59: ='State Bud Amnd(11)-13613'!G67 -> 0 | E59: 0 | F59: =E59+'(Jul) State Fin-13650'!F59 -> 0 | G59: =D59-F59 -> 0
A60: 0.002 | B60: Reserves - Self-Insurance | D60: ='State Bud Amnd(11)-13613'!G68 -> 0 | E60: 0 | F60: =E60+'(Jul) State Fin-13650'!F60 -> 0 | G60: =D60-F60 -> 0
A61: 0.003 | B61: Reserves - Cash Balance to be Carried Forward | D61: ='State Bud Amnd(11)-13613'!G69 -> 0 | E61: 0 | F61: =E61+'(Jul) State Fin-13650'!F61 -> 0 | G61: =D61-F61 -> 0
A62: 0.004 | B62: Reserves - Sick and Annual Leave | D62: ='State Bud Amnd(11)-13613'!G70 -> 0 | E62: 0 | F62: =E62+'(Jul) State Fin-13650'!F62 -> 0 | G62: =D62-F62 -> 0
A63: TOTAL RESERVES ENDING BALANCE | D63: =SUM(D59:D62) -> 0 | E63: =SUM(E59:E62) -> 0 | F63: =SUM(F59:F62) -> 0 | G63: =SUM(G59:G62) -> 0
A64: TOTAL BUDGETARY EXPENDITURES and BALANCES | D64: =SUM(D63,D58) -> 0 | E64: =SUM(E63,E58) -> 0 | F64: =SUM(F58,F63) -> 0 | G64: =SUM(G58,G63) -> 0
A65: ENDING FUND BALANCE | D65: =D25-D64 -> 0 | E65: =E25-E64 -> 0 | F65: =F25-F64 -> 0 | G65: =G25-G64 -> 0
A66: By submission of this monthly report of receipts, expenditures, and balances, I attest it is true and correct.
A69: FDACS-13650 Rev. 07/13 | E69: Director Signature | G69: Date

Sheet State Bud Amnd(12)-13613
C1: Florida Department of Agriculture and Consumer Services
C2: Division of Agricultural Environmental Services
C4: ARTHROPOD CONTROL BUDGET AMENDMENT
C6: Rule 5E-13.027, F.A.C.
C7: Telephone: (850) 617-7911; Fax (850) 617-7939
A9: A STATEMENT EXPLAINING AND JUSTIFYING THE PROPOSED CHANGES SHOULD ACCOMPANY EACH APPLICATION FOR BUDGET AMENDMENT. USE PAGE TWO FOR THIS PURPOSE.
A11: Amendment No. | D11: Fiscal Year: | E11: ='State Bud Amnd(1)-13613'!E10 -> 2018-2019 | F11: Date:
A12: Amending: Local Funds State Funds X (Check appropriate fund account to be amended. Use a separate form for each fund). The
A13: Board of Commissioners for | C13: ='Annl Cert. Bud-13617'!C9 -> 0 | D13: District hereby submits to the Department of Agriculture and Consumer Services,
A14: for its consideration and approval, the following amendment for the current fiscal year as follows:
A15: ESTIMATED RECEIPTS
A16: NOTE: The budget cannot be amended to show an increase in receipts over the amount budgeted unless authorized.
A17: Total Available Cash and Receipts | C17: Reserves | D17: Present Budget | E17: Increase Request | F17: Decrease Request | G17: Revised Budget
A18: =D34 -> 0 | C18: =D71 -> 0 | D18: =D72 -> 0 | E18: =E72 -> 0 | F18: =F72 -> 0 | G18: =G72 -> 0
A19: NAME SOURCE OF INCREASE: (Explain Decrease)
A21: BUDGETED RECEIPTS
A22: ACCT NO | B22: Description | D22: Present Budget | E22: Increase Request | F22: Decrease Request | G22: Revised Budget
A23: 311 | B23: Ad Valorem (Current/Delinquent) | D23: ='State Bud Amnd(11)-13613'!G23 -> 0 | E23: 0 | F23: 0 | G23: =D23+E23-F23 -> 0
A24: 334.1 | B24: State Grant | D24: ='State Bud Amnd(11)-13613'!G24 -> 0 | E24: 0 | F24: 0 | G24: =D24+E24-F24 -> 0
A25: 362 | B25: Equipment Rentals | D25: ='State Bud Amnd(11)-13613'!G25 -> 0 | E25: 0 | F25: 0 | G25: =D25+E25-F25 -> 0
A26: 337 | B26: Grants and Donations | D26: ='State Bud Amnd(11)-13613'!G26 -> 0 | E26: 0 | F26: 0 | G26: =D26+E26-F26 -> 0
A27: 361 | B27: Interest Earnings | D27: ='State Bud Amnd(11)-13613'!G27 -> 0 | E27: 0 | F27: 0 | G27: =D27+E27-F27 -> 0
A28: 364 | B28: Equipment and/or Other Sales | D28: ='State Bud Amnd(11)-13613'!G28 -> 0 | E28: 0 | F28: 0 | G28: =D28+E28-F28 -> 0
A29: 369 | B29: Misc./Refunds (prior yr expenditures) | D29: ='State Bud Amnd(11)-13613'!G29 -> 0 | E29: 0 | F29: 0 | G29: =D29+E29-F29 -> 0
A30: 380 | B30: Other Sources | D30: ='State Bud Amnd(11)-13613'!G30 -> 0 | E30: 0 | F30: 0 | G30: =D30+E30-F30 -> 0
A31: 389 | B31: Loans | D31: ='State Bud Amnd(11)-13613'!G31 -> 0 | E31: 0 | F31: 0 | G31: =D31+E31-F31 -> 0
A32: TOTAL RECEIPTS | D32: =SUM(D23:D31) -> 0 | E32: =SUM(E23:E31) -> 0 | F32: =SUM(F23:F31) -> 0 | G32: =SUM(G23:G31) -> 0
A33: Beginning Fund Balance | D33: ='State Bud Amnd(11)-13613'!G33 -> 0 | E33: 0 | F33: 0 | G33: =D33+E33-F33 -> 0
A34: Total Budgetary Receipts & Balances | D34: =SUM(D32:D33) -> 0 | E34: =SUM(E32:E33) -> 0 | F34: =SUM(F32:F33) -> 0 | G34: =SUM(G32:G33) -> 0
A35: BUDGETED EXPENDITURES
A36: NOTE: Total increase must equal total decrease, unless the total "Present Budget" is revised.
A37: ACCT NO | B37: Uniform Accounting System Transaction | D37: Present Budget | E37: Increase Request | F37: Decrease Request | G37: Revised Budget
A38: 10 | B38: Personal Services | D38: ='State Bud Amnd(11)-13613'!G38 -> 0 | E38: 0 | F38: 0 | G38: =D38+E38-F38 -> 0
A39: 20 | B39: Personal Services Benefits | D39: ='State Bud Amnd(11)-13613'!G39 -> 0 | E39: 0 | F39: 0 | G39: =D39+E39-F39 -> 0
A40: 30 | B40: Operating Expense | D40: ='State Bud Amnd(11)-13613'!G40 -> 0 | E40: 0 | F40: 0 | G40: =D40+E40-F40 -> 0
A41: 40 | B41: Travel & Per Diem | D41: ='State Bud Amnd(11)-13613'!G41 -> 0 | E41: 0 | F41: 0 | G41: =D41+E41-F41 -> 0
A42: 41 | B42: Communication Services | D42: ='State Bud Amnd(11)-13613'!G42 -> 0 | E42: 0 | F42: 0 | G42: =D42+E42-F42 -> 0
A43: 42 | B43: Freight Services | D43: ='State Bud Amnd(11)-13613'!G43 -> 0 | E43: 0 | F43: 0 | G43: =D43+E43-F43 -> 0
A44: 43 | B44: Utility Service | D44: ='State Bud Amnd(11)-13613'!G44 -> 0 | E44: 0 | F44: 0 | G44: =D44+E44-F44 -> 0
A45: 44 | B45: Rentals & Leases | D45: ='State Bud Amnd(11)-13613'!G45 -> 0 | E45: 0 | F45: 0 | G45: =D45+E45-F45 -> 0
A46: 45 | B46: Insurance | D46: ='State Bud Amnd(11)-13613'!G46 -> 0 | E46: 0 | F46: 0 | G46: =D46+E46-F46 -> 0
A47: 46 | B47: Repairs & Maintenance | D47: ='State Bud Amnd(11)-13613'!G47 -> 0 | E47: 0 | F47: 0 | G47: =D47+E47-F47 -> 0
A48: 47 | B48: Printing and Binding | D48: ='State Bud Amnd(11)-13613'!G48 -> 0 | E48: 0 | F48: 0 | G48: =D48+E48-F48 -> 0
A49: 48 | B49: Promotional Activities | D49: ='State Bud Amnd(11)-13613'!G49 -> 0 | E49: 0 | F49: 0 | G49: =D49+E49-F49 -> 0
... A65: 99 | B65: Payment of Prior Year Accounts | D65: ='State Bud Amnd(11)-13613'!G65 -> 0 | E65: 0 | F65: 0 | G65: =D65+E65-F65 -> 0
A66: TOTAL BUDGET AND CHARGES | D66: =SUM(D38:D65) -> 0 | E66: =SUM(E38:E65) -> 0 | F66: =SUM(F38:F65) -> 0 | G66: =SUM(G38:G65) -> 0
A67: 0.001 | B67: Reserves - Future Capital Outlay | D67: ='State Bud Amnd(11)-13613'!G67 -> 0 | E67: 0 | F67: 0 | G67: =D67+E67-F67 -> 0
A68: 0.002 | B68: Reserves - Self-Insurance | D68: ='State Bud Amnd(11)-13613'!G68 -> 0 | E68: 0 | F68: 0 | G68: =D68+E68-F68 -> 0
A69: 0.003 | B69: Reserves - Cash Balance to be Carried Forward | D69: ='State Bud Amnd(11)-13613'!G69 -> 0 | E69: 0 | F69: 0 | G69: =D69+E69-F69 -> 0
A70: 0.004 | B70: Reserves - Sick and Annual Leave | D70: ='State Bud Amnd(11)-13613'!G70 -> 0 | E70: 0 | F70: 0 | G70: =D70+E70-F70 -> 0
A71: TOTAL RESERVES | D71: =SUM(D67:D70) -> 0 | E71: =SUM(E67:E70) -> 0 | F71: =SUM(F67:F70) -> 0 | G71: =SUM(G67:G70) -> 0
A72: TOTAL BUDGETARY EXPENDITURES and BALANCES | D72: =D66+D71 -> 0 | E72: =E66+E71 -> 0 | F72: =F66+F71 -> 0 | G72: =G66+G71 -> 0
A73: ENDING FUND BALANCE | D73: =D34-D72 -> 0 | E73: =E34-E72 -> 0 | F73: =F34-F72 -> 0 | G73: =G34-G72 -> 0
A74: APPROVED:_____________________________________________________ | F74: DATE______________________
B75: Chairman of the Board, or Clerk of Circuit Court
A76: APPROVED:_____________________________________________________ | F76: DATE______________________
B77: Mosquito Control Program
A78: FDACS-13613 Rev. 07/13

Sheet 13650 - (Sep) State Fin
C1: Florida Department of Agriculture and Consumer Services
C2: Division of Agricultural Environmental Services
C4: MOSQUITO CONTROL MONTHLY REPORT - STATE FUNDS
C6: Rule 5E-13.027, F.A.C.
C7: Telephone: (850) 617-7911; Fax (850) 617-7939
A9: COUNTY/ DISTRICT | C9: ='Annl Cert. Bud-13617'!C9 -> 0 | D9: FISCAL YEAR: | E9: ='State Bud Amnd(1)-13613'!E10 -> 2018-2019 | F9: MONTH: | G9: September
A11: STATE FUNDS RECEIPTS AND BALANCES
A12: ACCT NO | B12: DESCRIPTION | D12: Budgeted | E12: Monthly | F12: Receipts Year | G12: Balance to Be
D13: Receipts | E13: Receipts | F13: to Date | G13: Collected
A14: 311 | B14: Ad Valorem (Current/Delinquent) | D14: ='State Bud Amnd(12)-13613'!G23 -> 0 | E14: 0 | F14: =E14+'(Aug) State Fin-13650'!F14 -> 0 | G14: =D14-F14 -> 0
A15: 334.1 | B15: State Grant | D15: ='State Bud Amnd(12)-13613'!G24 -> 0 | E15: 0 | F15: =E15+'(Aug) State Fin-13650'!F15 -> 0 | G15: =D15-F15 -> 0
A16: 362 | B16: Equipment Rentals | D16: ='State Bud Amnd(12)-13613'!G25 -> 0 | E16: 0 | F16: =E16+'(Aug) State Fin-13650'!F16 -> 0 | G16: =D16-F16 -> 0
A17: 337 | B17: Grants and Donations | D17: ='State Bud Amnd(12)-13613'!G26 -> 0 | E17: 0 | F17: =E17+'(Aug) State Fin-13650'!F17 -> 0 | G17: =D17-F17 -> 0
A18: 361 | B18: Interest Earnings | D18: ='State Bud Amnd(12)-13613'!G27 -> 0 | E18: 0 | F18: =E18+'(Aug) State Fin-13650'!F18 -> 0 | G18: =D18-F18 -> 0
A19: 364 | B19: Equipment and/or Other Sales | D19: ='State Bud Amnd(12)-13613'!G28 -> 0 | E19: 0 | F19: =E19+'(Aug) State Fin-13650'!F19 -> 0 | G19: =D19-F19 -> 0
A20: 369 | B20: Misc./Refunds (prior yr expenditures) | D20: ='State Bud Amnd(12)-13613'!G29 -> 0 | E20: 0 | F20: =E20+'(Aug) State Fin-13650'!F20 -> 0 | G20: =D20-F20 -> 0
A21: 380 | B21: Other Sources | D21: ='State Bud Amnd(12)-13613'!G30 -> 0 | E21: 0 | F21: =E21+'(Aug) State Fin-13650'!F21 -> 0 | G21: =D21-F21 -> 0
A22: 389 | B22: Loans | D22: ='State Bud Amnd(12)-13613'!G31 -> 0 | E22: 0 | F22: =E22+'(Aug) State Fin-13650'!F22 -> 0 | G22: =D22-F22 -> 0
A23: TOTAL RECEIPTS | D23: =SUM(D14:D22) -> 0 | E23: =SUM(E14:E22) -> 0 | F23: =SUM(F14:F22) -> 0 | G23: =SUM(G14:G22) -> 0
A24: BEGINNING FUND BALANCE | D24: ='State Bud Amnd(12)-13613'!G33 -> 0 | E24: 0 | F24: =E24+'(Aug) State Fin-13650'!F24 -> 0 | G24: =D24-F24 -> 0
A25: Total Receipts & Balance | D25: =SUM(D23:D24) -> 0 | E25: =SUM(E23:E24) -> 0 | F25: =SUM(F23:F24) -> 0 | G25: =SUM(G23:G24) -> 0
A27: STATE FUNDS EXPENDITURES AND BALANCES
A28: ACCT NO | B28: Uniform Accounting System Transaction Code | D28: Budgeted | E28: Monthly | F28: Expenditures Year | G28: Balance to Be
D29: Expenditures | E29: Expenditures | F29: to Date | G29: Expended
A30: 10 | B30: Personal Services | D30: ='State Bud Amnd(12)-13613'!G38 -> 0 | E30: 0 | F30: =E30+'(Aug) State Fin-13650'!F30 -> 0 | G30: =D30-F30 -> 0
A31: 20 | B31: Personal Services Benefits | D31: ='State Bud Amnd(12)-13613'!G39 -> 0 | E31: 0 | F31: =E31+'(Aug) State Fin-13650'!F31 -> 0 | G31: =D31-F31 -> 0
A32: 30 | B32: Operating Expense | D32: ='State Bud Amnd(12)-13613'!G40 -> 0 | E32: 0 | F32: =E32+'(Aug) State Fin-13650'!F32 -> 0 | G32: =D32-F32 -> 0
A33: 40 | B33: Travel & Per Diem | D33: ='State Bud Amnd(12)-13613'!G41 -> 0 | E33: 0 | F33: =E33+'(Aug) State Fin-13650'!F33 -> 0 | G33: =D33-F33 -> 0
A34: 41 | B34: Communication Services | D34: ='State Bud Amnd(12)-13613'!G42 -> 0 | E34: 0 | F34: =E34+'(Aug) State Fin-13650'!F34 -> 0 | G34: =D34-F34 -> 0
A35: 42 | B35: Freight Services | D35: ='State Bud Amnd(12)-13613'!G43 -> 0 | E35: 0 | F35: =E35+'(Aug) State Fin-13650'!F35 -> 0 | G35: =D35-F35 -> 0
A36: 43 | B36: Utility Service | D36: ='State Bud Amnd(12)-13613'!G44 -> 0 | E36: 0 | F36: =E36+'(Aug) State Fin-13650'!F36 -> 0 | G36: =D36-F36 -> 0
A37: 44 | B37: Rentals & Leases | D37: ='State Bud Amnd(12)-13613'!G45 -> 0 | E37: 0 | F37: =E37+'(Aug) State Fin-13650'!F37 -> 0 | G37: =D37-F37 -> 0
A38: 45 | B38: Insurance | D38: ='State Bud Amnd(12)-13613'!G46 -> 0 | E38: 0 | F38: =E38+'(Aug) State Fin-13650'!F38 -> 0 | G38: =D38-F38 -> 0
A39: 46 | B39: Repairs & Maintenance | D39: ='State Bud Amnd(12)-13613'!G47 -> 0 | E39: 0 | F39: =E39+'(Aug) State Fin-13650'!F39 -> 0 | G39: =D39-F39 -> 0
A40: 47 | B40: Printing and Binding | D40: ='State Bud Amnd(12)-13613'!G48 -> 0 | E40: 0 | F40: =E40+'(Aug) State Fin-13650'!F40 -> 0 | G40: =D40-F40 -> 0
A41: 48 | B41: Promotional Activities | D41: ='State Bud Amnd(12)-13613'!G49 -> 0 | E41: 0 | F41: =E41+'(Aug) State Fin-13650'!F41 -> 0 | G41: =D41-F41 -> 0
... A57: 99 | B57: Payment of Prior Year Accounts | D57: ='State Bud Amnd(12)-13613'!G65 -> 0 | E57: 0 | F57: =E57+'(Aug) State Fin-13650'!F57 -> 0 | G57: =D57-F57 -> 0
A58: TOTAL BUDGET AND CHARGES | D58: =SUM(D30:D57) -> 0 | E58: =SUM(E30:E57) -> 0 | F58: =SUM(F30:F57) -> 0 | G58: =SUM(G30:G57) -> 0
A59: 0.001 | B59: Reserves - Future Capital Outlay | D59: ='State Bud Amnd(12)-13613'!G67 -> 0 | E59: 0 | F59: =E59+'(Aug) State Fin-13650'!F59 -> 0 | G59: =D59-F59 -> 0
A60: 0.002 | B60: Reserves - Self-Insurance | D60: ='State Bud Amnd(12)-13613'!G68 -> 0 | E60: 0 | F60: =E60+'(Aug) State Fin-13650'!F60 -> 0 | G60: =D60-F60 -> 0
A61: 0.003 | B61: Reserves - Cash Balance to be Carried Forward | D61: ='State Bud Amnd(12)-13613'!G69 -> 0 | E61: 0 | F61: =E61+'(Aug) State Fin-13650'!F61 -> 0 | G61: =D61-F61 -> 0
A62: 0.004 | B62: Reserves - Sick and Annual Leave | D62: ='State Bud Amnd(12)-13613'!G70 -> 0 | E62: 0 | F62: =E62+'(Aug) State Fin-13650'!F62 -> 0 | G62: =D62-F62 -> 0
A63: TOTAL RESERVES | D63: =SUM(D59:D62) -> 0 | E63: =SUM(E59:E62) -> 0 | F63: =SUM(F59:F62) -> 0 | G63: =SUM(G59:G62) -> 0
A64: TOTAL BUDGETARY EXPENDITURES and BALANCES | D64: =SUM(D63,D58) -> 0 | E64: =SUM(E63,E58) -> 0 | F64: =SUM(F58,F63) -> 0 | G64: =SUM(G58,G63) -> 0
A65: ENDING FUND BALANCE | D65: =D25-D64 -> 0 | E65: =E25-E64 -> 0 | F65: =F25-F64 -> 0 | G65: =G25-G64 -> 0
A66: By submission of this monthly report of receipts, expenditures, and balances, I attest it is true and correct.
A69: FDACS-13650 Rev. 07/13 | E69: Director Signature | G69: Date
